Workbook
Name Базовый: БЛОК2!#REF!
Name Базовый: БЛОК3!#REF!
Name Базовый: БЛОК4!#REF!
Name Базовый: БЛОК5!#REF!
Name Базовый: БЛОК1!$E$66:$E$70
Name Бизнес: БЛОК2!#REF!
Name Бизнес: БЛОК3!#REF!
Name Бизнес: БЛОК4!#REF!
Name Бизнес: БЛОК5!#REF!
Name Бизнес: БЛОК1!$I$66
Name Комфорт: БЛОК2!#REF!
Name Комфорт: БЛОК3!#REF!
Name Комфорт: БЛОК4!#REF!
Name Комфорт: БЛОК5!#REF!
Name Комфорт: БЛОК1!$G$66:$G$70
Name Премиум: БЛОК2!#REF!
Name Премиум: БЛОК3!#REF!
Name Премиум: БЛОК4!#REF!
Name Премиум: БЛОК5!#REF!
Name Премиум: БЛОК1!$K$66
Name Элит: БЛОК2!#REF!
Name Элит: БЛОК3!#REF!
Name Элит: БЛОК4!#REF!
Name Элит: БЛОК5!#REF!
Name Элит: БЛОК1!$M$66

Sheet СПРАВОЧНИК1
A1: Численнось населения | B1: Время пути | C1: Класс проекта | D1: Мин кол-во видов ОТ | E1: Мин кол-во маршрутов ОТ | F1: Макс интервал ОТ | G1: Тип паркинг | H1: Ответ да / нет
A2: — | B2: — | C2: — | D2: — | E2: — | F2: — | G2: — | H2: —
A3: Города федерального значения и прилегающие агломерации | B3: 5 | C3: Базовый | D3: 1 | E3: 1 | F3: 5 | G3: плоскостная | H3: да
A4: Города - миллионники ( > 1 млн. жителей) | B4: =B3+5 -> 10 | C4: Комфорт | D4: 2 | E4: 2 | F4: =F3+5 -> 10 | G4: многоуровневая | H4: нет
A5: Крупные города (250 тыс. - 1 млн. жителей) | B5: =B4+5 -> 15 | C5: Бизнес | D5: 3 | E5: 3 | F5: =F4+5 -> 15 | G5: подземный
A6: Малые ( < 250 тыс. жителей) | B6: =B5+5 -> 20 | C6: Премиум | D6: 4 | E6: 4 | F6: > 15
B7: =B6+5 -> 25 | C7: Элит | E7: 5
B8: =B7+5 -> 30 | E8: 6
B9: =B8+5 -> 35
B10: =B9+5 -> 40
B11: =B10+5 -> 45
B12: =B11+5 -> 50
B13: =B12+5 -> 55
B14: =B13+5 -> 60
B15: =B14+5 -> 65
B16: 70
A21: Время пути до ключевых точек притяжения города
A22: Ключ | B22: Тип города | C22: Класс | D22: Высокий | F22: Средний
A23: =B23&"|"&C23 -> Города федерального значения и прилегающие агломерации|Базовый | B23: Города федерального значения и прилегающие агломерации | C23: Базовый | D23: 45 | F23: 65
A24: =B24&"|"&C24 -> Города федерального значения и прилегающие агломерации|Комфорт | B24: Города федерального значения и прилегающие агломерации | C24: Комфорт | D24: 45 | F24: 65
A25: =B25&"|"&C25 -> Города федерального значения и прилегающие агломерации|Бизнес | B25: Города федерального значения и прилегающие агломерации | C25: Бизнес | D25: 35 | F25: 55
A26: =B26&"|"&C26 -> Города федерального значения и прилегающие агломерации|Премиум | B26: Города федерального значения и прилегающие агломерации | C26: Премиум | D26: 25 | F26: 45
A27: =B27&"|"&C27 -> Города федерального значения и прилегающие агломерации|Элит | B27: Города федерального значения и прилегающие агломерации | C27: Элит | D27: 15 | F27: 15
A28: =B28&"|"&C28 -> Города - миллионники ( > 1 млн. жителей)|Базовый | B28: Города - миллионники ( > 1 млн. жителей) | C28: Базовый | D28: 40 | F28: 60
A29: =B29&"|"&C29 -> Города - миллионники ( > 1 млн. жителей)|Комфорт | B29: Города - миллионники ( > 1 млн. жителей) | C29: Комфорт | D29: 40 | F29: 60
A30: =B30&"|"&C30 -> Города - миллионники ( > 1 млн. жителей)|Бизнес | B30: Города - миллионники ( > 1 млн. жителей) | C30: Бизнес | D30: 30 | F30: 50
A31: =B31&"|"&C31 -> Города - миллионники ( > 1 млн. жителей)|Премиум | B31: Города - миллионники ( > 1 млн. жителей) | C31: Премиум | D31: 20 | F31: 40
A32: =B32&"|"&C32 -> Города - миллионники ( > 1 млн. жителей)|Элит | B32: Города - миллионники ( > 1 млн. жителей) | C32: Элит | D32: 10 | F32: 10
A33: =B33&"|"&C33 -> Крупные города (250 тыс. - 1 млн. жителей)|Базовый | B33: Крупные города (250 тыс. - 1 млн. жителей) | C33: Базовый | D33: 30 | F33: 50
A34: =B34&"|"&C34 -> Крупные города (250 тыс. - 1 млн. жителей)|Комфорт | B34: Крупные города (250 тыс. - 1 млн. жителей) | C34: Комфорт | D34: 30 | F34: 50
... A42: =B42&"|"&C42 -> Малые ( < 250 тыс. жителей)|Элит | B42: Малые ( < 250 тыс. жителей) | C42: Элит | D42: 5 | F42: 5
A45: Обеспеченность общественным транспортом в час - пик | G45: Балл
A46: Ключ | B46: Тип города | C46: Класс | D46: Мин. виды | E46: Мин. маршруты | F46: Макс. интервал | G46: Балл
A47: =B47&"|"&C47 -> Города федерального значения и прилегающие агломерации|Базовый | B47: Города федерального значения и прилегающие агломерации | C47: Базовый | D47: 2 | E47: 3 | F47: 15 | G47: 0.1
A48: =B48&"|"&C48 -> Города федерального значения и прилегающие агломерации|Базовый | B48: Города федерального значения и прилегающие агломерации | C48: Базовый | D48: 2 | E48: 2 | F48: 20 | G48: 0.05
A49: =B49&"|"&C49 -> Города федерального значения и прилегающие агломерации|Базовый | B49: Города федерального значения и прилегающие агломерации | C49: Базовый | D49: 2 | F49: 20 | G49: 0
A50: =B50&"|"&C50 -> Города федерального значения и прилегающие агломерации|Комфорт | B50: Города федерального значения и прилегающие агломерации | C50: Комфорт | D50: 2 | E50: 3 | F50: 15 | G50: 0.1
A51: =B51&"|"&C51 -> Города федерального значения и прилегающие агломерации|Комфорт | B51: Города федерального значения и прилегающие агломерации | C51: Комфорт | D51: 2 | E51: 2 | F51: 20 | G51: 0.05
A52: =B52&"|"&C52 -> Города федерального значения и прилегающие агломерации|Комфорт | B52: Города федерального значения и прилегающие агломерации | C52: Комфорт | D52: 2 | F52: 2 | G52: 0
A53: =B53&"|"&C53 -> Города федерального значения и прилегающие агломерации|Бизнес | B53: Города федерального значения и прилегающие агломерации | C53: Бизнес | D53: 3 | E53: 4 | F53: 10 | G53: 0.1
A54: =B54&"|"&C54 -> Города федерального значения и прилегающие агломерации|Бизнес | B54: Города федерального значения и прилегающие агломерации | C54: Бизнес | D54: 3 | E54: 3 | F54: 12 | G54: 0.05
A55: =B55&"|"&C55 -> Города федерального значения и прилегающие агломерации|Бизнес | B55: Города федерального значения и прилегающие агломерации | C55: Бизнес | D55: 3 | F55: 12 | G55: 0
A56: =B56&"|"&C56 -> Города федерального значения и прилегающие агломерации|Премиум | B56: Города федерального значения и прилегающие агломерации | C56: Премиум | D56: 4 | E56: 5 | F56: 7 | G56: 0.1
A57: =B57&"|"&C57 -> Города федерального значения и прилегающие агломерации|Премиум | B57: Города федерального значения и прилегающие агломерации | C57: Премиум | D57: 4 | E57: 4 | F57: 8 | G57: 0.05
A58: =B58&"|"&C58 -> Города федерального значения и прилегающие агломерации|Премиум | B58: Города федерального значения и прилегающие агломерации | C58: Премиум | D58: 4 | F58: 8 | G58: 0
A59: =B59&"|"&C59 -> Города федерального значения и прилегающие агломерации|Элит | B59: Города федерального значения и прилегающие агломерации | C59: Элит | D59: 4 | E59: 5 | F59: 6
A60: =B60&"|"&C60 -> Города федерального значения и прилегающие агломерации|Элит | B60: Города федерального значения и прилегающие агломерации | C60: Элит
A61: =B61&"|"&C61 -> Города федерального значения и прилегающие агломерации|Элит | B61: Города федерального значения и прилегающие агломерации | C61: Элит | D61: 4 | E61: 5 | F61: 6 | G61: 6
A62: =B62&"|"&C62 -> Города - миллионники ( > 1 млн. жителей)|Комфорт | B62: Города - миллионники ( > 1 млн. жителей) | C62: Комфорт | D62: 2 | E62: 3 | F62: 15 | G62: 15
A65: =B65&"|"&C65 -> Города - миллионники ( > 1 млн. жителей)|Базовый | B65: Города - миллионники ( > 1 млн. жителей) | C65: Базовый | D65: 2 | E65: 3 | F65: 15 | G65: 15
A68: =B68&"|"&C68 -> Города - миллионники ( > 1 млн. жителей)|Комфорт | B68: Города - миллионники ( > 1 млн. жителей) | C68: Комфорт | D68: 3 | E68: 4 | F68: 10 | G68: 10
A71: =B71&"|"&C71 -> Города - миллионники ( > 1 млн. жителей)|Премиум | B71: Города - миллионники ( > 1 млн. жителей) | C71: Премиум | D71: 4 | E71: 5 | F71: 7 | G71: 7
A76: =B76&"|"&C76 -> Города - миллионники ( > 1 млн. жителей)|Элит | B76: Города - миллионники ( > 1 млн. жителей) | C76: Элит | D76: 4 | E76: 5 | F76: 6 | G76: 6
A77: =B77&"|"&C77 -> Крупные города (250 тыс. - 1 млн. жителей)|Базовый | B77: Крупные города (250 тыс. - 1 млн. жителей) | C77: Базовый | D77: 2 | E77: 2 | F77: 15 | G77: 15
A80: =B80&"|"&C80 -> Крупные города (250 тыс. - 1 млн. жителей)|Комфорт | B80: Крупные города (250 тыс. - 1 млн. жителей) | C80: Комфорт | D80: 2 | E80: 2 | F80: 15 | G80: 15
A83: =B83&"|"&C83 -> Крупные города (250 тыс. - 1 млн. жителей)|Бизнес | B83: Крупные города (250 тыс. - 1 млн. жителей) | C83: Бизнес | D83: 3 | E83: 3 | F83: 10 | G83: 10
A86: =B86&"|"&C86 -> Крупные города (250 тыс. - 1 млн. жителей)|Премиум | B86: Крупные города (250 тыс. - 1 млн. жителей) | C86: Премиум | D86: 3 | E86: 4 | F86: 7 | G86: 7
A91: =B91&"|"&C91 -> Крупные города (250 тыс. - 1 млн. жителей)|Элит | B91: Крупные города (250 тыс. - 1 млн. жителей) | C91: Элит | D91: 3 | E91: 5 | F91: 5 | G91: 5
A92: =B92&"|"&C92 -> Малые ( < 250 тыс. жителей)|Базовый | B92: Малые ( < 250 тыс. жителей) | C92: Базовый | D92: 2 | E92: 2 | F92: 15 | G92: 15
... A106: =B106&"|"&C106 -> Малые ( < 250 тыс. жителей)|Элит | B106: Малые ( < 250 тыс. жителей) | C106: Элит | D106: 3 | E106: 4 | F106: 5 | G106: 5

Sheet ФОРМА
A1: Застройщик | E1: =IFERROR(IF(AND($C$3="Комфорт",COUNTIF(H:H,"Не соответствует классу")),"Базовый",IF(AND($C$3="Бизнес",COUNTIF(H:H,"Не соответствует классу")),"Комфорт",IF(AND($C$3="Премиум",COUNTIF(H:H,"Не соответствует классу")),"Бизнес",IF(AND($C$3="Элит",COUNTIF(H:H,"Не соответствует классу")),"Премиум",C3)))),"—") -> —
A2: Наименование жилого комплекса
A3: Класс | C3: — | E3: =IFERROR(SUM(G8,G19,G39,G45,G60,G70,G86,G90,G95,G120,G130,G136,G143,G153,G171,G180),"—") -> 0
A4: Тип города
A6: № | B6: ПАРАМЕТР | D6: ТИП | E6: ЗНАЧЕНИЕ | F6: СВОЙ ВАРИАНТ | G6: БАЛЛ | H6: СООБЩЕНИЕ
A7: Блок I. Территория и окружение
A8: Раздел 1. Транспортная доступность | G8: =SUM(G10:G13,G15:G18) -> 0
A9: 1.1 | B9: Время пути до ключевых точек притяжения города (деловой центр, образовательные кластеры) в час-пик, мин
A10: 1.1.1 | C10: Города федерального значения и прилегающие агломерации | D10: =IF(OR($C$3="Базовый",$C$3="Комфорт",$C$3="Бизнес"),3,IF(AND($C$3="Премиум"),2,IF(OR($C$3="",$C$3="—"),"—",1))) -> — | G10: =IFERROR(IF($C$3="Базовый",INDEX(БЛОК1!D6:E9,MATCH(ФОРМА!E10,БЛОК1!E6:E9,0),1),IF(ФОРМА!$C$3="Комфорт",INDEX(БЛОК1!F6:G9,MATCH(ФОРМА!E10,БЛОК1!G6:G9,0),1),IF(ФОРМА!$C$3="Бизнес",INDEX(БЛОК1!H6:I9,MATCH(ФОРМА!E10,БЛОК1!I6:I9,0),1),IF(ФОРМА!$C$3="Премиум",INDEX(БЛОК1!J6:K9,MATCH(ФОРМА!E10,БЛОК1!K6:K9,0),1),IF(ФОРМА!$C$3="Элит",INDEX(БЛОК1!L6:M9,MATCH(ФОРМА!E10,БЛОК1!M6:M9,0),1),"—"))))),0) -> — | H10: =IF(AND(D10=2,(OR(AND($C$3="Премиум",E10="> 45 мин "),AND(E10="—")))),"Требуется компенсация",IF(AND(D10=1,E10="—"),"Не соответствует классу",IF(E10="","Не заполнено поле",""))) -> Не заполнено поле
A11: 1.1.2 | C11: Города - миллионники ( > 1 млн. жителей) | D11: =IF(OR($C$3="Базовый",$C$3="Комфорт",$C$3="Бизнес"),3,IF(AND($C$3="Премиум"),2,IF(OR($C$3="",$C$3="—"),"—",1))) -> — | G11: =IFERROR(IF($C$3="Базовый",INDEX(БЛОК1!D12:E15,MATCH(ФОРМА!E11,БЛОК1!E12:E15,0),1),IF(ФОРМА!$C$3="Комфорт",INDEX(БЛОК1!F12:G15,MATCH(ФОРМА!E11,БЛОК1!G12:G15,0),1),IF(ФОРМА!$C$3="Бизнес",INDEX(БЛОК1!H12:I15,MATCH(ФОРМА!E11,БЛОК1!I12:I15,0),1),IF(ФОРМА!$C$3="Премиум",INDEX(БЛОК1!J12:K15,MATCH(ФОРМА!E11,БЛОК1!K12:K15,0),1),IF(ФОРМА!$C$3="Элит",INDEX(БЛОК1!L12:M15,MATCH(ФОРМА!E11,БЛОК1!M12:M15,0),1),"—"))))),0) -> — | H11: =IF(AND(D11=2,(OR(AND($C$3="Премиум",E11="> 40 мин "),AND(E11="—")))),"Требуется компенсация",IF(AND(D11=1,E11="—"),"Не соответствует классу",IF(E11="","Не заполнено поле",""))) -> Не заполнено поле
A12: 1.1.3 | C12: Крупные города (250 тыс. - 1 млн. жителей) | D12: =IF(OR($C$3="Базовый",$C$3="Комфорт",$C$3="Бизнес"),3,IF(AND($C$3="Премиум"),2,IF(OR($C$3="",$C$3="—"),"—",1))) -> — | G12: =IFERROR(IF($C$3="Базовый",INDEX(БЛОК1!D18:E21,MATCH(ФОРМА!E12,БЛОК1!E18:E21,0),1),IF(ФОРМА!$C$3="Комфорт",INDEX(БЛОК1!F18:G21,MATCH(ФОРМА!E12,БЛОК1!G18:G21,0),1),IF(ФОРМА!$C$3="Бизнес",INDEX(БЛОК1!H18:I21,MATCH(ФОРМА!E12,БЛОК1!I18:I21,0),1),IF(ФОРМА!$C$3="Премиум",INDEX(БЛОК1!J18:K21,MATCH(ФОРМА!E12,БЛОК1!K18:K21,0),1),IF(ФОРМА!$C$3="Элит",INDEX(БЛОК1!L18:M21,MATCH(ФОРМА!E12,БЛОК1!M18:M21,0),1),"—"))))),0) -> — | H12: =IF(AND(D12=2,(OR(AND($C$3="Премиум",E12="> 35 мин "),AND(E12="—")))),"Требуется компенсация",IF(AND(D12=1,E12="—"),"Не соответствует классу",IF(E12="","Не заполнено поле",""))) -> Не заполнено поле
A13: 1.1.4 | C13: Малые ( < 250 тыс. жителей) | D13: =IF(OR($C$3="Базовый",$C$3="Комфорт",$C$3="Бизнес"),3,IF(AND($C$3="Премиум"),2,IF(OR($C$3="",$C$3="—"),"—",1))) -> — | G13: =IFERROR(IF($C$3="Базовый",INDEX(БЛОК1!D24:E27,MATCH(ФОРМА!E13,БЛОК1!E24:E27,0),1),IF(ФОРМА!$C$3="Комфорт",INDEX(БЛОК1!F24:G27,MATCH(ФОРМА!E13,БЛОК1!G24:G27,0),1),IF(ФОРМА!$C$3="Бизнес",INDEX(БЛОК1!H24:I27,MATCH(ФОРМА!E13,БЛОК1!I24:I27,0),1),IF(ФОРМА!$C$3="Премиум",INDEX(БЛОК1!J24:K27,MATCH(ФОРМА!E13,БЛОК1!K24:K27,0),1),IF(ФОРМА!$C$3="Элит",INDEX(БЛОК1!L24:M27,MATCH(ФОРМА!E13,БЛОК1!M24:M27,0),1),"—"))))),0) -> — | H13: =IF(AND(D13=2,(OR(AND($C$3="Премиум",E13="> 30 мин "),AND(E13="—")))),"Требуется компенсация",IF(AND(D13=1,E13="—"),"Не соответствует классу",IF(E13="","Не заполнено поле",""))) -> Не заполнено поле
A14: 1.2 | B14: Обеспеченность общественным транспортом в час - пик
A15: 1.2.1 | C15: Города федерального значения и прилегающие агломерации | D15: =IF(OR($C$3="Базовый",$C$3="Комфорт",$C$3="Бизнес"),3,IF(AND($C$3="Премиум"),2,IF(OR($C$3="",$C$3="—"),"—",1))) -> — | G15: =IFERROR(IF($C$3="Базовый",INDEX(БЛОК1!D33:E36,MATCH(ФОРМА!E15,БЛОК1!E33:E36,0),1),IF(ФОРМА!$C$3="Комфорт",INDEX(БЛОК1!F33:G36,MATCH(ФОРМА!E15,БЛОК1!G33:G36,0),1),IF(ФОРМА!$C$3="Бизнес",INDEX(БЛОК1!H33:I36,MATCH(ФОРМА!E15,БЛОК1!I33:I36,0),1),IF(ФОРМА!$C$3="Премиум",INDEX(БЛОК1!J33:K36,MATCH(ФОРМА!E15,БЛОК1!K33:K36,0),1),IF(ФОРМА!$C$3="Элит",INDEX(БЛОК1!L33:M36,MATCH(ФОРМА!E15,БЛОК1!M33:M36,0),1),"—"))))),0) -> — | H15: =IF(AND(D15=2,(OR(AND($C$3="Премиум",E15="< 4 вида или инт. > 8 мин"),AND(E15="—")))),"Требуется компенсация",IF(AND(D15=1,E15="—"),"Не соответствует классу",IF(E15="","Не заполнено поле",""))) -> Не заполнено поле
A16: 1.2.2 | C16: Города - миллионники ( > 1 млн. жителей) | D16: =IF(OR($C$3="Базовый",$C$3="Комфорт",$C$3="Бизнес"),3,IF(AND($C$3="Премиум"),2,IF(OR($C$3="",$C$3="—"),"—",1))) -> — | G16: =IFERROR(IF($C$3="Базовый",INDEX(БЛОК1!D39:E42,MATCH(ФОРМА!E16,БЛОК1!E39:E42,0),1),IF(ФОРМА!$C$3="Комфорт",INDEX(БЛОК1!F39:G42,MATCH(ФОРМА!E16,БЛОК1!G39:G42,0),1),IF(ФОРМА!$C$3="Бизнес",INDEX(БЛОК1!H39:I42,MATCH(ФОРМА!E16,БЛОК1!I39:I42,0),1),IF(ФОРМА!$C$3="Премиум",INDEX(БЛОК1!J39:K42,MATCH(ФОРМА!E16,БЛОК1!K39:K42,0),1),IF(ФОРМА!$C$3="Элит",INDEX(БЛОК1!L39:M42,MATCH(ФОРМА!E16,БЛОК1!M39:M42,0),1),"—"))))),0) -> — | H16: =IF(AND(D16=2,(OR(AND($C$3="Премиум",E16="< 4 вида или инт. > 8 мин"),AND(E16="—")))),"Требуется компенсация",IF(AND(D16=1,E16="—"),"Не соответствует классу",IF(E16="","Не заполнено поле",""))) -> Не заполнено поле
A17: 1.2.3 | C17: Крупные города (250 тыс. - 1 млн. жителей) | D17: =IF(OR($C$3="Базовый",$C$3="Комфорт",$C$3="Бизнес"),3,IF(AND($C$3="Премиум"),2,IF(OR($C$3="",$C$3="—"),"—",1))) -> — | G17: =IFERROR(IF($C$3="Базовый",INDEX(БЛОК1!D45:E48,MATCH(ФОРМА!E17,БЛОК1!E45:E48,0),1),IF(ФОРМА!$C$3="Комфорт",INDEX(БЛОК1!F45:G48,MATCH(ФОРМА!E17,БЛОК1!G45:G48,0),1),IF(ФОРМА!$C$3="Бизнес",INDEX(БЛОК1!H45:I48,MATCH(ФОРМА!E17,БЛОК1!I45:I48,0),1),IF(ФОРМА!$C$3="Премиум",INDEX(БЛОК1!J45:K48,MATCH(ФОРМА!E17,БЛОК1!K45:K48,0),1),IF(ФОРМА!$C$3="Элит",INDEX(БЛОК1!L45:M48,MATCH(ФОРМА!E17,БЛОК1!M45:M48,0),1),"—"))))),0) -> — | H17: =IF(AND(D17=2,(OR(AND($C$3="Премиум",E17="< 3 вида или инт. > 8 мин"),AND(E17="—")))),"Требуется компенсация",IF(AND(D17=1,E17="—"),"Не соответствует классу",IF(E17="","Не заполнено поле",""))) -> Не заполнено поле
A18: 1.2.4 | C18: Малые ( < 250 тыс. жителей) | D18: =IF(OR($C$3="Базовый",$C$3="Комфорт",$C$3="Бизнес"),3,IF(AND($C$3="Премиум"),2,IF(OR($C$3="",$C$3="—"),"—",1))) -> — | G18: =IFERROR(IF($C$3="Базовый",INDEX(БЛОК1!D51:E54,MATCH(ФОРМА!E18,БЛОК1!E51:E54,0),1),IF(ФОРМА!$C$3="Комфорт",INDEX(БЛОК1!F51:G54,MATCH(ФОРМА!E18,БЛОК1!G51:G54,0),1),IF(ФОРМА!$C$3="Бизнес",INDEX(БЛОК1!H51:I54,MATCH(ФОРМА!E18,БЛОК1!I51:I54,0),1),IF(ФОРМА!$C$3="Премиум",INDEX(БЛОК1!J51:K54,MATCH(ФОРМА!E18,БЛОК1!K51:K54,0),1),IF(ФОРМА!$C$3="Элит",INDEX(БЛОК1!L51:M54,MATCH(ФОРМА!E18,БЛОК1!M51:M54,0),1),"—"))))),0) -> — | H18: =IF(AND(D18=2,(OR(AND($C$3="Премиум",E18="< 3 вида или инт. > 8 мин"),AND(E18="—")))),"Требуется компенсация",IF(AND(D18=1,E18="—"),"Не соответствует классу",IF(E18="","Не заполнено поле",""))) -> Не заполнено поле
A19: Раздел 2. Инфраструктура для автомобилистов | G19: =SUM(G20:G38) -> 0
A20: 2.1 | B20: Наличие паркинга | D20: =IF(OR($C$3="Базовый",$C$3="Комфорт"),3,IF(OR($C$3="Премиум",$C$3="Бизнес",$C$3="Элит"),1,IF(OR($C$3="",$C$3="—"),"—",1))) -> — | G20: =IFERROR(IF($C$3="Базовый",INDEX(БЛОК1!D59:E62,MATCH(ФОРМА!E20,БЛОК1!E59:E62,0),1),IF(ФОРМА!$C$3="Комфорт",INDEX(БЛОК1!F59:G62,MATCH(ФОРМА!E20,БЛОК1!G59:G62,0),1),IF(ФОРМА!$C$3="Бизнес",INDEX(БЛОК1!H59:I62,MATCH(ФОРМА!E20,БЛОК1!I59:I62,0),1),IF(ФОРМА!$C$3="Премиум",INDEX(БЛОК1!J59:K62,MATCH(ФОРМА!E20,БЛОК1!K59:K62,0),1),IF(ФОРМА!$C$3="Элит",INDEX(БЛОК1!L59:M62,MATCH(ФОРМА!E20,БЛОК1!M59:M62,0),1),"—"))))),0) -> — | H20: =IF(AND(D20=1,OR(E20="нет",E20="—")),"Не соответствует классу",IF(E20="","Не заполнено поле","")) -> Не заполнено поле
A21: 2.2 | B21: Тип паркинга | D21: =IF(OR($C$3="Базовый",$C$3="Комфорт"),3,IF(OR($C$3="Премиум",$C$3="Бизнес",$C$3="Элит"),1,IF(OR($C$3="",$C$3="—"),"—",1))) -> — | G21: =IFERROR(IF($C$3="Базовый",INDEX(БЛОК1!D65:E69,MATCH(ФОРМА!E21,БЛОК1!E65:E69,0),1),IF(ФОРМА!$C$3="Комфорт",INDEX(БЛОК1!F65:G69,MATCH(ФОРМА!E21,БЛОК1!G65:G69,0),1),IF(ФОРМА!$C$3="Бизнес",INDEX(БЛОК1!H65:I69,MATCH(ФОРМА!E21,БЛОК1!I65:I69,0),1),IF(ФОРМА!$C$3="Премиум",INDEX(БЛОК1!J65:K69,MATCH(ФОРМА!E21,БЛОК1!K65:K69,0),1),IF(ФОРМА!$C$3="Элит",INDEX(БЛОК1!L65:M69,MATCH(ФОРМА!E21,БЛОК1!M65:M69,0),1),"—"))))),0) -> — | H21: =IF(AND(D21=1,E21="—"),"Не соответствует классу",IF(OR(AND(D21=1,E21=""),E21=""),"Не заполнено поле","")) -> Не заполнено поле
A22: 2.3 | B22: Коэффициент обеспеченности парковочными местами на квартиру (учитываются только реализуемые машиноместа всех типов паркинга в пределах рассматриваемого объекта / этапа / очереди) | D22: =IF(OR($C$3="Базовый",$C$3="Комфорт"),3,IF(OR($C$3="Премиум",$C$3="Бизнес",$C$3="Элит"),2,IF(OR($C$3="",$C$3="—"),"—",1))) -> — | G22: =IFERROR(IF($C$3="Базовый",INDEX(БЛОК1!D73:E76,MATCH(ФОРМА!E22,БЛОК1!E73:E76,0),1),IF(ФОРМА!$C$3="Комфорт",INDEX(БЛОК1!F73:G76,MATCH(ФОРМА!E22,БЛОК1!G73:G76,0),1),IF(ФОРМА!$C$3="Бизнес",INDEX(БЛОК1!H73:I76,MATCH(ФОРМА!E22,БЛОК1!I73:I76,0),1),IF(ФОРМА!$C$3="Премиум",INDEX(БЛОК1!J73:K76,MATCH(ФОРМА!E22,БЛОК1!K73:K76,0),1),IF(ФОРМА!$C$3="Элит",INDEX(БЛОК1!L73:M76,MATCH(ФОРМА!E22,БЛОК1!M73:M76,0),1),"—"))))),0) -> — | H22: =IF(AND(D22=2,$C$3="Бизнес",OR(E22="0,2 - 0,5",E22="—")),"Требуется компенсация",IF(AND(D22=2,$C$3="Премиум",OR(E22="0,5 - 0,8",E22="—")),"Требуется компенсация",IF(AND(D22=2,$C$3="Элит",OR(E22="0,8 - 1,0",E22="—")),"Требуется компенсация",IF(E22="","Не заполнено поле","")))) -> Не заполнено поле
A23: 2.4 | B23: Доля зависимых машиномест | D23: =IF($C$3<>"—",3,"—") -> — | G23: =IFERROR(IF($C$3="Базовый",INDEX(БЛОК1!D80:E83,MATCH(ФОРМА!E23,БЛОК1!E80:E83,0),1),IF(ФОРМА!$C$3="Комфорт",INDEX(БЛОК1!F80:G83,MATCH(ФОРМА!E23,БЛОК1!G80:G83,0),1),IF(ФОРМА!$C$3="Бизнес",INDEX(БЛОК1!H80:I83,MATCH(ФОРМА!E23,БЛОК1!I80:I83,0),1),IF(ФОРМА!$C$3="Премиум",INDEX(БЛОК1!J80:K83,MATCH(ФОРМА!E23,БЛОК1!K80:K83,0),1),IF(ФОРМА!$C$3="Элит",INDEX(БЛОК1!L80:M83,MATCH(ФОРМА!E23,БЛОК1!M80:M83,0),1),"—"))))),0) -> — | H23: =IF(AND(D23=2,$C$3="Премиум",OR(E23="> 10%",E23="—")),"Требуется компенсация",IF(AND(D23=1,$C$3="Элит",E23="—"),"Не соответствует классу",IF(E23="","Не заполнено поле",""))) -> Не заполнено поле
A24: 2.5 | B24: Коэффициент обеспеченности машиноместами с электрозарядкой (выделенная зона согласно требованиям МЧС; в расчет включаются только продаваемые машиноместа) | D24: =IF($C$3<>"—",3,"—") -> — | G24: =IFERROR(IF($C$3="Базовый",INDEX(БЛОК1!D87:E92,MATCH(ФОРМА!E24,БЛОК1!E87:E92,0),1),IF(ФОРМА!$C$3="Комфорт",INDEX(БЛОК1!F87:G92,MATCH(ФОРМА!E24,БЛОК1!G87:G92,0),1),IF(ФОРМА!$C$3="Бизнес",INDEX(БЛОК1!H87:I92,MATCH(ФОРМА!E24,БЛОК1!I87:I92,0),1),IF(ФОРМА!$C$3="Премиум",INDEX(БЛОК1!J87:K92,MATCH(ФОРМА!E24,БЛОК1!K87:K92,0),1),IF(ФОРМА!$C$3="Элит",INDEX(БЛОК1!L87:M92,MATCH(ФОРМА!E24,БЛОК1!M87:M92,0),1),"—"))))),0) -> — | H24: =IF(E24="","Не заполнено поле","") -> Не заполнено поле
A25: 2.6 | B25: Высота паркинга. Место хранения авто (от уровня чистого пола до низа выступающих коммуникаций) | D25: =IF(OR($C$3="Базовый",$C$3="Комфорт"),3,IF(OR($C$3="Премиум",$C$3="Бизнес",$C$3="Элит"),2,IF(OR($C$3="",$C$3="—"),"—",1))) -> — | G25: =IFERROR(IF($C$3="Базовый",INDEX(БЛОК1!D96:E99,MATCH(ФОРМА!E25,БЛОК1!E96:E99,0),1),IF(ФОРМА!$C$3="Комфорт",INDEX(БЛОК1!F96:G99,MATCH(ФОРМА!E25,БЛОК1!G96:G99,0),1),IF(ФОРМА!$C$3="Бизнес",INDEX(БЛОК1!H96:I99,MATCH(ФОРМА!E25,БЛОК1!I96:I99,0),1),IF(ФОРМА!$C$3="Премиум",INDEX(БЛОК1!J96:K99,MATCH(ФОРМА!E25,БЛОК1!K96:K99,0),1),IF(ФОРМА!$C$3="Элит",INDEX(БЛОК1!L96:M99,MATCH(ФОРМА!E25,БЛОК1!M96:M99,0),1),"—"))))),0) -> — | H25: =IF(AND(D25=2,OR($C$3="Бизнес",$C$3="Премиум",$C$3="Элит"),OR(E25="< 2 400",E25="—")),"Требуется компенсация",IF(E25="","Не заполнено поле","")) -> Не заполнено поле
A26: 2.7 | B26: Высота паркинга. Место проезда (от уровня чистого пола до низа выступающих коммуникаций) | D26: =IF(OR($C$3="Базовый",$C$3="Комфорт"),3,IF(OR($C$3="Премиум",$C$3="Бизнес",$C$3="Элит"),2,IF(OR($C$3="",$C$3="—"),"—",1))) -> — | G26: =IFERROR(IF($C$3="Базовый",INDEX(БЛОК1!D103:E106,MATCH(ФОРМА!E26,БЛОК1!E103:E106,0),1),IF(ФОРМА!$C$3="Комфорт",INDEX(БЛОК1!F103:G106,MATCH(ФОРМА!E26,БЛОК1!G103:G106,0),1),IF(ФОРМА!$C$3="Бизнес",INDEX(БЛОК1!H103:I106,MATCH(ФОРМА!E26,БЛОК1!I103:I106,0),1),IF(ФОРМА!$C$3="Премиум",INDEX(БЛОК1!J103:K106,MATCH(ФОРМА!E26,БЛОК1!K103:K106,0),1),IF(ФОРМА!$C$3="Элит",INDEX(БЛОК1!L103:M106,MATCH(ФОРМА!E26,БЛОК1!M103:M106,0),1),"—"))))),0) -> — | H26: =IF(AND(D26=2,OR($C$3="Бизнес",$C$3="Премиум",$C$3="Элит"),OR(E26="< 2 800",E26="—")),"Требуется компенсация",IF(E26="","Не заполнено поле","")) -> Не заполнено поле
A27: 2.8 | B27: Высота паркинга. Рампа (от уровня чистого пола до низа перекрытия) | D27: =IF(OR($C$3="Базовый",$C$3="Комфорт"),3,IF(OR($C$3="Премиум",$C$3="Бизнес",$C$3="Элит"),2,IF(OR($C$3="",$C$3="—"),"—",1))) -> — | G27: =IFERROR(IF($C$3="Базовый",INDEX(БЛОК1!D110:E113,MATCH(ФОРМА!E27,БЛОК1!E110:E113,0),1),IF(ФОРМА!$C$3="Комфорт",INDEX(БЛОК1!F110:G113,MATCH(ФОРМА!E27,БЛОК1!G110:G113,0),1),IF(ФОРМА!$C$3="Бизнес",INDEX(БЛОК1!H110:I113,MATCH(ФОРМА!E27,БЛОК1!I110:I113,0),1),IF(ФОРМА!$C$3="Премиум",INDEX(БЛОК1!J110:K113,MATCH(ФОРМА!E27,БЛОК1!K110:K113,0),1),IF(ФОРМА!$C$3="Элит",INDEX(БЛОК1!L110:M113,MATCH(ФОРМА!E27,БЛОК1!M110:M113,0),1),"—"))))),0) -> — | H27: =IF(AND(D27=2,OR($C$3="Премиум",$C$3="Элит"),OR(E27="< 3 500",E27="—")),"Требуется компенсация",IF(AND($C$3="Бизнес",OR(E27="< 3 200",E27="—")),"Требуется компенсация",IF(E27="","Не заполнено поле",""))) -> Не заполнено поле
A28: 2.9 | B28: Вертикальная связь подземной части с жилыми этажами | D28: =IF(OR($C$3="Базовый",$C$3="Комфорт"),3,IF(OR($C$3="Премиум",$C$3="Бизнес",$C$3="Элит"),1,IF(OR($C$3="",$C$3="—"),"—",1))) -> — | G28: =IFERROR(IF($C$3="Базовый",INDEX(БЛОК1!D117:E120,MATCH(ФОРМА!E28,БЛОК1!E117:E120,0),1),IF(ФОРМА!$C$3="Комфорт",INDEX(БЛОК1!F117:G120,MATCH(ФОРМА!E28,БЛОК1!G117:G120,0),1),IF(ФОРМА!$C$3="Бизнес",INDEX(БЛОК1!H117:I120,MATCH(ФОРМА!E28,БЛОК1!I117:I120,0),1),IF(ФОРМА!$C$3="Премиум",INDEX(БЛОК1!J117:K120,MATCH(ФОРМА!E28,БЛОК1!K117:K120,0),1),IF(ФОРМА!$C$3="Элит",INDEX(БЛОК1!L117:M120,MATCH(ФОРМА!E28,БЛОК1!M117:M120,0),1),"—"))))),0) -> — | H28: =IF(AND(D28=1,OR(E28="нет",E28="—")),"Не соответствует классу",IF(E28="","Не заполнено поле","")) -> Не заполнено поле
A29: 2.10 | B29: Ширина въезда в паркинг (ворота) | D29: =IF($C$3<>"—",3,"—") -> — | G29: =IFERROR(IF($C$3="Базовый",INDEX(БЛОК1!D124:E127,MATCH(ФОРМА!E29,БЛОК1!E124:E127,0),1),IF(ФОРМА!$C$3="Комфорт",INDEX(БЛОК1!F124:G127,MATCH(ФОРМА!E29,БЛОК1!G124:G127,0),1),IF(ФОРМА!$C$3="Бизнес",INDEX(БЛОК1!H124:I127,MATCH(ФОРМА!E29,БЛОК1!I124:I127,0),1),IF(ФОРМА!$C$3="Премиум",INDEX(БЛОК1!J124:K127,MATCH(ФОРМА!E29,БЛОК1!K124:K127,0),1),IF(ФОРМА!$C$3="Элит",INDEX(БЛОК1!L124:M127,MATCH(ФОРМА!E29,БЛОК1!M124:M127,0),1),"—"))))),0) -> — | H29: =IF(E29="","Не заполнено поле","") -> Не заполнено поле
A30: 2.11 | B30: Доля м/м для автомобилей большого / представительского класса | D30: =IF(OR($C$3="Базовый",$C$3="Комфорт",$C$3="Бизнес"),3,IF($C$3="Премиум",2,IF($C$3="Элит",1,IF(OR($C$3="",$C$3="—"),"—",1)))) -> — | G30: =IFERROR(IF($C$3="Базовый",INDEX(БЛОК1!D131:E135,MATCH(ФОРМА!E30,БЛОК1!E131:E135,0),1),IF(ФОРМА!$C$3="Комфорт",INDEX(БЛОК1!F131:G135,MATCH(ФОРМА!E30,БЛОК1!G131:G135,0),1),IF(ФОРМА!$C$3="Бизнес",INDEX(БЛОК1!H131:I135,MATCH(ФОРМА!E30,БЛОК1!I131:I135,0),1),IF(ФОРМА!$C$3="Премиум",INDEX(БЛОК1!J131:K135,MATCH(ФОРМА!E30,БЛОК1!K131:K135,0),1),IF(ФОРМА!$C$3="Элит",INDEX(БЛОК1!L131:M135,MATCH(ФОРМА!E30,БЛОК1!M131:M135,0),1),"—"))))),0) -> — | H30: =IF(AND(D30=2,$C$3="Премиум",OR(E30="< 5%",E30="—")),"Требуется компенсация",IF(AND(D30=1,$C$3="Элит",E30="—"),"Не соответствует классу",IF(E30="","Не заполнено поле",""))) -> Не заполнено поле
A31: 2.12 | B31: Обеспечение беспрепятственного проезда автомобилей с низким клиренсом по рампе | D31: =IF($C$3<>"—",3,"—") -> — | G31: =IFERROR(IF($C$3="Базовый",INDEX(БЛОК1!D139:E141,MATCH(ФОРМА!E31,БЛОК1!E139:E141,0),1),IF(ФОРМА!$C$3="Комфорт",INDEX(БЛОК1!F139:G141,MATCH(ФОРМА!E31,БЛОК1!G139:G141,0),1),IF(ФОРМА!$C$3="Бизнес",INDEX(БЛОК1!H139:I141,MATCH(ФОРМА!E31,БЛОК1!I139:I141,0),1),IF(ФОРМА!$C$3="Премиум",INDEX(БЛОК1!J139:K141,MATCH(ФОРМА!E31,БЛОК1!K139:K141,0),1),IF(ФОРМА!$C$3="Элит",INDEX(БЛОК1!L139:M141,MATCH(ФОРМА!E31,БЛОК1!M139:M141,0),1),"—"))))),0) -> — | H31: =IF(E31="","Не заполнено поле","") -> Не заполнено поле
A32: 2.13 | B32: Температурный режим в подземном паркинге (только для I - III климатических поясов ) | D32: =IF(OR($C$3="Базовый",$C$3="Комфорт"),3,IF(OR($C$3="Премиум",$C$3="Бизнес",$C$3="Элит"),2,IF(OR($C$3="",$C$3="—"),"—",1))) -> — | G32: =IFERROR(IF($C$3="Базовый",INDEX(БЛОК1!D144:E147,MATCH(ФОРМА!E32,БЛОК1!E144:E147,0),1),IF(ФОРМА!$C$3="Комфорт",INDEX(БЛОК1!F144:G147,MATCH(ФОРМА!E32,БЛОК1!G144:G147,0),1),IF(ФОРМА!$C$3="Бизнес",INDEX(БЛОК1!H144:I147,MATCH(ФОРМА!E32,БЛОК1!I144:I147,0),1),IF(ФОРМА!$C$3="Премиум",INDEX(БЛОК1!J144:K147,MATCH(ФОРМА!E32,БЛОК1!K144:K147,0),1),IF(ФОРМА!$C$3="Элит",INDEX(БЛОК1!L144:M147,MATCH(ФОРМА!E32,БЛОК1!M144:M147,0),1),"—"))))),0) -> — | H32: =IF(AND(D32=2,OR($C$3="Бизнес",$C$3="Премиум",$C$3="Элит"),OR(E32="не поддерживается",E32="—")),"Требуется компенсация",IF(E32="","Не заполнено поле","")) -> Не заполнено поле
A33: 2.14 | B33: Автомойка в подземном паркинге | D33: =IF($C$3<>"—",3,"—") -> — | G33: =IFERROR(IF($C$3="Базовый",INDEX(БЛОК1!D151:E154,MATCH(ФОРМА!E33,БЛОК1!E151:E154,0),1),IF(ФОРМА!$C$3="Комфорт",INDEX(БЛОК1!F151:G154,MATCH(ФОРМА!E33,БЛОК1!G151:G154,0),1),IF(ФОРМА!$C$3="Бизнес",INDEX(БЛОК1!H151:I154,MATCH(ФОРМА!E33,БЛОК1!I151:I154,0),1),IF(ФОРМА!$C$3="Премиум",INDEX(БЛОК1!J151:K154,MATCH(ФОРМА!E33,БЛОК1!K151:K154,0),1),IF(ФОРМА!$C$3="Элит",INDEX(БЛОК1!L151:M154,MATCH(ФОРМА!E33,БЛОК1!M151:M154,0),1),"—"))))),0) -> — | H33: =IF(E33="","Не заполнено поле","") -> Не заполнено поле
A34: 2.15 | B34: Автосервис в подземном паркинге | D34: =IF($C$3<>"—",3,"—") -> — | G34: =IFERROR(IF($C$3="Базовый",INDEX(БЛОК1!D158:E160,MATCH(ФОРМА!E34,БЛОК1!E158:E160,0),1),IF(ФОРМА!$C$3="Комфорт",INDEX(БЛОК1!F158:G160,MATCH(ФОРМА!E34,БЛОК1!G158:G160,0),1),IF(ФОРМА!$C$3="Бизнес",INDEX(БЛОК1!H158:I160,MATCH(ФОРМА!E34,БЛОК1!I158:I160,0),1),IF(ФОРМА!$C$3="Премиум",INDEX(БЛОК1!J158:K160,MATCH(ФОРМА!E34,БЛОК1!K158:K160,0),1),IF(ФОРМА!$C$3="Элит",INDEX(БЛОК1!L158:M160,MATCH(ФОРМА!E34,БЛОК1!M158:M160,0),1),"—"))))),0) -> — | H34: =IF(E34="","Не заполнено поле","") -> Не заполнено поле
A35: 2.16 | B35: Выделенная зона разгрузки в подземном паркинге (обозначена разметкой и не используется для хранения автомобилей) | D35: =IF(OR($C$3="Базовый",$C$3="Комфорт"),3,IF(OR($C$3="Премиум",$C$3="Бизнес",$C$3="Элит"),1,IF(OR($C$3="",$C$3="—"),"—",1))) -> — | G35: =IFERROR(IF($C$3="Базовый",INDEX(БЛОК1!D163:E165,MATCH(ФОРМА!E35,БЛОК1!E163:E165,0),1),IF(ФОРМА!$C$3="Комфорт",INDEX(БЛОК1!F163:G165,MATCH(ФОРМА!E35,БЛОК1!G163:G165,0),1),IF(ФОРМА!$C$3="Бизнес",INDEX(БЛОК1!H163:I165,MATCH(ФОРМА!E35,БЛОК1!I163:I165,0),1),IF(ФОРМА!$C$3="Премиум",INDEX(БЛОК1!J163:K165,MATCH(ФОРМА!E35,БЛОК1!K163:K165,0),1),IF(ФОРМА!$C$3="Элит",INDEX(БЛОК1!L163:M165,MATCH(ФОРМА!E35,БЛОК1!M163:M165,0),1),"—"))))),0) -> — | H35: =IF(AND(D35=1,OR(E35="нет",E35="—")),"Не соответствует классу",IF(E35="","Не заполнено поле","")) -> Не заполнено поле
A36: 2.17 | B36: Шкаф за м/м | D36: =IF($C$3<>"—",3,"—") -> — | G36: =IFERROR(IF($C$3="Базовый",INDEX(БЛОК1!D168:E170,MATCH(ФОРМА!E36,БЛОК1!E168:E170,0),1),IF(ФОРМА!$C$3="Комфорт",INDEX(БЛОК1!F168:G170,MATCH(ФОРМА!E36,БЛОК1!G168:G170,0),1),IF(ФОРМА!$C$3="Бизнес",INDEX(БЛОК1!H168:I170,MATCH(ФОРМА!E36,БЛОК1!I168:I170,0),1),IF(ФОРМА!$C$3="Премиум",INDEX(БЛОК1!J168:K170,MATCH(ФОРМА!E36,БЛОК1!K168:K170,0),1),IF(ФОРМА!$C$3="Элит",INDEX(БЛОК1!L168:M170,MATCH(ФОРМА!E36,БЛОК1!M168:M170,0),1),"—"))))),0) -> — | H36: =IF(E36="","Не заполнено поле","") -> Не заполнено поле
A37: 2.18 | B37: Комната для водителей / личной охраны | D37: =IF($C$3<>"—",3,"—") -> — | G37: =IFERROR(IF($C$3="Базовый",INDEX(БЛОК1!D173:E175,MATCH(ФОРМА!E37,БЛОК1!E173:E175,0),1),IF(ФОРМА!$C$3="Комфорт",INDEX(БЛОК1!F173:G175,MATCH(ФОРМА!E37,БЛОК1!G173:G175,0),1),IF(ФОРМА!$C$3="Бизнес",INDEX(БЛОК1!H173:I175,MATCH(ФОРМА!E37,БЛОК1!I173:I175,0),1),IF(ФОРМА!$C$3="Премиум",INDEX(БЛОК1!J173:K175,MATCH(ФОРМА!E37,БЛОК1!K173:K175,0),1),IF(ФОРМА!$C$3="Элит",INDEX(БЛОК1!L173:M175,MATCH(ФОРМА!E37,БЛОК1!M173:M175,0),1),"—"))))),0) -> — | H37: =IF(E37="","Не заполнено поле","") -> Не заполнено поле
A38: 2.19 | B38: Valet-паркинг | D38: =IF($C$3<>"—",3,"—") -> — | G38: =IFERROR(IF($C$3="Базовый",INDEX(БЛОК1!D178:E180,MATCH(ФОРМА!E38,БЛОК1!E178:E180,0),1),IF(ФОРМА!$C$3="Комфорт",INDEX(БЛОК1!F178:G180,MATCH(ФОРМА!E38,БЛОК1!G178:G180,0),1),IF(ФОРМА!$C$3="Бизнес",INDEX(БЛОК1!H178:I180,MATCH(ФОРМА!E38,БЛОК1!I178:I180,0),1),IF(ФОРМА!$C$3="Премиум",INDEX(БЛОК1!J178:K180,MATCH(ФОРМА!E38,БЛОК1!K178:K180,0),1),IF(ФОРМА!$C$3="Элит",INDEX(БЛОК1!L178:M180,MATCH(ФОРМА!E38,БЛОК1!M178:M180,0),1),"—"))))),0) -> — | H38: =IF(E38="","Не заполнено поле","") -> Не заполнено поле
A39: Раздел 3. Инфраструктура для велосипедистов | G39: =SUM(G40:G44) -> 0
A40: 3.1 | B40: Обеспеченность велопарковочными местами (шт. на 1 квартиру) | D40: =IF($C$3<>"—",3,"—") -> — | G40: =IFERROR(IF($C$3="Базовый",INDEX(БЛОК1!D184:E187,MATCH(ФОРМА!E40,БЛОК1!E184:E187,0),1),IF(ФОРМА!$C$3="Комфорт",INDEX(БЛОК1!F184:G187,MATCH(ФОРМА!E40,БЛОК1!G184:G187,0),1),IF(ФОРМА!$C$3="Бизнес",INDEX(БЛОК1!H184:I187,MATCH(ФОРМА!E40,БЛОК1!I184:I187,0),1),IF(ФОРМА!$C$3="Премиум",INDEX(БЛОК1!J184:K187,MATCH(ФОРМА!E40,БЛОК1!K184:K187,0),1),IF(ФОРМА!$C$3="Элит",INDEX(БЛОК1!L184:M187,MATCH(ФОРМА!E40,БЛОК1!M184:M187,0),1),"—"))))),0) -> — | H40: =IF(E40="","Не заполнено поле","") -> Не заполнено поле
A41: 3.2 | B41: Крытые/защищенные велопарковки | D41: =IF($C$3<>"—",3,"—") -> — | G41: =IFERROR(IF($C$3="Базовый",INDEX(БЛОК1!D191:E196,MATCH(ФОРМА!E41,БЛОК1!E191:E196,0),1),IF(ФОРМА!$C$3="Комфорт",INDEX(БЛОК1!F191:G196,MATCH(ФОРМА!E41,БЛОК1!G191:G196,0),1),IF(ФОРМА!$C$3="Бизнес",INDEX(БЛОК1!H191:I196,MATCH(ФОРМА!E41,БЛОК1!I191:I196,0),1),IF(ФОРМА!$C$3="Премиум",INDEX(БЛОК1!J191:K196,MATCH(ФОРМА!E41,БЛОК1!K191:K196,0),1),IF(ФОРМА!$C$3="Элит",INDEX(БЛОК1!L191:M196,MATCH(ФОРМА!E41,БЛОК1!M191:M196,0),1),"—"))))),0) -> — | H41: =IF(E41="","Не заполнено поле","") -> Не заполнено поле
A42: 3.3 | B42: Наличие сервисной зоны для обслуживания велосипедов (мойка, подкачка, мелкий ремонт) | D42: =IF($C$3<>"—",3,"—") -> — | G42: =IFERROR(IF($C$3="Базовый",INDEX(БЛОК1!D200:E202,MATCH(ФОРМА!E42,БЛОК1!E200:E202,0),1),IF(ФОРМА!$C$3="Комфорт",INDEX(БЛОК1!F200:G202,MATCH(ФОРМА!E42,БЛОК1!G200:G202,0),1),IF(ФОРМА!$C$3="Бизнес",INDEX(БЛОК1!H200:I202,MATCH(ФОРМА!E42,БЛОК1!I200:I202,0),1),IF(ФОРМА!$C$3="Премиум",INDEX(БЛОК1!J200:K202,MATCH(ФОРМА!E42,БЛОК1!K200:K202,0),1),IF(ФОРМА!$C$3="Элит",INDEX(БЛОК1!L200:M202,MATCH(ФОРМА!E42,БЛОК1!M200:M202,0),1),"—"))))),0) -> — | H42: =IF(E42="","Не заполнено поле","") -> Не заполнено поле
A43: 3.4 | B43: Наличие велопарковок у жилых подъездов (не далее 30–50 м от входа) | D43: =IF($C$3<>"—",3,"—") -> — | G43: =IFERROR(IF($C$3="Базовый",INDEX(БЛОК1!D205:E207,MATCH(ФОРМА!E43,БЛОК1!E205:E207,0),1),IF(ФОРМА!$C$3="Комфорт",INDEX(БЛОК1!F205:G207,MATCH(ФОРМА!E43,БЛОК1!G205:G207,0),1),IF(ФОРМА!$C$3="Бизнес",INDEX(БЛОК1!H205:I207,MATCH(ФОРМА!E43,БЛОК1!I205:I207,0),1),IF(ФОРМА!$C$3="Премиум",INDEX(БЛОК1!J205:K207,MATCH(ФОРМА!E43,БЛОК1!K205:K207,0),1),IF(ФОРМА!$C$3="Элит",INDEX(БЛОК1!L205:M207,MATCH(ФОРМА!E43,БЛОК1!M205:M207,0),1),"—"))))),0) -> — | H43: =IF(E43="","Не заполнено поле","") -> Не заполнено поле
A44: 3.5 | B44: Наличие велопарковок у коммерческих помещений (не далее 30–50 м от входа) | D44: =IF($C$3<>"—",3,"—") -> — | G44: =IFERROR(IF($C$3="Базовый",INDEX(БЛОК1!D210:E212,MATCH(ФОРМА!E44,БЛОК1!E210:E212,0),1),IF(ФОРМА!$C$3="Комфорт",INDEX(БЛОК1!F210:G212,MATCH(ФОРМА!E44,БЛОК1!G210:G212,0),1),IF(ФОРМА!$C$3="Бизнес",INDEX(БЛОК1!H210:I212,MATCH(ФОРМА!E44,БЛОК1!I210:I212,0),1),IF(ФОРМА!$C$3="Премиум",INDEX(БЛОК1!J210:K212,MATCH(ФОРМА!E44,БЛОК1!K210:K212,0),1),IF(ФОРМА!$C$3="Элит",INDEX(БЛОК1!L210:M212,MATCH(ФОРМА!E44,БЛОК1!M210:M212,0),1),"—"))))),0) -> — | H44: =IF(E44="","Не заполнено поле","") -> Не заполнено поле
A45: Раздел 4. Благоустройство | G45: =SUM(G46:G58) -> 0
A46: 4.1 | B46: Организация дворового пространства без автомобилей | D46: =IF($C$3="Базовый",3,IF(OR($C$3="Комфорт",$C$3="Премиум",$C$3="Бизнес",$C$3="Элит"),1,IF(OR($C$3="",$C$3="—"),"—",1))) -> — | G46: =IFERROR(IF($C$3="Базовый",INDEX(БЛОК1!D216:E218,MATCH(ФОРМА!E46,БЛОК1!E216:E218,0),1),IF(ФОРМА!$C$3="Комфорт",INDEX(БЛОК1!F216:G218,MATCH(ФОРМА!E46,БЛОК1!G216:G218,0),1),IF(ФОРМА!$C$3="Бизнес",INDEX(БЛОК1!H216:I218,MATCH(ФОРМА!E46,БЛОК1!I216:I218,0),1),IF(ФОРМА!$C$3="Премиум",INDEX(БЛОК1!J216:K218,MATCH(ФОРМА!E46,БЛОК1!K216:K218,0),1),IF(ФОРМА!$C$3="Элит",INDEX(БЛОК1!L216:M218,MATCH(ФОРМА!E46,БЛОК1!M216:M218,0),1),"—"))))),0) -> — | H46: =IF(AND(D46=1,E46="—"),"Не соответствует классу",IF(E46="","Не заполнено поле","")) -> Не заполнено поле
A47: 4.2 | B47: Степень замкнутости внутридворовой территории (без внешнего пешеходного транзита) | D47: =IF(OR($C$3="Базовый",$C$3="Комфорт",$C$3="Бизнес"),3,IF(OR($C$3="Премиум",$C$3="Элит"),1,IF(OR($C$3="",$C$3="—"),"—",1))) -> — | G47: =IFERROR(IF($C$3="Базовый",INDEX(БЛОК1!D221:E224,MATCH(ФОРМА!E47,БЛОК1!E221:E224,0),1),IF(ФОРМА!$C$3="Комфорт",INDEX(БЛОК1!F221:G224,MATCH(ФОРМА!E47,БЛОК1!G221:G224,0),1),IF(ФОРМА!$C$3="Бизнес",INDEX(БЛОК1!H221:I224,MATCH(ФОРМА!E47,БЛОК1!I221:I224,0),1),IF(ФОРМА!$C$3="Премиум",INDEX(БЛОК1!J221:K224,MATCH(ФОРМА!E47,БЛОК1!K221:K224,0),1),IF(ФОРМА!$C$3="Элит",INDEX(БЛОК1!L221:M224,MATCH(ФОРМА!E47,БЛОК1!M221:M224,0),1),"—"))))),0) -> — | H47: =IF(AND(D47=1,E47="—"),"Не соответствует классу",IF(OR(AND(D47=1,E47=""),E47=""),"Не заполнено поле","")) -> Не заполнено поле
A48: 4.3 | B48: Безбарьерность пешеходных маршрутов | D48: =IF($C$3="Базовый",3,IF(OR($C$3="Комфорт",$C$3="Премиум",$C$3="Бизнес",$C$3="Элит"),2,IF(OR($C$3="",$C$3="—"),"—",1))) -> — | G48: =IFERROR(IF($C$3="Базовый",INDEX(БЛОК1!D228:E232,MATCH(ФОРМА!E48,БЛОК1!E228:E232,0),1),IF(ФОРМА!$C$3="Комфорт",INDEX(БЛОК1!F228:G232,MATCH(ФОРМА!E48,БЛОК1!G228:G232,0),1),IF(ФОРМА!$C$3="Бизнес",INDEX(БЛОК1!H228:I232,MATCH(ФОРМА!E48,БЛОК1!I228:I232,0),1),IF(ФОРМА!$C$3="Премиум",INDEX(БЛОК1!J228:K232,MATCH(ФОРМА!E48,БЛОК1!K228:K232,0),1),IF(ФОРМА!$C$3="Элит",INDEX(БЛОК1!L228:M232,MATCH(ФОРМА!E48,БЛОК1!M228:M232,0),1),"—"))))),0) -> — | H48: =IF(AND(D48=2,OR(AND($C$3="Комфорт",E48="отсутствует"),AND(OR($C$3="Бизнес",$C$3="Премиум",$C$3="Элит"),E48="уровень 1"),E48="—")),"Требуется компенсация",IF(E48="","Не заполнено поле","")) -> Не заполнено поле
A49: 4.4 | B49: Доля озеленения от общей площади дворовой территории в границах ЗУ МКД (включая проезды и площадки) | D49: =IF($C$3="Базовый",3,IF(OR($C$3="Комфорт",$C$3="Премиум",$C$3="Бизнес",$C$3="Элит"),2,IF(OR($C$3="",$C$3="—"),"—",1))) -> — | G49: =IFERROR(IF($C$3="Базовый",INDEX(БЛОК1!D236:E240,MATCH(ФОРМА!E49,БЛОК1!E236:E240,0),1),IF(ФОРМА!$C$3="Комфорт",INDEX(БЛОК1!F236:G240,MATCH(ФОРМА!E49,БЛОК1!G236:G240,0),1),IF(ФОРМА!$C$3="Бизнес",INDEX(БЛОК1!H236:I240,MATCH(ФОРМА!E49,БЛОК1!I236:I240,0),1),IF(ФОРМА!$C$3="Премиум",INDEX(БЛОК1!J236:K240,MATCH(ФОРМА!E49,БЛОК1!K236:K240,0),1),IF(ФОРМА!$C$3="Элит",INDEX(БЛОК1!L236:M240,MATCH(ФОРМА!E49,БЛОК1!M236:M240,0),1),"—"))))),0) -> — | H49: =IF(AND(D49=2,(OR(AND($C$3="Комфорт",E49="< 15%"),AND($C$3="Бизнес",E49="< 20%"),AND($C$3="Премиум",E49="< 25%"),AND($C$3="Элит",E49="< 30%"),AND(E49="—")))),"Требуется компенсация",IF(E49="","Не заполнено поле","")) -> Не заполнено поле
A50: 4.5 | B50: Тип и сложность озеленения | D50: =IF($C$3="Базовый",3,IF(OR($C$3="Комфорт",$C$3="Бизнес"),2,IF(OR($C$3="Премиум",C$3="Элит"),1,IF(OR($C$3="",$C$3="—"),"—",1)))) -> — | G50: =IFERROR(IF($C$3="Базовый",INDEX(БЛОК1!D244:E248,MATCH(ФОРМА!E50,БЛОК1!E244:E248,0),1),IF(ФОРМА!$C$3="Комфорт",INDEX(БЛОК1!F244:G248,MATCH(ФОРМА!E50,БЛОК1!G244:G248,0),1),IF(ФОРМА!$C$3="Бизнес",INDEX(БЛОК1!H244:I248,MATCH(ФОРМА!E50,БЛОК1!I244:I248,0),1),IF(ФОРМА!$C$3="Премиум",INDEX(БЛОК1!J244:K248,MATCH(ФОРМА!E50,БЛОК1!K244:K248,0),1),IF(ФОРМА!$C$3="Элит",INDEX(БЛОК1!L244:M248,MATCH(ФОРМА!E50,БЛОК1!M244:M248,0),1),"—"))))),0) -> — | H50: =IF(AND(D50=2,(OR(AND($C$3="Комфорт",E50="отсутствует / деградировано"),AND($C$3="Бизнес",E50="экстенсивное простое"),AND(E50="—")))),"Требуется компенсация",IF(AND(D50=1,E50="—"),"Не соответствует классу",IF(E50="","Не заполнено поле",""))) -> Не заполнено поле
A51: 4.6 | B51: Наличие выделенной озелененной зоны (двор-парк / сквер) в границах ЗУ МКД площадью не менее: для КРТ — 0,5 га; для квартальной застройки — 0,3 га; для точечной застройки — не применимо | D51: =IF($C$3<>"—",3,"—") -> — | G51: =IFERROR(IF($C$3="Базовый",INDEX(БЛОК1!D252:E254,MATCH(ФОРМА!E51,БЛОК1!E252:E254,0),1),IF(ФОРМА!$C$3="Комфорт",INDEX(БЛОК1!F252:G254,MATCH(ФОРМА!E51,БЛОК1!G252:G254,0),1),IF(ФОРМА!$C$3="Бизнес",INDEX(БЛОК1!H252:I254,MATCH(ФОРМА!E51,БЛОК1!I252:I254,0),1),IF(ФОРМА!$C$3="Премиум",INDEX(БЛОК1!J252:K254,MATCH(ФОРМА!E51,БЛОК1!K252:K254,0),1),IF(ФОРМА!$C$3="Элит",INDEX(БЛОК1!L252:M254,MATCH(ФОРМА!E51,БЛОК1!M252:M254,0),1),"—"))))),0) -> — | H51: =IF(E51="","Не заполнено поле","") -> Не заполнено поле
A52: 4.7 | B52: Наличие водных элементов в периметре ЖК (фонтан / водоем / водопад / ручей) | D52: =IF($C$3<>"—",3,"—") -> — | G52: =IFERROR(IF($C$3="Базовый",INDEX(БЛОК1!D257:E259,MATCH(ФОРМА!E52,БЛОК1!E257:E259,0),1),IF(ФОРМА!$C$3="Комфорт",INDEX(БЛОК1!F257:G259,MATCH(ФОРМА!E52,БЛОК1!G257:G259,0),1),IF(ФОРМА!$C$3="Бизнес",INDEX(БЛОК1!H257:I259,MATCH(ФОРМА!E52,БЛОК1!I257:I259,0),1),IF(ФОРМА!$C$3="Премиум",INDEX(БЛОК1!J257:K259,MATCH(ФОРМА!E52,БЛОК1!K257:K259,0),1),IF(ФОРМА!$C$3="Элит",INDEX(БЛОК1!L257:M259,MATCH(ФОРМА!E52,БЛОК1!M257:M259,0),1),"—"))))),0) -> — | H52: =IF(E52="","Не заполнено поле","") -> Не заполнено поле
A53: 4.8 | B53: Наличие пешеходной улицы/бульвара внутри жилого комплекса (связующего элемента) | D53: =IF($C$3<>"—",3,"—") -> — | G53: =IFERROR(IF($C$3="Базовый",INDEX(БЛОК1!D262:E264,MATCH(ФОРМА!E53,БЛОК1!E262:E264,0),1),IF(ФОРМА!$C$3="Комфорт",INDEX(БЛОК1!F262:G264,MATCH(ФОРМА!E53,БЛОК1!G262:G264,0),1),IF(ФОРМА!$C$3="Бизнес",INDEX(БЛОК1!H262:I264,MATCH(ФОРМА!E53,БЛОК1!I262:I264,0),1),IF(ФОРМА!$C$3="Премиум",INDEX(БЛОК1!J262:K264,MATCH(ФОРМА!E53,БЛОК1!K262:K264,0),1),IF(ФОРМА!$C$3="Элит",INDEX(БЛОК1!L262:M264,MATCH(ФОРМА!E53,БЛОК1!M262:M264,0),1),"—"))))),0) -> — | H53: =IF(E53="","Не заполнено поле","") -> Не заполнено поле
A54: 4.9 | B54: Наличие площадки для массовых мероприятий (событийной площади) на территории ЖК | D54: =IF($C$3<>"—",3,"—") -> — | G54: =IFERROR(IF($C$3="Базовый",INDEX(БЛОК1!D267:E269,MATCH(ФОРМА!E54,БЛОК1!E267:E269,0),1),IF(ФОРМА!$C$3="Комфорт",INDEX(БЛОК1!F267:G269,MATCH(ФОРМА!E54,БЛОК1!G267:G269,0),1),IF(ФОРМА!$C$3="Бизнес",INDEX(БЛОК1!H267:I269,MATCH(ФОРМА!E54,БЛОК1!I267:I269,0),1),IF(ФОРМА!$C$3="Премиум",INDEX(БЛОК1!J267:K269,MATCH(ФОРМА!E54,БЛОК1!K267:K269,0),1),IF(ФОРМА!$C$3="Элит",INDEX(БЛОК1!L267:M269,MATCH(ФОРМА!E54,БЛОК1!M267:M269,0),1),"—"))))),0) -> — | H54: =IF(E54="","Не заполнено поле","") -> Не заполнено поле
A55: 4.10 | B55: Наличие Drop-off зоны | D55: =IF(OR($C$3="Базовый",$C$3="Комфорт",$C$3="Бизнес"),3,IF(OR($C$3="Премиум",$C$3="Элит"),2,IF(OR($C$3="",$C$3="—"),"—",1))) -> — | G55: =IFERROR(IF($C$3="Базовый",INDEX(БЛОК1!D272:E275,MATCH(ФОРМА!E55,БЛОК1!E272:E275,0),1),IF(ФОРМА!$C$3="Комфорт",INDEX(БЛОК1!F272:G275,MATCH(ФОРМА!E55,БЛОК1!G272:G275,0),1),IF(ФОРМА!$C$3="Бизнес",INDEX(БЛОК1!H272:I275,MATCH(ФОРМА!E55,БЛОК1!I272:I275,0),1),IF(ФОРМА!$C$3="Премиум",INDEX(БЛОК1!J272:K275,MATCH(ФОРМА!E55,БЛОК1!K272:K275,0),1),IF(ФОРМА!$C$3="Элит",INDEX(БЛОК1!L272:M275,MATCH(ФОРМА!E55,БЛОК1!M272:M275,0),1),"—"))))),0) -> — | H55: =IF(AND(D55=2,OR($C$3="Премиум",$C$3="Элит"),OR(E55="отсутствует",E55="—")),"Требуется компенсация",IF(E55="","Не заполнено поле","")) -> Не заполнено поле
A56: 4.11 | B56: Наличие крытых пешеходных связей между жилыми корпусами и коммерческими функциями ЖК («сухие ноги») | D56: =IF($C$3<>"—",3,"—") -> — | G56: =IFERROR(IF($C$3="Базовый",INDEX(БЛОК1!D279:E282,MATCH(ФОРМА!E56,БЛОК1!E279:E282,0),1),IF(ФОРМА!$C$3="Комфорт",INDEX(БЛОК1!F279:G282,MATCH(ФОРМА!E56,БЛОК1!G279:G282,0),1),IF(ФОРМА!$C$3="Бизнес",INDEX(БЛОК1!H279:I282,MATCH(ФОРМА!E56,БЛОК1!I279:I282,0),1),IF(ФОРМА!$C$3="Премиум",INDEX(БЛОК1!J279:K282,MATCH(ФОРМА!E56,БЛОК1!K279:K282,0),1),IF(ФОРМА!$C$3="Элит",INDEX(БЛОК1!L279:M282,MATCH(ФОРМА!E56,БЛОК1!M279:M282,0),1),"—"))))),0) -> — | H56: =IF(E56="","Не заполнено поле","") -> Не заполнено поле
A57: 4.12 | B57: Ландшафтное освещение | D57: =IF($C$3="Базовый",3,IF(OR($C$3="Комфорт",$C$3="Бизнес"),2,IF($C$3="Элит",1,IF(OR($C$3="",$C$3="—"),"—",1)))) -> — | G57: =IFERROR(IF($C$3="Базовый",INDEX(БЛОК1!D287:E289,MATCH(ФОРМА!E57,БЛОК1!E287:E289,0),1),IF(ФОРМА!$C$3="Комфорт",INDEX(БЛОК1!F287:G289,MATCH(ФОРМА!E57,БЛОК1!G287:G289,0),1),IF(ФОРМА!$C$3="Бизнес",INDEX(БЛОК1!H287:I289,MATCH(ФОРМА!E57,БЛОК1!I287:I289,0),1),IF(ФОРМА!$C$3="Премиум",INDEX(БЛОК1!J287:K289,MATCH(ФОРМА!E57,БЛОК1!K287:K289,0),1),IF(ФОРМА!$C$3="Элит",INDEX(БЛОК1!L287:M289,MATCH(ФОРМА!E57,БЛОК1!M287:M289,0),1),"—"))))),0) -> — | H57: =IF(AND(D57=2,(OR(AND(OR($C$3="Комфорт",$C$3="Бизнес"),E57="базовое"),AND(E57="—")))),"Требуется компенсация",IF(AND(D57=1,E57="—"),"Не соответствует классу",IF(E57="","Не заполнено поле",""))) -> Не заполнено поле
A58: 4.13 | B58: Система полива | D58: =IF($C$3<>"—",3,"—") -> — | G58: =IFERROR(IF($C$3="Базовый",INDEX(БЛОК1!D293:E295,MATCH(ФОРМА!E58,БЛОК1!E293:E295,0),1),IF(ФОРМА!$C$3="Комфорт",INDEX(БЛОК1!F293:G295,MATCH(ФОРМА!E58,БЛОК1!G293:G295,0),1),IF(ФОРМА!$C$3="Бизнес",INDEX(БЛОК1!H293:I295,MATCH(ФОРМА!E58,БЛОК1!I293:I295,0),1),IF(ФОРМА!$C$3="Премиум",INDEX(БЛОК1!J293:K295,MATCH(ФОРМА!E58,БЛОК1!K293:K295,0),1),IF(ФОРМА!$C$3="Элит",INDEX(БЛОК1!L293:M295,MATCH(ФОРМА!E58,БЛОК1!M293:M295,0),1),"—"))))),0) -> — | H58: =IF(E58="","Не заполнено поле","") -> Не заполнено поле
A59: 4.14 | B59: Общественные зарядные станции для электромобилей | D59: =IF($C$3<>"—",3,"—") -> — | G59: =IFERROR(IF($C$3="Базовый",INDEX(БЛОК1!D299:E301,MATCH(ФОРМА!E59,БЛОК1!E299:E301,0),1),IF(ФОРМА!$C$3="Комфорт",INDEX(БЛОК1!F299:G301,MATCH(ФОРМА!E59,БЛОК1!G299:G301,0),1),IF(ФОРМА!$C$3="Бизнес",INDEX(БЛОК1!H299:I301,MATCH(ФОРМА!E59,БЛОК1!I299:I301,0),1),IF(ФОРМА!$C$3="Премиум",INDEX(БЛОК1!J299:K301,MATCH(ФОРМА!E59,БЛОК1!K299:K301,0),1),IF(ФОРМА!$C$3="Элит",INDEX(БЛОК1!L299:M301,MATCH(ФОРМА!E59,БЛОК1!M299:M301,0),1),"—"))))),0) -> — | H59: =IF(E59="","Не заполнено поле","") -> Не заполнено поле
A60: Раздел 5. Коммерческая инфраструктура (оценка на этапе проектирования — наличие ТХ, соответствующих требованиям операторов) | G60: =SUM(G61:G68) -> 0
A61: 5.1 | B61: Коммерческий семейный центр в составе ЖК | D61: =IF($C$3<>"—",3,"—") -> — | G61: =IFERROR(IF($C$3="Базовый",INDEX(БЛОК1!D306:E308,MATCH(ФОРМА!E61,БЛОК1!E306:E308,0),1),IF(ФОРМА!$C$3="Комфорт",INDEX(БЛОК1!F306:G308,MATCH(ФОРМА!E61,БЛОК1!G306:G308,0),1),IF(ФОРМА!$C$3="Бизнес",INDEX(БЛОК1!H306:I308,MATCH(ФОРМА!E61,БЛОК1!I306:I308,0),1),IF(ФОРМА!$C$3="Премиум",INDEX(БЛОК1!J306:K308,MATCH(ФОРМА!E61,БЛОК1!K306:K308,0),1),IF(ФОРМА!$C$3="Элит",INDEX(БЛОК1!L306:M308,MATCH(ФОРМА!E61,БЛОК1!M306:M308,0),1),"—"))))),0) -> — | H61: =IF(E61="","Не заполнено поле","") -> Не заполнено поле
A62: 5.2 | B62: Коммерческая фитнес - инфраструктура в составе ЖК | D62: =IF($C$3<>"—",3,"—") -> — | G62: =IFERROR(IF($C$3="Базовый",INDEX(БЛОК1!D311:E315,MATCH(ФОРМА!E62,БЛОК1!E311:E315,0),1),IF(ФОРМА!$C$3="Комфорт",INDEX(БЛОК1!F311:G315,MATCH(ФОРМА!E62,БЛОК1!G311:G315,0),1),IF(ФОРМА!$C$3="Бизнес",INDEX(БЛОК1!H311:I315,MATCH(ФОРМА!E62,БЛОК1!I311:I315,0),1),IF(ФОРМА!$C$3="Премиум",INDEX(БЛОК1!J311:K315,MATCH(ФОРМА!E62,БЛОК1!K311:K315,0),1),IF(ФОРМА!$C$3="Элит",INDEX(БЛОК1!L311:M315,MATCH(ФОРМА!E62,БЛОК1!M311:M315,0),1),"—"))))),0) -> — | H62: =IF(E62="","Не заполнено поле","") -> Не заполнено поле
A63: 5.3 | B63: Бассейн в составе ЖК (отдельно / в фитнес-комплексе) | D63: =IF($C$3<>"—",3,"—") -> — | G63: =IFERROR(IF($C$3="Базовый",INDEX(БЛОК1!D319:E324,MATCH(ФОРМА!E63,БЛОК1!E319:E324,0),1),IF(ФОРМА!$C$3="Комфорт",INDEX(БЛОК1!F319:G324,MATCH(ФОРМА!E63,БЛОК1!G319:G324,0),1),IF(ФОРМА!$C$3="Бизнес",INDEX(БЛОК1!H319:I324,MATCH(ФОРМА!E63,БЛОК1!I319:I324,0),1),IF(ФОРМА!$C$3="Премиум",INDEX(БЛОК1!J319:K324,MATCH(ФОРМА!E63,БЛОК1!K319:K324,0),1),IF(ФОРМА!$C$3="Элит",INDEX(БЛОК1!L319:M324,MATCH(ФОРМА!E63,БЛОК1!M319:M324,0),1),"—"))))),0) -> — | H63: =IF(E63="","Не заполнено поле","") -> Не заполнено поле
A64: 5.4 | B64: СПА-комплекс в составе ЖК (отдельно от фитнес-комплекса и бассейна) | D64: =IF($C$3<>"—",3,"—") -> — | G64: =IFERROR(IF($C$3="Базовый",INDEX(БЛОК1!D328:E330,MATCH(ФОРМА!E64,БЛОК1!E328:E330,0),1),IF(ФОРМА!$C$3="Комфорт",INDEX(БЛОК1!F328:G330,MATCH(ФОРМА!E64,БЛОК1!G328:G330,0),1),IF(ФОРМА!$C$3="Бизнес",INDEX(БЛОК1!H328:I330,MATCH(ФОРМА!E64,БЛОК1!I328:I330,0),1),IF(ФОРМА!$C$3="Премиум",INDEX(БЛОК1!J328:K330,MATCH(ФОРМА!E64,БЛОК1!K328:K330,0),1),IF(ФОРМА!$C$3="Элит",INDEX(БЛОК1!L328:M330,MATCH(ФОРМА!E64,БЛОК1!M328:M330,0),1),"—"))))),0) -> — | H64: =IF(E64="","Не заполнено поле","") -> Не заполнено поле
A65: 5.5 | B65: Коммерческая образовательная функция (школа / детский сад) в составе ЖК | D65: =IF($C$3<>"—",3,"—") -> — | G65: =IFERROR(IF($C$3="Базовый",INDEX(БЛОК1!D333:E337,MATCH(ФОРМА!E65,БЛОК1!E333:E337,0),1),IF(ФОРМА!$C$3="Комфорт",INDEX(БЛОК1!F333:G337,MATCH(ФОРМА!E65,БЛОК1!G333:G337,0),1),IF(ФОРМА!$C$3="Бизнес",INDEX(БЛОК1!H333:I337,MATCH(ФОРМА!E65,БЛОК1!I333:I337,0),1),IF(ФОРМА!$C$3="Премиум",INDEX(БЛОК1!J333:K337,MATCH(ФОРМА!E65,БЛОК1!K333:K337,0),1),IF(ФОРМА!$C$3="Элит",INDEX(БЛОК1!L333:M337,MATCH(ФОРМА!E65,БЛОК1!M333:M337,0),1),"—"))))),0) -> — | H65: =IF(E65="","Не заполнено поле","") -> Не заполнено поле
A66: 5.6 | B66: Медицинский центр высокого уровня в составе ЖК | D66: =IF($C$3<>"—",3,"—") -> — | G66: =IFERROR(IF($C$3="Базовый",INDEX(БЛОК1!D341:E2615,MATCH(ФОРМА!E66,БЛОК1!E341:E343,0),1),IF(ФОРМА!$C$3="Комфорт",INDEX(БЛОК1!F341:G343,MATCH(ФОРМА!E66,БЛОК1!G341:G343,0),1),IF(ФОРМА!$C$3="Бизнес",INDEX(БЛОК1!H341:I343,MATCH(ФОРМА!E66,БЛОК1!I341:I343,0),1),IF(ФОРМА!$C$3="Премиум",INDEX(БЛОК1!J341:K343,MATCH(ФОРМА!E66,БЛОК1!K341:K343,0),1),IF(ФОРМА!$C$3="Элит",INDEX(БЛОК1!L341:M343,MATCH(ФОРМА!E66,БЛОК1!M341:M343,0),1),"—"))))),0) -> — | H66: =IF(E66="","Не заполнено поле","") -> Не заполнено поле
A67: 5.7 | B67: Рестораны / кафе высокого ценового сегмента в составе ЖК | D67: =IF($C$3<>"—",3,"—") -> — | G67: =IFERROR(IF($C$3="Базовый",INDEX(БЛОК1!D346:E348,MATCH(ФОРМА!E67,БЛОК1!E346:E348,0),1),IF(ФОРМА!$C$3="Комфорт",INDEX(БЛОК1!F346:G348,MATCH(ФОРМА!E67,БЛОК1!G346:G348,0),1),IF(ФОРМА!$C$3="Бизнес",INDEX(БЛОК1!H346:I348,MATCH(ФОРМА!E67,БЛОК1!I346:I348,0),1),IF(ФОРМА!$C$3="Премиум",INDEX(БЛОК1!J346:K348,MATCH(ФОРМА!E67,БЛОК1!K346:K348,0),1),IF(ФОРМА!$C$3="Элит",INDEX(БЛОК1!L346:M348,MATCH(ФОРМА!E67,БЛОК1!M346:M348,0),1),"—"))))),0) -> — | H67: =IF(E67="","Не заполнено поле","") -> Не заполнено поле
A68: 5.8 | B68: Продуктовые магазины высокого ценового сегмента в составе ЖК | D68: =IF($C$3<>"—",3,"—") -> — | G68: =IFERROR(IF($C$3="Базовый",INDEX(БЛОК1!D351:E353,MATCH(ФОРМА!E68,БЛОК1!E351:E353,0),1),IF(ФОРМА!$C$3="Комфорт",INDEX(БЛОК1!F351:G353,MATCH(ФОРМА!E68,БЛОК1!G351:G353,0),1),IF(ФОРМА!$C$3="Бизнес",INDEX(БЛОК1!H351:I353,MATCH(ФОРМА!E68,БЛОК1!I351:I353,0),1),IF(ФОРМА!$C$3="Премиум",INDEX(БЛОК1!J351:K353,MATCH(ФОРМА!E68,БЛОК1!K351:K353,0),1),IF(ФОРМА!$C$3="Элит",INDEX(БЛОК1!L351:M353,MATCH(ФОРМА!E68,БЛОК1!M351:M353,0),1),"—"))))),0) -> — | H68: =IF(E68="","Не заполнено поле","") -> Не заполнено поле
A69: Блок II. Архитектура и планировочные решения
A70: Раздел 6. Архитектурный облик | G70: =SUM(G71:G85) -> 0
A71: 6.1 | B71: Вид несущих конструкций | D71: =IF($C$3<>"—",3,"—") -> — | G71: =IFERROR(IF($C$3="Базовый",INDEX(БЛОК2!D4:E6,MATCH(ФОРМА!E71,БЛОК2!E4:E6,0),1),IF(ФОРМА!$C$3="Комфорт",INDEX(БЛОК2!F4:G6,MATCH(ФОРМА!E71,БЛОК2!G4:G6,0),1),IF(ФОРМА!$C$3="Бизнес",INDEX(БЛОК2!H4:I6,MATCH(ФОРМА!E71,БЛОК2!I4:I6,0),1),IF(ФОРМА!$C$3="Премиум",INDEX(БЛОК2!J4:K6,MATCH(ФОРМА!E71,БЛОК2!K4:K6,0),1),IF(ФОРМА!$C$3="Элит",INDEX(БЛОК2!L4:M6,MATCH(ФОРМА!E71,БЛОК2!M4:M6,0),1),"—"))))),0) -> — | H71: =IF(E71="","Не заполнено поле","") -> Не заполнено поле
A72: 6.2 | B72: Материал облицовки фасада (для класса Доступный и Комфорт - не менее 25%, для остальных - не менее 50%) | D72: =IF(OR($C$3="Базовый",$C$3="Комфорт"),3,IF(OR($C$3="Премиум",$C$3="Бизнес",$C$3="Элит"),2,IF(OR($C$3="",$C$3="—"),"—",1))) -> — | G72: =IFERROR(IF($C$3="Базовый",INDEX(БЛОК2!D10:E13,MATCH(ФОРМА!E72,БЛОК2!E10:E13,0),1),IF(ФОРМА!$C$3="Комфорт",INDEX(БЛОК2!F10:G13,MATCH(ФОРМА!E72,БЛОК2!G10:G13,0),1),IF(ФОРМА!$C$3="Бизнес",INDEX(БЛОК2!H10:I13,MATCH(ФОРМА!E72,БЛОК2!I10:I13,0),1),IF(ФОРМА!$C$3="Премиум",INDEX(БЛОК2!J10:K13,MATCH(ФОРМА!E72,БЛОК2!K10:K13,0),1),IF(ФОРМА!$C$3="Элит",INDEX(БЛОК2!L10:M13,MATCH(ФОРМА!E72,БЛОК2!M10:M13,0),1),"—"))))),0) -> — | H72: =IF(AND(D72=2,OR($C$3="Премиум",$C$3="Элит"),OR(E72="категория 3",E72="—")),"Требуется компенсация",IF(AND($C$3="Бизнес",OR(E72="категория 2",E72="—")),"Требуется компенсация",IF(E72="","Не заполнено поле",""))) -> Не заполнено поле
A73: 6.3 | B73: Наличие элементов декора или микромассинга на фасаде | D73: =IF($C$3<>"—",3,"—") -> — | G73: =IFERROR(IF($C$3="Базовый",INDEX(БЛОК2!D17:E21,MATCH(ФОРМА!E73,БЛОК2!E17:E21,0),1),IF(ФОРМА!$C$3="Комфорт",INDEX(БЛОК2!F17:G21,MATCH(ФОРМА!E73,БЛОК2!G17:G21,0),1),IF(ФОРМА!$C$3="Бизнес",INDEX(БЛОК2!H17:I21,MATCH(ФОРМА!E73,БЛОК2!I17:I21,0),1),IF(ФОРМА!$C$3="Премиум",INDEX(БЛОК2!J17:K21,MATCH(ФОРМА!E73,БЛОК2!K17:K21,0),1),IF(ФОРМА!$C$3="Элит",INDEX(БЛОК2!L17:M21,MATCH(ФОРМА!E73,БЛОК2!M17:M21,0),1),"—"))))),0) -> — | H73: =IF(E73="","Не заполнено поле","") -> Не заполнено поле
A74: 6.4 | B74: Пластика фасада | D74: =IF($C$3<>"—",3,"—") -> — | G74: =IFERROR(IF($C$3="Базовый",INDEX(БЛОК2!D25:E27,MATCH(ФОРМА!E74,БЛОК2!E25:E27,0),1),IF(ФОРМА!$C$3="Комфорт",INDEX(БЛОК2!F25:G27,MATCH(ФОРМА!E74,БЛОК2!G25:G27,0),1),IF(ФОРМА!$C$3="Бизнес",INDEX(БЛОК2!H25:I27,MATCH(ФОРМА!E74,БЛОК2!I25:I27,0),1),IF(ФОРМА!$C$3="Премиум",INDEX(БЛОК2!J25:K27,MATCH(ФОРМА!E74,БЛОК2!K25:K27,0),1),IF(ФОРМА!$C$3="Элит",INDEX(БЛОК2!L25:M27,MATCH(ФОРМА!E74,БЛОК2!M25:M27,0),1),"—"))))),0) -> — | H74: =IF(E74="","Не заполнено поле","") -> Не заполнено поле
A75: 6.5 | B75: Высотная неоднородность застройки (корпусов) | D75: =IF($C$3<>"—",3,"—") -> — | G75: =IFERROR(IF($C$3="Базовый",INDEX(БЛОК2!D30:E34,MATCH(ФОРМА!E75,БЛОК2!E30:E34,0),1),IF(ФОРМА!$C$3="Комфорт",INDEX(БЛОК2!F30:G34,MATCH(ФОРМА!E75,БЛОК2!G30:G34,0),1),IF(ФОРМА!$C$3="Бизнес",INDEX(БЛОК2!H30:I34,MATCH(ФОРМА!E75,БЛОК2!I30:I34,0),1),IF(ФОРМА!$C$3="Премиум",INDEX(БЛОК2!J30:K34,MATCH(ФОРМА!E75,БЛОК2!K30:K34,0),1),IF(ФОРМА!$C$3="Элит",INDEX(БЛОК2!L30:M34,MATCH(ФОРМА!E75,БЛОК2!M30:M34,0),1),"—"))))),0) -> — | H75: =IF(E75="","Не заполнено поле","") -> Не заполнено поле
A76: 6.6 | B76: Перепад высот секций | D76: =IF($C$3<>"—",3,"—") -> — | G76: =IFERROR(IF($C$3="Базовый",INDEX(БЛОК2!#REF!,MATCH(ФОРМА!E76,БЛОК2!#REF!,0),1),IF(ФОРМА!$C$3="Комфорт",INDEX(БЛОК2!#REF!,MATCH(ФОРМА!E76,БЛОК2!#REF!,0),1),IF(ФОРМА!$C$3="Бизнес",INDEX(БЛОК2!#REF!,MATCH(ФОРМА!E76,БЛОК2!#REF!,0),1),IF(ФОРМА!$C$3="Премиум",INDEX(БЛОК2!#REF!,MATCH(ФОРМА!E76,БЛОК2!#REF!,0),1),IF(ФОРМА!$C$3="Элит",INDEX(БЛОК2!#REF!,MATCH(ФОРМА!E76,БЛОК2!#REF!,0),1),"—"))))),0) -> — | H76: =IF(E76="","Не заполнено поле","") -> Не заполнено поле
A77: 6.7 | B77: Площадь остекления (% от общей площади фасадов) / Коэффициент остекленности фасада | D77: =IF(OR($C$3="Базовый",$C$3="Комфорт"),3,IF(OR($C$3="Бизнес",$C$3="Премиум",$C$3="Элит"),2,IF(OR($C$3="",$C$3="—"),"—",1))) -> — | G77: =IFERROR(IF($C$3="Базовый",INDEX(БЛОК2!D44:E47,MATCH(ФОРМА!E77,БЛОК2!E44:E47,0),1),IF(ФОРМА!$C$3="Комфорт",INDEX(БЛОК2!F44:G47,MATCH(ФОРМА!E77,БЛОК2!G44:G47,0),1),IF(ФОРМА!$C$3="Бизнес",INDEX(БЛОК2!H44:I47,MATCH(ФОРМА!E77,БЛОК2!I44:I47,0),1),IF(ФОРМА!$C$3="Премиум",INDEX(БЛОК2!J44:K47,MATCH(ФОРМА!E77,БЛОК2!K44:K47,0),1),IF(ФОРМА!$C$3="Элит",INDEX(БЛОК2!L44:M47,MATCH(ФОРМА!E77,БЛОК2!M44:M47,0),1),"—"))))),0) -> — | H77: =IF(AND(D77=2,OR(AND($C$3="Бизнес",E77="< 25%"),AND($C$3="Премиум",E77="< 30%"),AND($C$3="Элит",E77="< 35%"),E77="—")),"Требуется компенсация",IF(E77="","Не заполнено поле","")) -> Не заполнено поле
A78: 6.8 | B78: Высота подоконника (низа проема) от уровня чистого пола (не применимо к объектам культурного наследия) | D78: =IF(OR($C$3="Базовый",$C$3="Комфорт"),3,IF(OR($C$3="Бизнес",$C$3="Премиум",$C$3="Элит"),2,IF(OR($C$3="",$C$3="—"),"—",1))) -> — | G78: =IFERROR(IF($C$3="Базовый",INDEX(БЛОК2!D51:E54,MATCH(ФОРМА!E78,БЛОК2!E51:E54,0),1),IF(ФОРМА!$C$3="Комфорт",INDEX(БЛОК2!F51:G54,MATCH(ФОРМА!E78,БЛОК2!G51:G54,0),1),IF(ФОРМА!$C$3="Бизнес",INDEX(БЛОК2!H51:I54,MATCH(ФОРМА!E78,БЛОК2!I51:I54,0),1),IF(ФОРМА!$C$3="Премиум",INDEX(БЛОК2!J51:K54,MATCH(ФОРМА!E78,БЛОК2!K51:K54,0),1),IF(ФОРМА!$C$3="Элит",INDEX(БЛОК2!L51:M54,MATCH(ФОРМА!E78,БЛОК2!M51:M54,0),1),"—"))))),0) -> — | H78: =IF(AND(D78=2,OR(AND($C$3="Бизнес",E78="> 600"),AND($C$3="Премиум",E78="> 550"),AND($C$3="Элит",E78="> 450"),E78="—")),"Требуется компенсация",IF(E78="","Не заполнено поле","")) -> Не заполнено поле
A79: 6.9 | B79: Тип панорамного остекления (остекление от пола) | D79: =IF(OR($C$3="Базовый",$C$3="Комфорт",$C$3="Бизнес",$C$3="Премиум",),3,IF($C$3="Элит",2,IF(OR($C$3="",$C$3="—"),"—",1))) -> — | G79: =IFERROR(IF($C$3="Базовый",INDEX(БЛОК2!D58:E61,MATCH(ФОРМА!E79,БЛОК2!E58:E61,0),1),IF(ФОРМА!$C$3="Комфорт",INDEX(БЛОК2!F58:G61,MATCH(ФОРМА!E79,БЛОК2!G58:G61,0),1),IF(ФОРМА!$C$3="Бизнес",INDEX(БЛОК2!H58:I61,MATCH(ФОРМА!E79,БЛОК2!I58:I61,0),1),IF(ФОРМА!$C$3="Премиум",INDEX(БЛОК2!J58:K61,MATCH(ФОРМА!E79,БЛОК2!K58:K61,0),1),IF(ФОРМА!$C$3="Элит",INDEX(БЛОК2!L58:M61,MATCH(ФОРМА!E79,БЛОК2!M58:M61,0),1),"—"))))),0) -> — | H79: =IF(AND(D79=2,OR(AND($C$3="Элит",E79="отсутствует"),E79="—")),"Требуется компенсация",IF(E79="","Не заполнено поле","")) -> Не заполнено поле
A80: 6.10 | B80: Наличие отдельных этажей с панорамными окнами по всей внешней стене | D80: =IF($C$3<>"—",3,"—") -> — | G80: =IFERROR(IF($C$3="Базовый",INDEX(БЛОК2!D65:E67,MATCH(ФОРМА!E80,БЛОК2!E65:E67,0),1),IF(ФОРМА!$C$3="Комфорт",INDEX(БЛОК2!F65:G67,MATCH(ФОРМА!E80,БЛОК2!G65:G67,0),1),IF(ФОРМА!$C$3="Бизнес",INDEX(БЛОК2!H65:I67,MATCH(ФОРМА!E80,БЛОК2!I65:I67,0),1),IF(ФОРМА!$C$3="Премиум",INDEX(БЛОК2!J65:K67,MATCH(ФОРМА!E80,БЛОК2!K65:K67,0),1),IF(ФОРМА!$C$3="Элит",INDEX(БЛОК2!L65:M67,MATCH(ФОРМА!E80,БЛОК2!M65:M67,0),1),"—"))))),0) -> — | H80: =IF(E80="","Не заполнено поле","") -> Не заполнено поле
A81: 6.11 | B81: Доля квартир с окнами во вспомогательных помещениях (ванная, санузел, гардеробная и т.п.) | D81: =IF($C$3<>"—",3,"—") -> — | G81: =IFERROR(IF($C$3="Базовый",INDEX(БЛОК2!D70:E73,MATCH(ФОРМА!E81,БЛОК2!E70:E73,0),1),IF(ФОРМА!$C$3="Комфорт",INDEX(БЛОК2!F70:G73,MATCH(ФОРМА!E81,БЛОК2!G70:G73,0),1),IF(ФОРМА!$C$3="Бизнес",INDEX(БЛОК2!H70:I73,MATCH(ФОРМА!E81,БЛОК2!I70:I73,0),1),IF(ФОРМА!$C$3="Премиум",INDEX(БЛОК2!J70:K73,MATCH(ФОРМА!E81,БЛОК2!K70:K73,0),1),IF(ФОРМА!$C$3="Элит",INDEX(БЛОК2!L70:M73,MATCH(ФОРМА!E81,БЛОК2!M70:M73,0),1),"—"))))),0) -> — | H81: =IF(E81="","Не заполнено поле","") -> Не заполнено поле
A82: 6.12 | B82: "Пятый фасад" | D82: =IF(OR($C$3="Базовый",$C$3="Комфорт",$C$3="Бизнес"),3,IF(OR($C$3="Премиум",$C$3="Элит"),2,IF(OR($C$3="",$C$3="—"),"—",1))) -> — | G82: =IFERROR(IF($C$3="Базовый",INDEX(БЛОК2!D77:E81,MATCH(ФОРМА!E82,БЛОК2!E77:E81,0),1),IF(ФОРМА!$C$3="Комфорт",INDEX(БЛОК2!F77:G81,MATCH(ФОРМА!E82,БЛОК2!G77:G81,0),1),IF(ФОРМА!$C$3="Бизнес",INDEX(БЛОК2!H77:I81,MATCH(ФОРМА!E82,БЛОК2!I77:I81,0),1),IF(ФОРМА!$C$3="Премиум",INDEX(БЛОК2!J77:K81,MATCH(ФОРМА!E82,БЛОК2!K77:K81,0),1),IF(ФОРМА!$C$3="Элит",INDEX(БЛОК2!L77:M81,MATCH(ФОРМА!E82,БЛОК2!M77:M81,0),1),"—"))))),0) -> — | H82: =IF(AND(D82=2,OR(AND($C$3="Премиум",E82="декорирование коммуникаций"),AND($C$3="Элит",E82="декорирование коммуникаций"),E82="—")),"Требуется компенсация",IF(E82="","Не заполнено поле","")) -> Не заполнено поле
A83: 6.13 | B83: Архитектурно-художественная подсветка | D83: =IF(OR($C$3="Базовый",$C$3="Комфорт"),3,IF(OR($C$3="Бизнес",$C$3="Премиум",$C$3="Элит"),2,IF(OR($C$3="",$C$3="—"),"—",1))) -> — | G83: =IFERROR(IF($C$3="Базовый",INDEX(БЛОК2!D85:E89,MATCH(ФОРМА!E83,БЛОК2!E85:E89,0),1),IF(ФОРМА!$C$3="Комфорт",INDEX(БЛОК2!F85:G89,MATCH(ФОРМА!E83,БЛОК2!G85:G89,0),1),IF(ФОРМА!$C$3="Бизнес",INDEX(БЛОК2!H85:I89,MATCH(ФОРМА!E83,БЛОК2!I85:I89,0),1),IF(ФОРМА!$C$3="Премиум",INDEX(БЛОК2!J85:K89,MATCH(ФОРМА!E83,БЛОК2!K85:K89,0),1),IF(ФОРМА!$C$3="Элит",INDEX(БЛОК2!L85:M89,MATCH(ФОРМА!E83,БЛОК2!M85:M89,0),1),"—"))))),0) -> — | H83: =IF(AND(D83=2,OR($C$3="Бизнес",$C$3="Премиум",$C$3="Элит"),E83="—"),"Не соответствует классу",IF(E83="","Не заполнено поле","")) -> Не заполнено поле
A84: 6.14 | B84: Способ размещения наружных блоков кондиционеров (в увязке с системой кондиционирования) | D84: =IF($C$3="Базовый",3,IF(OR($C$3="Комфорт",$C$3="Бизнес",$C$3="Премиум",$C$3="Элит"),2,IF(OR($C$3="",$C$3="—"),"—",1))) -> — | G84: =IFERROR(IF($C$3="Базовый",INDEX(БЛОК2!D93:E99,MATCH(ФОРМА!E84,БЛОК2!E93:E99,0),1),IF(ФОРМА!$C$3="Комфорт",INDEX(БЛОК2!F93:G99,MATCH(ФОРМА!E84,БЛОК2!G93:G99,0),1),IF(ФОРМА!$C$3="Бизнес",INDEX(БЛОК2!H93:I99,MATCH(ФОРМА!E84,БЛОК2!I93:I99,0),1),IF(ФОРМА!$C$3="Премиум",INDEX(БЛОК2!J93:K99,MATCH(ФОРМА!E84,БЛОК2!K93:K99,0),1),IF(ФОРМА!$C$3="Элит",INDEX(БЛОК2!L93:M99,MATCH(ФОРМА!E84,БЛОК2!M93:M99,0),1),"—"))))),0) -> — | H84: =IF(AND(D84=2,OR(AND($C$3="Комфорт",E84="не предусмотрено"),AND(OR($C$3="Бизнес"),E84="корзины на фасаде",E84="—"))),"Требуется компенсация",IF(AND(OR($C$3="Премиум",$C$3="Элит"),E84="—"),"Не соответствует классу",IF(E84="","Не заполнено поле",""))) -> Не заполнено поле
A85: 6.15 | B85: Наличие системы отвода дренажа (конденсата) от блоков кондиционирования | D85: =IF($C$3<>"—",3,"—") -> — | G85: =IFERROR(IF($C$3="Базовый",INDEX(БЛОК2!D103:E105,MATCH(ФОРМА!E85,БЛОК2!E103:E105,0),1),IF(ФОРМА!$C$3="Комфорт",INDEX(БЛОК2!F103:G105,MATCH(ФОРМА!E85,БЛОК2!G103:G105,0),1),IF(ФОРМА!$C$3="Бизнес",INDEX(БЛОК2!H103:I105,MATCH(ФОРМА!E85,БЛОК2!I103:I105,0),1),IF(ФОРМА!$C$3="Премиум",INDEX(БЛОК2!J103:K105,MATCH(ФОРМА!E85,БЛОК2!K103:K105,0),1),IF(ФОРМА!$C$3="Элит",INDEX(БЛОК2!L103:M105,MATCH(ФОРМА!E85,БЛОК2!M103:M105,0),1),"—"))))),0) -> — | H85: =IF(AND(D85=1,OR(E85="нет",E85="—")),"Не соответствует классу",IF(E85="","Не заполнено поле","")) -> Не заполнено поле
A86: Раздел 7. Видовые характеристики | G86: =SUM(G87:G89) -> 0
A87: 7.1 | B87: Наличие видовых квартир с прямым видом на особо значимые объекты (градостроительные и природные доминанты) | D87: =IF($C$3<>"—",3,"—") -> — | G87: =IFERROR(IF($C$3="Базовый",INDEX(БЛОК2!D110:E113,MATCH(ФОРМА!E87,БЛОК2!E110:E113,0),1),IF(ФОРМА!$C$3="Комфорт",INDEX(БЛОК2!F110:G113,MATCH(ФОРМА!E87,БЛОК2!G110:G113,0),1),IF(ФОРМА!$C$3="Бизнес",INDEX(БЛОК2!H110:I113,MATCH(ФОРМА!E87,БЛОК2!I110:I113,0),1),IF(ФОРМА!$C$3="Премиум",INDEX(БЛОК2!J110:K113,MATCH(ФОРМА!E87,БЛОК2!K110:K113,0),1),IF(ФОРМА!$C$3="Элит",INDEX(БЛОК2!L110:M113,MATCH(ФОРМА!E87,БЛОК2!M110:M113,0),1),"—"))))),0) -> — | H87: =IF(E87="","Не заполнено поле","") -> Не заполнено поле
A88: 7.2 | B88: Наличие квартир с депрессивными видами | D88: =IF($C$3<>"—",3,"—") -> — | G88: =IFERROR(IF($C$3="Базовый",INDEX(БЛОК2!D117:E120,MATCH(ФОРМА!E88,БЛОК2!E117:E120,0),1),IF(ФОРМА!$C$3="Комфорт",INDEX(БЛОК2!F117:G120,MATCH(ФОРМА!E88,БЛОК2!G117:G120,0),1),IF(ФОРМА!$C$3="Бизнес",INDEX(БЛОК2!H117:I120,MATCH(ФОРМА!E88,БЛОК2!I117:I120,0),1),IF(ФОРМА!$C$3="Премиум",INDEX(БЛОК2!J117:K120,MATCH(ФОРМА!E88,БЛОК2!K117:K120,0),1),IF(ФОРМА!$C$3="Элит",INDEX(БЛОК2!L117:M120,MATCH(ФОРМА!E88,БЛОК2!M117:M120,0),1),"—"))))),0) -> — | H88: =IF(E88="","Не заполнено поле","") -> Не заполнено поле
A89: 7.3 | B89: Доля этажей с гарантированно незаслоненным панорамным видом (от общей этажности) | D89: =IF($C$3<>"—",3,"—") -> — | G89: =IFERROR(IF($C$3="Базовый",INDEX(БЛОК2!D124:E127,MATCH(ФОРМА!E89,БЛОК2!E124:E127,0),1),IF(ФОРМА!$C$3="Комфорт",INDEX(БЛОК2!F124:G127,MATCH(ФОРМА!E89,БЛОК2!G124:G127,0),1),IF(ФОРМА!$C$3="Бизнес",INDEX(БЛОК2!H124:I127,MATCH(ФОРМА!E89,БЛОК2!I124:I127,0),1),IF(ФОРМА!$C$3="Премиум",INDEX(БЛОК2!J124:K127,MATCH(ФОРМА!E89,БЛОК2!K124:K127,0),1),IF(ФОРМА!$C$3="Элит",INDEX(БЛОК2!L124:M127,MATCH(ФОРМА!E89,БЛОК2!M124:M127,0),1),"—"))))),0) -> — | H89: =IF(E89="","Не заполнено поле","") -> Не заполнено поле
A90: Раздел 8. Объемно-планировочные решения | G90: =SUM(G91:G94) -> 0
A91: 8.1 | B91: Минимальная высота первого этажа для проектов с коммерческими помещениями на первых этажах (в свету, от пола до потолка) | D91: =IF(OR($C$3="Базовый",$C$3="Комфорт"),3,IF(OR($C$3="Бизнес",$C$3="Премиум",$C$3="Элит"),2,IF(OR($C$3="",$C$3="—"),"—",1))) -> — | G91: =IFERROR(IF($C$3="Базовый",INDEX(БЛОК2!D132:E135,MATCH(ФОРМА!E91,БЛОК2!E132:E135,0),1),IF(ФОРМА!$C$3="Комфорт",INDEX(БЛОК2!F132:G135,MATCH(ФОРМА!E91,БЛОК2!G132:G135,0),1),IF(ФОРМА!$C$3="Бизнес",INDEX(БЛОК2!H132:I135,MATCH(ФОРМА!E91,БЛОК2!I132:I135,0),1),IF(ФОРМА!$C$3="Премиум",INDEX(БЛОК2!J132:K135,MATCH(ФОРМА!E91,БЛОК2!K132:K135,0),1),IF(ФОРМА!$C$3="Элит",INDEX(БЛОК2!L132:M135,MATCH(ФОРМА!E91,БЛОК2!M132:M135,0),1),"—"))))),0) -> — | H91: =IF(AND(D91=2,OR($C$3="Премиум",$C$3="Элит"),OR(E91="< 5 000",E91="—")),"Требуется компенсация",IF(AND($C$3="Бизнес",OR(E91="< 4 500",E91="—")),"Требуется компенсация",IF(E91="","Не заполнено поле",""))) -> Не заполнено поле
A92: 8.2 | B92: Минимальная высота первого этажа. Для проектов без коммерческих помещений на 1-ых этажах (в свету, пол - потолок) | D92: =IF($C$3="Базовый",3,IF(OR($C$3="Комфорт",$C$3="Бизнес",$C$3="Премиум",$C$3="Элит"),2,IF(OR($C$3="",$C$3="—"),"—",1))) -> — | G92: =IFERROR(IF($C$3="Базовый",INDEX(БЛОК2!D139:E142,MATCH(ФОРМА!E92,БЛОК2!E139:E142,0),1),IF(ФОРМА!$C$3="Комфорт",INDEX(БЛОК2!F139:G142,MATCH(ФОРМА!E92,БЛОК2!G139:G142,0),1),IF(ФОРМА!$C$3="Бизнес",INDEX(БЛОК2!H139:I142,MATCH(ФОРМА!E92,БЛОК2!I139:I142,0),1),IF(ФОРМА!$C$3="Премиум",INDEX(БЛОК2!J139:K142,MATCH(ФОРМА!E92,БЛОК2!K139:K142,0),1),IF(ФОРМА!$C$3="Элит",INDEX(БЛОК2!L139:M142,MATCH(ФОРМА!E92,БЛОК2!M139:M142,0),1),"—"))))),0) -> — | H92: =IF(AND(D92=2,OR(AND($C$3="Комфорт",E92="< 2 700"),AND($C$3="Бизнес",E92="< 2 800"),AND($C$3="Премиум",E92="< 3 000"),AND($C$3="Элит",E92="< 3 100"),E92="—")),"Требуется компенсация",IF(E92="","Не заполнено поле","")) -> Не заполнено поле
A93: 8.3 | B93: Высота типового этажа (в свету, пол - потолок) (не применимо к объектам культурного наследия) | D93: =IF($C$3="Базовый",3,IF(OR($C$3="Комфорт",$C$3="Бизнес",$C$3="Премиум",$C$3="Элит"),2,IF(OR($C$3="",$C$3="—"),"—",1))) -> — | G93: =IFERROR(IF($C$3="Базовый",INDEX(БЛОК2!D146:E149,MATCH(ФОРМА!E93,БЛОК2!E146:E149,0),1),IF(ФОРМА!$C$3="Комфорт",INDEX(БЛОК2!F146:G149,MATCH(ФОРМА!E93,БЛОК2!G146:G149,0),1),IF(ФОРМА!$C$3="Бизнес",INDEX(БЛОК2!H146:I149,MATCH(ФОРМА!E93,БЛОК2!I146:I149,0),1),IF(ФОРМА!$C$3="Премиум",INDEX(БЛОК2!J146:K149,MATCH(ФОРМА!E93,БЛОК2!K146:K149,0),1),IF(ФОРМА!$C$3="Элит",INDEX(БЛОК2!L146:M149,MATCH(ФОРМА!E93,БЛОК2!M146:M149,0),1),"—"))))),0) -> — | H93: =IF(AND(D93=2,OR(AND($C$3="Комфорт",E93="< 2 700"),AND($C$3="Бизнес",E93="< 2 800"),AND($C$3="Премиум",E93="< 3 000"),AND($C$3="Элит",E93="< 3 100"),E93="—")),"Требуется компенсация",IF(E93="","Не заполнено поле","")) -> Не заполнено поле
A94: 8.4 | B94: Минимальная высота топ-этажа (в свету, пол - потолок) | D94: =IF($C$3<>"—",3,"—") -> — | G94: =IFERROR(IF($C$3="Базовый",INDEX(БЛОК2!D153:E156,MATCH(ФОРМА!E94,БЛОК2!E153:E156,0),1),IF(ФОРМА!$C$3="Комфорт",INDEX(БЛОК2!F153:G156,MATCH(ФОРМА!E94,БЛОК2!G153:G156,0),1),IF(ФОРМА!$C$3="Бизнес",INDEX(БЛОК2!H153:I156,MATCH(ФОРМА!E94,БЛОК2!I153:I156,0),1),IF(ФОРМА!$C$3="Премиум",INDEX(БЛОК2!J153:K156,MATCH(ФОРМА!E94,БЛОК2!K153:K156,0),1),IF(ФОРМА!$C$3="Элит",INDEX(БЛОК2!L153:M156,MATCH(ФОРМА!E94,БЛОК2!M153:M156,0),1),"—"))))),0) -> — | H94: =IF(E94="","Не заполнено поле","") -> Не заполнено поле
A95: Раздел 8.1. Объемно-планировочные решения МОП | G95: =SUM(G96:G119) -> 0
A96: 8.1.1 | B96: Тип входной группы (основная) | D96: =IF(OR($C$3="Базовый",$C$3="Комфорт",$C$3="Бизнес"),3,IF(OR($C$3="Премиум",$C$3="Элит"),2,IF(OR($C$3="",$C$3="—"),"—",1))) -> — | G96: =IFERROR(IF($C$3="Базовый",INDEX(БЛОК2!D161:E164,MATCH(ФОРМА!E96,БЛОК2!E161:E164,0),1),IF(ФОРМА!$C$3="Комфорт",INDEX(БЛОК2!F161:G164,MATCH(ФОРМА!E96,БЛОК2!G161:G164,0),1),IF(ФОРМА!$C$3="Бизнес",INDEX(БЛОК2!H161:I164,MATCH(ФОРМА!E96,БЛОК2!I161:I164,0),1),IF(ФОРМА!$C$3="Премиум",INDEX(БЛОК2!J161:K164,MATCH(ФОРМА!E96,БЛОК2!K161:K164,0),1),IF(ФОРМА!$C$3="Элит",INDEX(БЛОК2!L161:M164,MATCH(ФОРМА!E96,БЛОК2!M161:M164,0),1),"—"))))),0) -> — | H96: =IF(AND(D96=2,OR(AND(OR($C$3="Премиум",$C$3="Элит"),E96="типовая"),E96="—")),"Требуется компенсация",IF(E96="","Не заполнено поле","")) -> Не заполнено поле
A97: 8.1.2 | B97: Двусторонняя ориентация входной группы (% от общего количества зданий / секций) | D97: =IF(OR($C$3="Базовый",$C$3="Комфорт"),3,IF($C$3="Бизнес",2,IF(OR($C$3="Премиум",C$3="Элит"),1,IF(OR($C$3="",$C$3="—"),"—",1)))) -> — | G97: =IFERROR(IF($C$3="Базовый",INDEX(БЛОК2!D168:E171,MATCH(ФОРМА!E97,БЛОК2!E168:E171,0),1),IF(ФОРМА!$C$3="Комфорт",INDEX(БЛОК2!F168:G171,MATCH(ФОРМА!E97,БЛОК2!G168:G171,0),1),IF(ФОРМА!$C$3="Бизнес",INDEX(БЛОК2!H168:I171,MATCH(ФОРМА!E97,БЛОК2!I168:I171,0),1),IF(ФОРМА!$C$3="Премиум",INDEX(БЛОК2!J168:K171,MATCH(ФОРМА!E97,БЛОК2!K168:K171,0),1),IF(ФОРМА!$C$3="Элит",INDEX(БЛОК2!L168:M171,MATCH(ФОРМА!E97,БЛОК2!M168:M171,0),1),"—"))))),0) -> — | H97: =IF(AND(D97=2,(OR(E97="< 80%",E97="—"))),"Требуется компенсация",IF(AND(D97=1,E97="—"),"Не соответствует классу",IF(E97="","Не заполнено поле",""))) -> Не заполнено поле
A98: 8.1.3 | B98: Организация входа в один уровень с землей (% от общего количества зданий / секций) | D98: =IF($C$3="Базовый",3,IF($C$3="Комфорт",2,IF(OR($C$3="Бизнес",$C$3="Премиум",C$3="Элит"),1,IF(OR($C$3="",$C$3="—"),"—",1)))) -> — | G98: =IFERROR(IF($C$3="Базовый",INDEX(БЛОК2!D175:E178,MATCH(ФОРМА!E98,БЛОК2!E175:E178,0),1),IF(ФОРМА!$C$3="Комфорт",INDEX(БЛОК2!F175:G178,MATCH(ФОРМА!E98,БЛОК2!G175:G178,0),1),IF(ФОРМА!$C$3="Бизнес",INDEX(БЛОК2!H175:I178,MATCH(ФОРМА!E98,БЛОК2!I175:I178,0),1),IF(ФОРМА!$C$3="Премиум",INDEX(БЛОК2!J175:K178,MATCH(ФОРМА!E98,БЛОК2!K175:K178,0),1),IF(ФОРМА!$C$3="Элит",INDEX(БЛОК2!L175:M178,MATCH(ФОРМА!E98,БЛОК2!M175:M178,0),1),"—"))))),0) -> — | H98: =IF(AND(D98=2,(OR(E98="30% - 70%",E98="—"))),"Требуется компенсация",IF(AND(D98=1,E98="—"),"Не соответствует классу",IF(E98="","Не заполнено поле",""))) -> Не заполнено поле
A99: 8.1.4 | B99: Оформление входной группы (защита от осадков) | D99: =IF($C$3="Базовый",3,IF($C$3="Комфорт",2,IF(OR($C$3="Бизнес",$C$3="Премиум",C$3="Элит"),1,IF(OR($C$3="",$C$3="—"),"—",1)))) -> — | G99: =IFERROR(IF($C$3="Базовый",INDEX(БЛОК2!D182:E184,MATCH(ФОРМА!E99,БЛОК2!E182:E184,0),1),IF(ФОРМА!$C$3="Комфорт",INDEX(БЛОК2!F182:G184,MATCH(ФОРМА!E99,БЛОК2!G182:G184,0),1),IF(ФОРМА!$C$3="Бизнес",INDEX(БЛОК2!H182:I184,MATCH(ФОРМА!E99,БЛОК2!I182:I184,0),1),IF(ФОРМА!$C$3="Премиум",INDEX(БЛОК2!J182:K184,MATCH(ФОРМА!E99,БЛОК2!K182:K184,0),1),IF(ФОРМА!$C$3="Элит",INDEX(БЛОК2!L182:M184,MATCH(ФОРМА!E99,БЛОК2!M182:M184,0),1),"—"))))),0) -> — | H99: =IF(AND(D99=2,(OR(E99="нет",E99="—"))),"Требуется компенсация",IF(AND(D99=1,E99="—"),"Не соответствует классу",IF(E99="","Не заполнено поле",""))) -> Не заполнено поле
A100: 8.1.5 | B100: Зона подогрева покрытий благоустройства | D100: =IF($C$3<>"—",3,"—") -> — | G100: =IFERROR(IF($C$3="Базовый",INDEX(БЛОК2!D188:E192,MATCH(ФОРМА!E100,БЛОК2!E188:E192,0),1),IF(ФОРМА!$C$3="Комфорт",INDEX(БЛОК2!F188:G192,MATCH(ФОРМА!E100,БЛОК2!G188:G192,0),1),IF(ФОРМА!$C$3="Бизнес",INDEX(БЛОК2!H188:I192,MATCH(ФОРМА!E100,БЛОК2!I188:I192,0),1),IF(ФОРМА!$C$3="Премиум",INDEX(БЛОК2!J188:K192,MATCH(ФОРМА!E100,БЛОК2!K188:K192,0),1),IF(ФОРМА!$C$3="Элит",INDEX(БЛОК2!L188:M192,MATCH(ФОРМА!E100,БЛОК2!M188:M192,0),1),"—"))))),0) -> — | H100: =IF(E100="","Не заполнено поле","") -> Не заполнено поле
A101: 8.1.6 | B101: Светопрозрачная конструкция двери входной группы (не применимо к объектам культурного наследия) | D101: =IF($C$3="Базовый",3,IF(OR($C$3="Комфорт",$C$3="Премиум",$C$3="Бизнес",$C$3="Элит"),1,IF(OR($C$3="",$C$3="—"),"—",1))) -> — | G101: =IFERROR(IF($C$3="Базовый",INDEX(БЛОК2!D196:E198,MATCH(ФОРМА!E101,БЛОК2!E196:E198,0),1),IF(ФОРМА!$C$3="Комфорт",INDEX(БЛОК2!F196:G198,MATCH(ФОРМА!E101,БЛОК2!G196:G198,0),1),IF(ФОРМА!$C$3="Бизнес",INDEX(БЛОК2!H196:I198,MATCH(ФОРМА!E101,БЛОК2!I196:I198,0),1),IF(ФОРМА!$C$3="Премиум",INDEX(БЛОК2!J196:K198,MATCH(ФОРМА!E101,БЛОК2!K196:K198,0),1),IF(ФОРМА!$C$3="Элит",INDEX(БЛОК2!L196:M198,MATCH(ФОРМА!E101,БЛОК2!M196:M198,0),1),"—"))))),0) -> — | H101: =IF(AND(D101=1,OR(E101="нет",E101="—")),"Не соответствует классу",IF(E101="","Не заполнено поле","")) -> Не заполнено поле
...

Sheet СПРАВОЧНИК
A1: № в анкете | B1: Параметр | C1: Описание
A2: 4.2 | B2: Дворовая территория
B3: Открытая | C3: Свободный пешеходный транзит
B4: Частично замкнутая | C4: Транзит ограничен, но полностью не исключен (например, проход через двор к другому объекту)
B5: Полностью замкнутая | C5: Доступ только для жителей, внешний пешеходный транзит отсутствует, есть СКУД или консьерж
A6: 4.3 | B6: Безбарьерность пешеходных маршрутов
B7: уровень 1 | C7: Безбарьерны только основные подходы к подъездам, остальные маршруты не соответствуют
B8: уровень 2 | C8: Внутри комплекса все пути безбарьерны, но связь с городской сетью не обеспечена или ограничена
B9: уровень 3 | C9: Обеспечена безбарьерная связь с остановками, магазинами, соцобъектами за пределами комплекса
A10: 4.5 | B10: Тип и сложность озеленения
B11: Отсутствует / деградировано | C11: Озеленение не предусмотрено проектом или фактически заложенные посадки не выполняют своих функций (изреженный газон, погибшие растения, эрозия почвы, отсутствие ухода)
B12: Экстенсивное простое | C12: Газон, единичные кустарники, без деревьев или с единичными деревьями без выраженной композиции
B13: Улучшенное экстенсивное | C13: Качественный газон, разнообразные кустарники, цветники, включая деревья (не крупномеры), элементы композиции
B14: Интенсивное многоярусное | C14: Крупномерные деревья, многоярусные композиции, кустарники, цветники, газон, возможно водные объекты
A15: 4.10 | B15: Наличие Drop-off зоны
B16: Организованная зона | C16: Специально выделенное место на территории ЖК (карман, уширение проезда) для кратковременной остановки транспорта с целью высадки/посадки пассажиров. Имеет обозначение: дорожный знак и/или разметку. Дополнительные элементы благоустройства (навес, скамейки, улучшенное покрытие) отсутствуют
B17: Благостроенная зона | C17: Специально выделенное место на территории жилого комплекса (карман, уширение проезда), предназначенное для кратковременной остановки транспорта с целью высадки и посадки пассажиров. Зона обозначена дорожным знаком и/или разметкой. В отличие от организованной Drop-off зоны, дополнительно оснащена элементами благоустройства: навесом, скамейками, улучшенным покрытием, освещением, озеленением. Расположена у входа в здание
A18: 4.12 | B18: Ландшафтное освещение
B19: Базовое | C19: Уровень освещения, при котором светильники обеспечивают только минимально необходимую видимость на пешеходных дорожках и проездах. Подсветка отдельных элементов (деревьев, МАФ, фасадов) отсутствует. Применяются типовые светильники на опорах
B20: Функциональное | C20: Уровень освещения, при котором помимо пешеходных дорожек освещены ключевые зоны: входные группы, детские площадки, парковки. Возможно использование боллардов и диммирования
B21: Декоративное | C21: Уровень освещения, при котором свет выполняет эстетическую функцию: подсвечены деревья, кустарники, МАФ, архитектурные элементы, фасады. Возможны сценарное управление, диммирование
A22: 5.2 | B22: Фитнес
B23: Фитнес - студия | C23: Узкоспециализированный объект (йога, пилатес, кроссфит, танцы). Площадь 150 - 500 кв. м. Одна - две программы
B24: Фитнес - клуб | C24: Классический набор: тренажерный зал + групповые программы. Площадь от 500 кв. м
B25: Фитнес - центр | C25: Мультифункциональный объект (часто, но необязательно с бассейном), SPA, несколькими залами. Площадь от 1 000 кв. м
A26: 5.3 | B26: Бассейн
B27: Купель / СПА - бассейн | C27: Не является плавательным бассейном. Предназначен для релаксации, гидромассажа, контрастных процедур. Плавание как таковое невозможно (купель)
B28: Малый бассейн | C28: Малый бассейн / «лягушатник». Ванна предназначена в основном для обучения детей, игр или купания. Для плавания как тренировки малопригодна (< 15 метров)
B29: Бассейн для оздоровительного плавания | C29: Бассейн для оздоровительного плавания. Длина достаточна для полноценных занятий, но не соответствует спортивным стандартам (от 15 до 24 метров)
B30: Спортивный бассейн | C30: Спортивный / полноценный бассейн. Пригоден для тренировок по плаванию, проведения соревнований местного уровня (≥ 25 метров)
A31: 5.5 | B31: Образовательная функция
B32: Детский центр / студия | C32: Группы «присмотра и ухода» без лицензии, центры развития, секции
B33: Школа / детский сад | C33: Наличие одного полноценного объекта. Школа — только отдельно стоящее здание. Детский сад — отдельно стоящее, встроенное или пристроенное здание с лицензией
B34: Образовательный кластер | C34: Наличие отдельно стоящих зданий школы и детского сада. Единая охраняемая территория, спортивные и развивающие зоны
A35: 8.1.1 | B35: Входная группа
B36: Типовая | C36: Входная группа, обслуживающая одну секцию (подъезд) и обеспечивающая непосредственный доступ в жилую часть данной секции через лифты и лестницы. Выполняет функцию первичного транзита «улица → квартира» без выраженной общественной функции. Может включать тамбур, пост консьержа, зону ожидания. Организация доступа: прямое попадание в жилую вертикаль одной секции
B37: Центральная | C37: Входная группа, обслуживающая несколько секций или корпусов и выполняющая функцию распределительного узла: из неё организуется доступ в жилые секции/корпуса, а также могут размещаться общие для комплекса функции (ресепшн, зона ожидания, помещения общественного назначения). Такая группа служит местом встреч и ожидания для резидентов Организация доступа: транзитный узел, из которого житель направляется в свою секцию/корпус; прямая вертикальная связь с квартирами может присутствовать (если секции примыкают к лобби), но не является определяющим признаком
B38: Гранд - лобби | C38: Центральная входная группа, выполняющая функцию многофункционального общественного пространства-«гостиной» для резидентов всего комплекса, а не только транзитного узла. Проектируется как «визитная карточка» проекта и место социального взаимодействия; может включать коворкинг, переговорные, библиотеку, детскую комнату, лаунж-зоны, мини-кухни и другие сценарии досуга Организация доступа: не имеет прямой вертикальной связи с жилыми этажами — из него нет непосредственного доступа в квартиры через лифты/лестницы жилой части. Житель проходит через гранд-лобби как через общественную зону, а в жилую часть попадает через отдельные входные группы/лифтовые холлы корпусов
A39: 8.1.5 | B39: Зона подогрева покрытий благоустройства
B40: Зона входной группы | C40: Подгрев площадки перед входом и/или ступеней
B41: Основные функциональные зоны | C41: Подогрев главных пешеходных маршрутов + входных групп
B42: Все функциональные зоны | C42: Подогрев всех пешеходных маршрутов + входных групп + зон отдыха
A43: 8.1.8 | B43: Доступность МГН
B44: Частичная доступность | C44: Доступность только основных зон МОП (вход, лифтовой холл). Остальные помещения (колясочные, санузлы, коворкинг, детские зоны) для МГН недоступны
B45: Доступность со спец.средствами | C45: Доступность, обеспеченная за счет установки специальных технических средств: подъемников, электрических пандусов, кнопок вызова персонала. Планировочные решения не позволяют преодолеть барьеры без этих устройств
B46: Планировочная доступность | C46: Доступность, обеспеченная за счет архитектурно-планировочных решений: вход на уровне земли, отсутствие порогов, нормативные уклоны пандусов, достаточная ширина проходов, наличие лифтов и доступных санузлов. Специальные технические средства не требуются
A47: 8.1.23 | B47: Наличие изолированных сервисных зон для персонала (минимизация пересечения с трафиком резидентов)
B48: Минимальная изоляция | C48: Уровень организации сервисных зон, при котором для обслуживающего персонала предусмотрены только отдельные помещения для хранения уборочного инвентаря и технических нужд (ПУИ, техпомещения). Перемещение персонала по зданию, доставка и уборка осуществляются через общие с жителями зоны: лифты, коридоры, входные группы. Специальные сервисные коридоры и лифты отсутствуют
B49: Частичная изоляция | C49: Состояние, при котором есть отдельные помещения для персонала, но перемещение по зданию происходит по общим зонам (лифты, коридоры). Пересечение минимизируется организационными мерами
B50: Полная изоляция | C50: Состояние, при котором маршруты персонала полностью отделены от маршрутов резидентов. Достигается за счет отдельных сервисных лифтов, коридоров и входных групп
B51: Изолированные сервисные зоны для персонала | C51: Совокупность помещений, коридоров и коммуникаций, предназначенных для перемещения и работы обслуживающего персонала (консьержи, уборщицы, техники, садовники) без пересечения с трафиком жителей. Включают отдельные входы, лифты, коридоры, помещения для хранения инвентаря и отдыха персонала
A52: 8.2.6 | B52: Мастер-спальня (мастер-сьют)
B53: Стандартная спальня | C53: Спальня без собственной ванной комнаты и без гардеробной. Санузел и места хранения являются общими для квартиры
B54: Спальня с одним из элементов | C54: Промежуточный уровень. Спальня имеет либо собственную ванную комнату, либо гардеробную, но не оба элемента одновременно
B55: Полная мастер-спальня | C55: Спальня, объединяющая в себе одновременно собственную ванную комнату (en-suite) и гардеробную (walk-in closet) как элементы, входящие в состав спального блока и доступные непосредственно из спальни (или через изолированный тамбур/коридор спального блока), без выхода в общие зоны квартиры
B56: Спальня с walk-in closet | C56: Спальня, имеющая гардеробную или выделенную гардеробную зону, но без собственной ванной комнаты
B57: Спальня с en-suite | C57: Спальня, имеющая собственную ванную комнату, но без отдельной гардеробной; промежуточный уровень между стандартной спальней и мастер-спальней. Собственная ванная комната должна быть оборудована душевой кабиной либо ванной; допускается наличие только душевой при условии, что ванна (чаша) предусмотрена в общей зоне квартиры (общем санузле)
A58: 8.2.7 | B58: Дополнительные места хранения в общей зоне
B59: Частичное соответствие | C59: Требование выполнено не для всех типов квартир
B60: Полное соответствие | C60: Требование выполнено для всех квартир проекта: для малых квартир — ниша/встроенный шкаф, для больших — полноценная гардеробная
A61: 8.3.3 | B61: Класс энергоэффективности оконных конструкций
B62: Нормальный | C62: в соответствии с СП
B63: Повышенный | C63: +25% к СП
B64: Высокий | C64: +50% к СП
A65: 10.2 | B65: Тип лифтов
B66: Пассажирский лифт | C66: Лифт для перевозки людей, без специальных функций для грузов
B67: Грузопассажирский лифт | C67: Лифт, предназначенный для перевозки людей и грузов, с увеличенной грузоподъемностью и габаритами кабины
B68: Сервисный - грузопассажирский | C68: Лифт для перемещения обслуживающего персонала, доставки товаров, разгрузки, уборки. Часто имеет отдельный режим работы и не используется жильцами
B69: Сервисный - грузовой | C69: Лифт с максимальной грузоподъемностью, предназначенный для тяжелых и крупногабаритных грузов
A70: 10.4 | B70: Сервисный лифт: степень изоляции
B71: Временный сервисный режим | C71: Режим, при котором обычный пассажирский лифт временно переводится в сервисный по необходимости
B72: Постоянный сервисный режим | C72: Режим работы лифта, при котором он постоянно выполняет функции сервисного, но доступ к нему осуществляется из общего ЛЛУ
B73: Изолированный сервисный лиф | C73: Сервисный лифт, имеющий отдельную зону доступа (холл, вход, шахту), полностью изолированную от маршрутов резидентов. Обеспечивает минимизацию пересечения трафика персонала и жителей
A74: 10.9 | B74: Интеллектуальная система управления группой лифтов
B75: Базовая групповая система управления | C75: Система, объединяющая вызовы от нескольких лифтов и распределяющая их по простым алгоритмам (например, ближайший лифт) без адаптации, обучения и прогнозирования пассажиропотоков
B76: Адаптивная система управления группой лифтов | C76: Система, которая автоматически анализирует текущий пассажиропоток, прогнозирует спрос и распределяет вызовы между лифтами для минимизации времени ожидания и энергопотребления. Является более высоким уровнем по сравнению с базовой групповой системой
B77: Адаптивная интеллектуальная система + интеграция с СКУД | C77: Решение, при котором система управления группой лифтов обменивается данными с системой контроля доступа (СКУД) здания. При идентификации жителя в СКУД (по карте, смартфону или биометрии) лифт автоматически получает информацию о разрешенных этажах и вызывает кабину на нужный уровень, исключая необходимость нажатия кнопки вызова. Обеспечивает бесконтактность, персонализацию и повышенную безопасность, предотвращая доступ посторонних на жилые этажи
A78: 11.1 | B78: Схема разводки отопления
B79: Вертикальная разводка | C79: Схема с вертикальными стояками, проходящими через этажи, и горизонтальными подводками к приборам внутри помещения
B80: Тройниковая (последовательная) разводка | C80: Схема, при которой отопительные приборы подключены последовательно к одному стояку или магистрали через тройники. Температура приборов зависит от их удаленности от источника: первые в цепочке получают более горячий теплоноситель, последние — остывший. Регулировка температуры в отдельных помещениях ограничена
B81: Коллекторная (лучевая) разводка | C81: Схема отопления, при которой каждый отопительный прибор подключен к распределительному коллектору отдельной трубой (лучом). Обеспечивает равномерный прогрев всех приборов, возможность индивидуальной регулировки температуры в каждом помещении, скрытую прокладку труб в стяжке или стенах
A82: 11.6 | B82: Дополнительная фильтрация воздуха в квартире (многоступенчатая очистка приточного воздуха)
B83: Нет | C83: Только стандартная фильтрация
B84: Да | C84: Наличие дополнительной фильтрации (класс не ниже F7)
B85: Многоступенчатая (HEPA + уголь) | C85: Очистка от пыли, аллергенов, газов и запахов
A86: 11.7 | B86: Тип системы кондиционирования
B87: Индивидуальная | C87: Системы кондиционирования, при которых каждый собственник самостоятельно приобретает и устанавливает внешние и внутренние блоки. Внешние блоки могут размещаться на балконах, фасадах, технических лоджиях
B88: Центральная | C88: Система кондиционирования, при которой застройщик устанавливает наружные блоки либо на технических этажах или лоджиях, либо на кровле. Обеспечивает скрытый монтаж внутренних блоков и единое управление
A89: 11.10 | B89: Наличие диспетчеризации инженерных систем
B90: Да | C90: Базовая диспетчеризация (сбор данных, аварийные сигналы)
B91: С мониторингом и управлением | C91: Удаленный контроль и настройка параметров систем
A92: 11.13 | B92: Способ организации сбора мусора жильцами (ТБО)
B93: Мусоропровод | C93: Составная часть комплекса инженерного оборудования здания, предназначенная для приема, вертикального транспортирования и временного хранения твердых бытовых отходов (ТБО)
B94: Мусоросборная камера на 1-м этаже | C94: Встроенное или пристроенное помещение на первом этаже жилого здания, предназначенное для временного накопления ТКО. Имеет самостоятельный выход с улицы, изолированный от входа в подъезд. Оборудуется вентиляцией, водопроводом, канализацией и запирающим устройством
B95: Наземная контейнерная площадка | C95: Традиционная площадка на территории двора с наземными евроконтейнерами для сбора ТКО. Может быть оборудована для раздельного сбора (цветные баки для разных фракций)
B96: Заглубленные (подземные) контейнеры | C96: Система сбора ТКО, при которой контейнеры размещены под землей в герметичной бетонной конструкции. На поверхности остаются только приемные люки. Опорожнение — спецтехникой: контейнер поднимают, опустошают и возвращают на место. Преимущества: экономят пространство, не создают визуального шума, требуют меньшей санитарной зоны, минимизируют запахи и риск появления грызунов
B97: Изолированное охлаждаемое помещение для временного сбора мусора на −1 этаже подземной автостоянки | C97: Специально выделенное помещение в подземном паркинге, оборудованное системой охлаждения и вентиляции для предотвращения распространения запахов и размножения бактерий. Жители спускаются в паркинг и выбрасывают мусор
B98: Помещение для временного сбора мусора на всех жилых этажах | C98: Выделенное помещение на каждом жилом этаже для временного накопления ТКО. Жители выносят отходы туда, а служба УК регулярно забирает их и транспортирует на сервисном лифте в центральную мусоросборную камеру. Обеспечивает высокий санитарный комфорт, исключает необходимость спуска во двор
B99: Вакуумная система мусороудаления | C99: Система, при которой отходы с помощью потока воздуха (скорость до 70 км/ч) транспортируются по подземному трубопроводу на центральную станцию сбора. Полностью замкнутый цикл, исключающий контакт человека с отходами, запахи и доступ грызунов. Позволяет организовать раздельный сбор фракций
A100: 11.15 | B100: Indoor-покрытие сотовой связи
...

Sheet ГЛОССАРИЙ
A1: № в анкете | B1: Термин | C1: Определение
A2: =ФОРМА!A9 -> 1.1 | B2: Время пути до ключевых точек притяжения города (деловой центр, образовательные кластеры) в час-пик | C2: Расчетное время в минутах, необходимое для перемещения от объекта новостройки до ближайшей/основной точки притяжения города в условиях пиковой транспортной нагрузки; под точкой притяжения понимается локация, генерирующая регулярные маятниковые миграции населения (административный центр, место приложения труда, учебы, реже — обслуживания), при этом для классификатора релевантны два типа — деловой центр и образовательный кластер, а время пути может рассчитываться как для личного автомобиля, так и для общественного транспорта, а также для пешеходной доступности; тип точки притяжения (деловой центр или образовательный кластер) определяется застройщиком самостоятельно исходя из того, что релевантно для города, в котором располагается новостройка
A3: =ФОРМА!A21 -> 2.2 | B3: Плоскостной паркинг | C3: Одноуровневая открытая или частично огражденная площадка для размещения транспортных средств. Он не имеет этажей, автомобили стоят на одном уровне, часто без капитальных ограждений, только с разметкой, столбиками, делиниаторами и шлагбаумом
A4: =ФОРМА!A21 -> 2.2 | B4: Многоуровневый паркинг | C4: Сооружение, в котором места для стоянки расположены на нескольких этажах (уровнях). Это позволяет увеличить вместимость парковки на ограниченной площади за счет вертикального зонирования
A5: =ФОРМА!A21 -> 2.2 | B5: Подземный паркинг | C5: Сооружение для хранения автомобилей, расположенное ниже уровня земли (полностью или частично заглубленное). Относится к категории гаражей-стоянок закрытого типа и является объектом капитального строительства
A6: =ФОРМА!A23 -> 2.4 | B6: Доля зависимых машиномест | C6: Доля машиномест в общем объеме проекта, размещенных по последовательной (тандемной) схеме, при которой доступ к одному машиноместу возможен только при условии предварительного освобождения смежного машиноместа, расположенного перед ним; такие машиноместа, как правило, реализуются одному собственнику. Показатель выражается в процентах
A7: =ФОРМА!A28 -> 2.9 | B7: =ФОРМА!B28 -> Вертикальная связь подземной части с жилыми этажами | C7: Наличие лифтового оборудования, обеспечивающего доступ из подземной части объекта на жилые этажи здания
A8: =ФОРМА!A29 -> 2.10 | B8: =ФОРМА!B29 -> Ширина въезда в паркинг (ворота) | C8: Ширина проема въездных ворот (въездной группы) в подземный или наземный паркинг, выраженная в метрах и определяющая пропускную способность въезда и удобство маневрирования транспортных средств при заезде/выезде
A9: =ФОРМА!A31 -> 2.12 | B9: =ФОРМА!B31 -> Обеспечение беспрепятственного проезда автомобилей с низким клиренсом по рампе | C9: Конструктивное решение рампы (въездной/выездной), обеспечивающее возможность проезда транспортных средств с низким дорожным просветом без контакта элементов кузова/подвески с покрытием: продольный уклон рампы в допустимых пределах, плавность сопряжений (переходных участков) на въезде и выезде, отсутствие порогов и перепадов высот, достаточная геометрия рампы
A10: =ФОРМА!A35 -> 2.16 | B10: =ФОРМА!B35 -> Выделенная зона разгрузки в подземном паркинге (обозначена разметкой и не используется для хранения автомобилей) | C10: Специально обозначенная разметкой зона в подземном паркинге, предназначенная для разгрузки/погрузки (подъезда служебного транспорта, перемещения грузов) и не используемая для хранения автомобилей
A11: =ФОРМА!A36 -> 2.17 | B11: =ФОРМА!B36 -> Шкаф за м/м | C11: Наличие металлического роллетного шкафа, расположенного непосредственно за машиноместом и предназначенного для хранения личных вещей собственника; указывается как дополнительная опция машиноместа
A12: =ФОРМА!A38 -> 2.19 | B12: =ФОРМА!B38 -> Valet-паркинг | C12: Формат парковочного сервиса, при котором водитель передает автомобиль сотруднику парковки (или автоматизированной системе) на выделенной зоне приема, а дальнейшее размещение транспортного средства на машиноместо и его подача по запросу осуществляются без участия владельца
A13: =ФОРМА!A40 -> 3.1 | B13: =ФОРМА!B40 -> Обеспеченность велопарковочными местами (шт. на 1 квартиру) | C13: Удельный показатель, рассчитываемый как отношение общего количества велопарковочных мест, предусмотренных проектом (как в здании, так и на земельном участке многоквартирного дома), к общему числу квартир в объекте
A14: =ФОРМА!A41 -> 3.2 | B14: =ФОРМА!B41 -> Крытые/защищенные велопарковки | C14: Наличие велопарковочных мест, размещенных в закрытых или защищенных от атмосферных осадков и внешних воздействий конструкциях (крытые навесы, помещения в здании, отдельно стоящие велогаражи, боксы), обеспечивающих сохранность велосипедов и защиту от погодных условий
A15: 4.6 | B15: =ФОРМА!B51 -> Наличие выделенной озелененной зоны (двор-парк / сквер) в границах ЗУ МКД площадью не менее: для КРТ — 0,5 га; для квартальной застройки — 0,3 га; для точечной застройки — не применимо | C15: Пространственный признак, фиксирующий наличие в границах земельного участка многоквартирного дома самостоятельного объекта благоустройства — специально выделенной, функционально обособленной озелененной зоны рекреационного назначения (двор-парк, сквер) площадью не ниже порога, установленного для соответствующего типа застройки
A16: 4.9 | B16: =ФОРМА!B54 -> Наличие площадки для массовых мероприятий (событийной площади) на территории ЖК | C16: Наличие в границах проекта специально выделенной, функционально обособленной площадки, предназначенной для проведения массовых мероприятий (праздников, ярмарок, концертов, кинопоказов, встреч жителей). Обязательное условие соответствия: площадка должна быть обеспечена электрической инфраструктурой — точками подключения (уличные розетки, распределительные шкафы электропитания), допускающими подключение гирлянд, осветительного и мультимедийного оборудования (например, для летнего кинотеатра), а также иного оборудования для проведения мероприятий
A17: =ФОРМА!A73 -> 6.3 | B17: =ФОРМА!B73 -> Наличие элементов декора или микромассинга на фасаде | C17: Наличие на фасаде здания архитектурных деталей, выполняющих художественно-образную функцию и не входящих в число несущих конструкций. К таким элементам относятся, в частности: карнизы, пилястры, русты, сандрики, обрамления проемов, барельефы, фризы, молдинги, пояса . Признак фиксирует присутствие на фасаде специально выполненных декоративных элементов, формирующих его художественную выразительность
A18: =ФОРМА!A74 -> 6.4 | B18: =ФОРМА!B74 -> Пластика фасада | C18: Степень объемно-пространственной расчлененности фасадной плоскости, достигаемая за счет выступающих и заглубленных элементов, а также членений, формирующих светотеневую и силуэтную выразительность фасада. Пластика может создаваться посредством микромассинга — выступов и заглублений фасада, эркеров, балконов, ризалитов, срезок, консолей, террас, сетбэков и иных приемов, усложняющих плоскость стены . Признак фиксирует наличие у фасада объемной пластики, а не его плоскостного, монотонного решения
A19: =ФОРМА!A75 -> 6.5 | B19: =ФОРМА!B75 -> Высотная неоднородность застройки (корпусов) | C19: Характеристика проекта, фиксирующая наличие в составе жилого комплекса отдельных зданий (корпусов, строений) с различной этажностью или архитектурной высотой. Параметр оценивает силуэтную расчлененность застройки на уровне ансамбля, а не отдельного строения
A20: =ФОРМА!A76 -> 6.6 | B20: =ФОРМА!B76 -> Перепад высот секций | C20: Разница в высоте (этажности) между отдельными секциями в пределах одного здания (корпуса), при которой секции имеют неодинаковое количество этажей. Признак фиксирует наличие ступенчатого, переменного профиля здания за счет разных высот его секций
A21: =ФОРМА!A77 -> 6.7 | B21: Площадь остекления (% от общей площади фасадов) / Коэффициент остекленности фасада | C21: отношение суммарной площади светопрозрачных конструкций (окон, витражей, балконного и лоджиевого остекления, витражных и панорамных элементов) к общей площади фасадов здания, выраженное в процентах. Показатель характеризует степень насыщения фасада остеклением и его светопрозрачность
A22: =ФОРМА!A79 -> 6.9 | B22: =ФОРМА!B79 -> Тип панорамного остекления (остекление от пола) | C22: Показатель, фиксирующий наличие в проекте светопрозрачных конструкций, выполненных от уровня пола (панорамное остекление), и степень их распространения в объеме объекта. При этом, под панорамным остеклением понимается остекление, нижняя граница которого совпадает с уровнем пола (остекление от пола), обеспечивающее увеличенную площадь светопрозрачного заполнения фасада и визуальную связь с внешней средой. «Полное» и «частичное» разграничиваются по доле жилых помещений, в которых применено такое решение
A23: =ФОРМА!A80 -> 6.10 | B23: =ФОРМА!B80 -> Наличие отдельных этажей с панорамными окнами по всей внешней стене | C23: Признак, фиксирующий, что в проекте предусмотрены отдельные этажи (этаж или несколько этажей), на которых панорамное остекление выполнено по всей протяженности внешней стены здания. Показатель характеризует наличие этажей с полностью остекленным фасадом, а не фрагментарное остекление отдельных помещений
A24: 7.1 | B24: Наличие квартир с особо ценными видами | C24: Признак, фиксирующий наличие в проекте квартир, из окон которых открывается прямой вид (непосредственная видимость без перекрытия другими зданиями и сооружениями) на особо значимые объекты городской среды или природные доминанты (например, Кремль, исторический центр, море, крупные водные объекты, знаковые архитектурные и ландшафтные доминанты). Показатель характеризует наличие видовых квартир и ценность видового ресурса проекта
A25: 7.2 | B25: =ФОРМА!B88 -> Наличие квартир с депрессивными видами | C25: Ппризнак, фиксирующий наличие в проекте квартир, из окон которых открывается вид на визуально неблагоприятные объекты городской среды: промышленные зоны и предприятия, пустыри, свалки, объекты инженерной и транспортной инфраструктуры (ЛЭП, крупные магистрали, железнодорожные пути, очистные сооружения), ветхую или аварийную застройку, глухие торцы зданий, а также иные объекты, формирующие негативный визуальный фон. Учитываются только постоянно присутствующие объекты — те, что носят устойчивый, долговременный характер; объекты временного характера (строящиеся здания, временные сооружения, стройплощадки) в оценке не учитываются, поскольку их влияние на вид ограничено сроком строительства
A26: 7.3 | B26: =ФОРМА!B89 -> Доля этажей с гарантированно незаслоненным панорамным видом (от общей этажности) | C26: Отношение количества этажей, с которых обеспечивается гарантированно незаслоненный панорамный вид (отсутствуют перекрытия обзора другими зданиями, сооружениями или элементами рельефа), к общей этажности здания (корпуса), выраженное в процентах. Показатель характеризует, какая часть этажей объекта обладает устойчивым панорамным обзором без риска заслонения Правило расчета: База расчета — общая этажность здания (корпуса). Доля рассчитывается как отношение количества этажей с гарантированно незаслоненным панорамным видом к общей этажности. Квартальная застройка урбан-блоками — расчет ведется по каждому жилому корпусу (зданию) в составе урбан-блока отдельно, с последующим агрегированием по блоку средневзвешенно по этажности. Критерий «гарантированно незаслоненный» — отсутствие перекрытия вида существующими капитальными объектами, а также объектами, предусмотренными утвержденной градостроительной документацией (планируемая застройка). Временные объекты (стройплощадки, временные сооружения) не учитываются. Этажи, ориентированные во внутренний приватный двор урбан-блока и заслоненные соседними корпусами, не относятся к гарантированно незаслоненным, если критерий панорамности не выполняется. Критерий «панорамный вид» — сектор обзора ≥ 180° при отсутствии перекрытий в этом секторе
A27: 8.1.9 | B27: Выделенная зона почтовых ящиков (вне путей движения) | C27: Наличие в проекте специально выделенного, функционально обособленного места размещения почтовых ящиков (шкафов для приема корреспонденции), расположенного вне основных путей движения людей и транспорта (вне транзитных коридоров, проходов, проездов, зон эвакуации), что обеспечивает удобный и безопасный доступ к почтовым ящикам без создания помех для перемещения жителей и гостей комплекса. Зона может быть организована как открытая зона размещения почтовых ящиков (в лобби, холле, коридоре) либо оформлена в виде отдельного помещения — mail room (специально выделенного помещения для приема и хранения корреспонденции)
A28: 8.1.11 | B28: =ФОРМА!B106 -> Наличие в МОП гостевого санузла / пеленальной комнаты для жильцов | C28: Наличие в местах общего пользования (МОП) гостевого санузла и/или пеленальной комнаты, доступных жильцам комплекса Правило размещения (приоритет по типу входной группы): При наличии только типовых входных групп — гостевой санузел/пеленальная комната размещается в типовой входной группе (обязательно). При наличии центральной входной группы — гостевой санузел/пеленальная комната в первую очередь размещается в центральной входной группе; в типовых секциях при этом не обязателен. При наличии гранд-лобби — гостевой санузел/пеленальная комната в первую очередь размещается в гранд-лобби; в типовых секциях не обязателен
A29: 8.1.20 | B29: Отсек | C29: Часть этажа (или секции), отделенная от других частей противопожарными преградами. Может иметь общую лифтовую группу с другим отсеком
A30: 8.2.6 | B30: Мастер-спальня (мастер-сьют) | C30: Спальня, предназначенная для владельцев квартиры, включающая собственную ванную комнату (en-suite) и гардеробную (walk-in closet), а также отличающаяся увеличенной площадью. Является признаком высокого планировочного комфорта и приватности. В расчете учитывается наличие хотя бы одной квартиры, в составе которой есть мастер-спальня (мастер-сьют). Если в проекте представлены разные типы спален (стандартная, с одним из элементов, полная мастер-спальня), оценка производится по наибольшему признаку — то есть при наличии хотя бы одной квартиры с мастер-спальней параметр считается выполненным
A31: 8.2.7 | B31: Дополнительные места хранения в общей зоне (для квартир до ≤ 55 кв. м — ниша, для больших — гардеробная) | C31: Нежилые зоны внутри квартиры (кладовая, гардеробная, ниша), предназначенные для хранения вещей, не относящихся к конкретной спальне. Являются показателем планировочного комфорта: чем больше выделено мест хранения, тем удобнее эксплуатация квартиры
A32: 8.3.3 | B32: Класс энергоэффективности оконных конструкций | C32: Показатель, характеризующий способность окна сохранять тепло в помещении. Определяется по приведенному сопротивлению теплопередаче (R₀, м²·°С/Вт): чем выше значение, тем лучше окно удерживает тепло и тем ниже теплопотери. Согласно СП 538.1325800.2024 выделяют три уровня: нормальный (соответствие СП 50.13330.2012), повышенный (+25% к нормативу) и высокий (+50%, но не более 1,0 м²·°С/Вт)
A33: 10.6 | B33: Высота лифтовых дверей | C33: Расстояние по вертикали от уровня пола этажной площадки до верхней кромки дверного проема (в свету) для дверей шахты и кабины
A34: 10.7 | B34: Табло индикации местоположения лифта | C34: Электронное устройство, отображающее текущее положение лифтовой кабины (этаж и направление движения). Устанавливается на этажных площадках или в холлах
A35: 10.9 | B35: Интеллектуальная система управления группой лифтов | C35: Обобщающее понятие для систем, которые оптимизируют работу лифтов. Включает два уровня: базовый (групповой) и адаптивный (с прогнозированием)
A36: 11.5 | B36: Indoor-покрытие сотовой связи | C36: Система усиления сигнала сотовой связи внутри здания, обеспечивающая устойчивую связь в зонах, где сигнал от внешних вышек ослаблен. Включает антенны, усилители и распределительную сеть
A37: 12.3 | B37: Тревожная кнопка в общих зонах | C37: Стационарное устройство экстренного вызова помощи. При нажатии передает сигнал тревоги на пульт охраны или диспетчерскую для вызова группы быстрого реагирования
A38: 13.4 | B38: Переговорные зоны / помещения для взаимодействия жителей | C38: Выделенные пространства в составе МОП или офиса клиентского сервиса УК, предназначенные для личного взаимодействия жителей между собой, а также с представителями управляющей компании. Могут быть представлены как оборудованная зона в холле (стол, стулья, перегородка) или как отдельное помещение с дверью, столом и зоной ожидания. Обеспечивают комфортное и конфиденциальное общение, проведение собраний собственников, прием жителей сотрудниками УК
A39: 13.6 | B39: Интеграция с «умным домом» | C39: Система, объединяющая управление инженерными подсистемами квартиры (освещение, климат, безопасность, мультимедиа) через единый интерфейс (мобильное приложение, панель управления, голосовые ассистенты). Обеспечивает автоматизацию, сценарии, удаленное управление и повышение комфорта проживания
A40: 13.7 | B40: Сервис доставки | C40: Организованная система приема, хранения и передачи жителям посылок, продуктов, еды и других грузов. Включает зону приема (ресепшн, постаматы, выделенное помещение), условия хранения (стеллажи, холодильник), уведомление жителей и, для высоких классов, доставку до двери квартиры силами персонала УК

Sheet БЛОК1
A1: Блок I. Территория и окружение | O1: Ответ да / нет | P1: Ответ да / нет
A2: Раздел 1. Транспортная доступность | O2: — | P2: —
D3: 3 | E3: Базовый | F3: 3 | G3: Комфорт | H3: 3 | I3: Бизнес | J3: 2 | K3: Премиум | L3: 1 | M3: Элит | O3: да | P3: есть
A4: 1.1 | B4: Время пути до ключевых точек притяжения города (деловой центр, образовательные кластеры) в час-пик, мин | C4: — | D4: — | E4: — | F4: — | G4: — | H4: — | I4: — | J4: — | K4: — | L4: — | M4: — | O4: нет | P4: отсутствует
D5: 3 | E5: Базовый | F5: 3 | G5: Комфорт | H5: 3 | I5: Бизнес | J5: 2 | K5: Премиум | L5: 1 | M5: Элит
A6: 1.1.2 | B6: Города федерального значения | C6: — | D6: — | E6: — | F6: — | G6: — | H6: — | I6: — | J6: — | K6: — | L6: — | M6: —
C7: 0.1 | D7: 0.1 | E7: < 45 мин | F7: 0.1 | G7: < 45 мин | H7: 0.1 | I7: < 35 мин | J7: 0.1 | K7: < 25 мин | L7: 0 | M7: < 15 мин
C8: 0.05 | D8: 0.05 | E8: 45 - 65 мин | F8: 0.05 | G8: 45 - 65 мин | H8: 0.05 | I8: 35 - 55 мин | J8: 0.05 | K8: 25 - 45 мин | L8: 0
C9: 0 | D9: 0 | E9: > 65 мин | F9: 0 | G9: > 65 мин | H9: 0 | I9: > 55 мин | J9: 0 | K9: > 45 мин | L9: 0
D11: 3 | E11: Базовый | F11: 3 | G11: Комфорт | H11: 3 | I11: Бизнес | J11: 2 | K11: Премиум | L11: 1 | M11: Элит
A12: 1.1.3 | B12: Города - миллионики ( > 1 млн. жителей) | C12: — | D12: — | E12: — | F12: — | G12: — | H12: — | I12: — | J12: — | K12: — | L12: — | M12: —
C13: 0.1 | D13: 0.1 | E13: < 40 мин | F13: 0.1 | G13: < 40 мин | H13: 0.1 | I13: < 30 мин | J13: 0.1 | K13: < 20 мин | L13: 0 | M13: < 10 мин
C14: 0.05 | D14: 0.05 | E14: 40 - 60 мин | F14: 0.05 | G14: 40 - 60 мин | H14: 0.05 | I14: 30 - 50 мин | J14: 0.05 | K14: 20 - 40 мин | L14: 0
C15: 0 | D15: 0 | E15: > 60 мин | F15: 0 | G15: > 60 мин | H15: 0 | I15: > 50 мин | J15: 0 | K15: > 40 мин | L15: 0
D17: 3 | E17: Базовый | F17: 3 | G17: Комфорт | H17: 3 | I17: Бизнес | J17: 2 | K17: Премиум | L17: 1 | M17: Элит
A18: 1.1.4 | B18: Крупные города (250 тыс. - 1 млн. жителей) | C18: — | D18: — | E18: — | F18: — | G18: — | H18: — | I18: — | J18: — | K18: — | L18: — | M18: —
C19: 0.1 | D19: 0.1 | E19: < 30 мин | F19: 0.1 | G19: < 30 мин | H19: 0.1 | I19: < 25 мин | J19: 0.1 | K19: < 15 мин | L19: 0 | M19: < 10 мин
C20: 0.05 | D20: 0.05 | E20: 30 - 50 мин | F20: 0.05 | G20: 30 - 50 мин | H20: 0.05 | I20: 25 - 45 мин | J20: 0.05 | K20: 15 - 35 мин | L20: 0
C21: 0 | D21: 0 | E21: > 50 мин | F21: 0 | G21: > 50 мин | H21: 0 | I21: > 45 мин | J21: 0 | K21: > 35 мин | L21: 0
D23: 3 | E23: Базовый | F23: 3 | G23: Комфорт | H23: 3 | I23: Бизнес | J23: 2 | K23: Премиум | L23: 1 | M23: Элит
A24: 1.1.5 | B24: Малые ( < 250 тыс. жителей) | C24: — | D24: — | E24: — | F24: — | G24: — | H24: — | I24: — | J24: — | K24: — | L24: — | M24: —
C25: 0.1 | D25: 0.1 | E25: < 20 мин | F25: 0.1 | G25: < 20 мин | H25: 0.1 | I25: < 15 мин | J25: 0.1 | K25: < 10 мин | L25: 0 | M25: < 5 мин
C26: 0.05 | D26: 0.05 | E26: 20 - 40 мин | F26: 0.05 | G26: 20 - 40 мин | H26: 0.05 | I26: < 25 мин | J26: 0.05 | K26: 20 - 30 мин | L26: 0
C27: 0 | D27: 0 | E27: > 40 мин | F27: 0 | G27: > 40 мин | H27: 0 | I27: > 35 мин | J27: 0 | K27: > 30 мин | L27: 0
D30: 3 | E30: Базовый | F30: 3 | G30: Комфорт | H30: 3 | I30: Бизнес | J30: 2 | K30: Премиум | L30: 1 | M30: Элит
A31: 1.2 | B31: Обеспеченность общественным транспортом в час - пик | C31: — | D31: — | E31: — | F31: — | G31: — | H31: — | I31: — | J31: — | K31: — | L31: — | M31: —
D32: 3 | E32: Базовый | F32: 3 | G32: Комфорт | H32: 3 | I32: Бизнес | J32: 2 | K32: Премиум | L32: 1 | M32: Элит
A33: 1.2.1 | B33: Города федерального значения | C33: — | D33: — | E33: — | F33: — | G33: — | H33: — | I33: — | J33: — | K33: — | L33: — | M33: —
C34: 0.1 | D34: 0.1 | E34: ≥ 2 вида ≥ 3 маршрута инт. ≤ 15 мин | F34: 0.1 | G34: ≥ 2 вида ≥ 3 маршрута инт. ≤ 15 мин | H34: 0.1 | I34: ≥ 3 вида ≥ 4 маршрута инт. ≤ 10 мин | J34: 0.1 | K34: ≥ 4 вида ≥ 5 маршрута инт. ≤ 7 мин | L34: 0 | M34: ≥ 4 вида ≥ 5 маршрута инт. ≤ 6 мин
C35: 0.05 | D35: 0.05 | E35: ≥ 2 вида ≥ 2 маршрута инт. ≤ 20 мин | F35: 0.05 | G35: ≥ 2 вида ≥ 2 маршрута инт. ≤ 20 мин | H35: 0.05 | I35: ≥ 3 вида ≥ 3 маршрута инт. ≤ 12 мин | J35: 0.05 | K35: ≥ 4 вида ≥ 4 маршрута инт. ≤ 8 мин | L35: 0
C36: 0 | D36: 0 | E36: < 2 вида или инт. > 20 мин | F36: 0 | G36: < 2 вида или инт. > 20 мин | H36: 0 | I36: < 3 вида или инт. > 12 мин | J36: 0 | K36: < 4 вида или инт. > 8 мин | L36: 0
D38: 3 | E38: Базовый | F38: 3 | G38: Комфорт | H38: 3 | I38: Бизнес | J38: 2 | K38: Премиум | L38: 1 | M38: Элит
A39: 1.2.3 | B39: Города - миллионики ( > 1 млн. жителей) | C39: — | D39: — | E39: — | F39: — | G39: — | H39: — | I39: — | J39: — | K39: — | L39: — | M39: —
C40: 0.1 | D40: 0.1 | E40: ≥ 2 вида ≥ 3 маршрута инт. ≤ 15 мин | F40: 0.1 | G40: ≥ 2 вида ≥ 3 маршрута инт. ≤ 15 мин | H40: 0.1 | I40: ≥ 3 вида ≥ 4 маршрута инт. ≤ 10 мин | J40: 0.1 | K40: ≥ 4 вида ≥ 5 маршрута инт. ≤ 7 мин | L40: 0 | M40: ≥ 4 вида ≥ 5 маршрута инт. ≤ 6 мин
C41: 0.05 | D41: 0.05 | E41: ≥ 2 вида ≥ 2 маршрута инт. ≤ 20 мин | F41: 0.05 | G41: ≥ 2 вида ≥ 2 маршрута инт. ≤ 20 мин | H41: 0.05 | I41: ≥ 3 вида ≥ 3 маршрута инт. ≤ 12 мин | J41: 0.05 | K41: ≥ 4 вида ≥ 4 маршрута инт. ≤ 8 мин | L41: 0
C42: 0 | D42: 0 | E42: < 2 вида или инт. > 20 мин | F42: 0 | G42: < 2 вида или инт. > 20 мин | H42: 0 | I42: < 3 вида или инт. > 12 мин | J42: 0 | K42: < 4 вида или инт. > 8 мин | L42: 0
D44: 3 | E44: Базовый | F44: 3 | G44: Комфорт | H44: 3 | I44: Бизнес | J44: 2 | K44: Премиум | L44: 1 | M44: Элит
A45: 1.2.4 | B45: Крупные города (250 тыс. - 1 млн. жителей) | C45: — | D45: — | E45: — | F45: — | G45: — | H45: — | I45: — | J45: — | K45: — | L45: — | M45: —
C46: 0.1 | D46: 0.1 | E46: ≥ 2 вида ≥ 2 маршрута инт. ≤ 15 мин | F46: 0.1 | G46: ≥ 2 вида ≥ 2 маршрута инт. ≤ 15 мин | H46: 0.1 | I46: ≥ 3 вида ≥ 3 маршрута инт. ≤ 10 мин | J46: 0.1 | K46: ≥ 3 вида ≥ 4 маршрута инт. ≤ 7 мин | L46: 0 | M46: ≥ 3 вида ≥ 5 маршрута инт. ≤ 5 мин
C47: 0.05 | D47: 0.05 | E47: ≥ 2 вида ≥ 2 маршрута инт. ≤ 20 мин | F47: 0.05 | G47: ≥ 2 вида ≥ 2 маршрута инт. ≤ 20 мин | H47: 0.05 | I47: ≥ 3 вида ≥ 3 маршрута инт. ≤ 12 мин | J47: 0.05 | K47: ≥ 3 вида ≥ 3 маршрута инт. ≤ 8 мин | L47: 0
C48: 0 | D48: 0 | E48: < 2 вида или инт. > 20 мин | F48: 0 | G48: < 2 вида или инт. > 20 мин | H48: 0 | I48: < 3 вида или инт. > 12 мин | J48: 0 | K48: < 3 вида или инт. > 8 мин | L48: 0
D50: 3 | E50: Базовый | F50: 3 | G50: Комфорт | H50: 3 | I50: Бизнес | J50: 2 | K50: Премиум | L50: 1 | M50: Элит
A51: 1.2.5 | B51: Малые ( < 250 тыс. жителей) | C51: — | D51: — | E51: — | F51: — | G51: — | H51: — | I51: — | J51: — | K51: — | L51: — | M51: —
C52: 0.1 | D52: 0.1 | E52: ≥ 2 вида ≥ 2 маршрута инт. ≤ 15 мин | F52: 0.1 | G52: ≥ 2 вида ≥ 2 маршрута инт. ≤ 15 мин | H52: 0.1 | I52: ≥ 2 вида ≥ 3 маршрута инт. ≤ 10 мин | J52: 0.1 | K52: ≥ 3 вида ≥ 3 маршруа инт. ≤ 7 мин | L52: 0 | M52: ≥ 3 вида ≥ 4 маршрута инт. ≤ 5 мин
C53: 0.05 | D53: 0.05 | E53: ≥ 2 вида ≥ 2 маршрута инт. ≤ 20 мин | F53: 0.05 | G53: ≥ 2 вида ≥ 2 маршрута инт. ≤ 20 мин | H53: 0.05 | I53: ≥ 2 вида ≥ 2 маршрута инт. ≤ 12 мин | J53: 0.05 | K53: ≥ 3 вида ≥ 3 маршрута инт. ≤ 8 мин | L53: 0
C54: 0 | D54: 0 | E54: < 2 вида или инт. > 20 мин | F54: 0 | G54: < 2 вида или инт. > 20 мин | H54: 0 | I54: < 2 вида или инт. > 12 мин | J54: 0 | K54: < 3 вида или инт. > 8 мин | L54: 0
A57: Раздел 2. Инфраструктура для автомобилистов
D58: 3 | E58: Базовый | F58: 3 | G58: Комфорт | H58: 1 | I58: Бизнес | J58: 1 | K58: Премиум | L58: 1 | M58: Элит
A59: 2.1 | B59: Наличие паркинга | C59: — | D59: — | E59: — | F59: — | G59: — | H59: — | I59: — | J59: — | K59: — | L59: — | M59: —
C60: 0.1 | D60: 0.1 | E60: да | F60: 0.1 | G60: да | H60: 0 | I60: да | J60: 0 | K60: да | L60: 0 | M60: да
C61: 0 | D61: 0 | E61: нет | F61: 0 | G61: нет | H61: 0 | J61: 0 | L61: 0
D64: 3 | E64: Базовый | F64: 3 | G64: Комфорт | H64: 1 | I64: Бизнес | J64: 1 | K64: Премиум | L64: 1 | M64: Элит
A65: 2.2 | B65: Тип паркинга | C65: — | D65: — | E65: — | F65: — | G65: — | H65: — | I65: — | J65: — | K65: — | L65: — | M65: —
C66: 0.2 | D66: 0.2 | E66: подземный | F66: 0.2 | G66: подземный | H66: 0 | I66: подземный | J66: 0 | K66: подземный | L66: 0 | M66: подземный
C67: 0.1 | D67: 0.1 | E67: многоуровневый | F67: 0.1 | G67: многоуровневый | H67: 0 | J67: 0 | L67: 0
C68: 0 | D68: 0 | E68: плоскостной | F68: 0 | G68: плоскостной | H68: 0 | J68: 0 | L68: 0
C69: 0 | D69: 0 | E69: отсутствует | F69: 0 | G69: отсутствует | H69: 0 | J69: 0 | L69: 0
D72: 3 | E72: Базовый | F72: 3 | G72: Комфорт | H72: 2 | I72: Бизнес | J72: 2 | K72: Премиум | L72: 2 | M72: Элит
A73: 2.3 | B73: Коэффициент обеспеченности м/м на 1 квартиру (все виды паркинга) | C73: — | D73: — | E73: — | F73: — | G73: — | H73: — | I73: — | J73: — | K73: — | L73: — | M73: —
C74: 0.1 | D74: 0.1 | E74: > 0,5 | F74: 0.1 | G74: 0.5 | H74: 0.1 | I74: > 0,8 | J74: 0.1 | K74: > 1,0 | L74: 0.1 | M74: > 1,2
C75: 0.05 | D75: 0.05 | E75: 0,2 - 0,5 | F75: 0.05 | G75: 0,2 - 0,5 | H75: 0.05 | I75: 0,5 - 0,8 | J75: 0.05 | K75: 0,8 - 1,0 | L75: 0.05 | M75: 1,0 - 1,2
C76: 0 | D76: 0 | E76: 0 - 0,2 | F76: 0 | G76: 0 - 0,2 | H76: 0 | I76: 0,2 - 0,5 | J76: 0 | K76: 0,5 - 0,8 | L76: 0 | M76: 0,8 - 1,0
D79: 3 | E79: Базовый | F79: 3 | G79: Комфорт | H79: 3 | I79: Бизнес | J79: 2 | K79: Премиум | L79: 1 | M79: Элит
A80: 2.4 | B80: Доля зависимых машиномест | C80: — | D80: — | E80: — | F80: — | G80: — | H80: — | I80: — | J80: — | K80: — | L80: — | M80: —
C81: 0.1 | D81: 0.1 | E81: < 15% | F81: 0.1 | G81: < 10% | H81: 0.1 | I81: < 10% | J81: 0.1 | K81: < 5% | L81: 0 | M81: < 5%
C82: 0.05 | D82: 0.05 | E82: 15% - 30% | F82: 0.05 | G82: 10% - 20% | H82: 0.05 | I82: 10% - 15% | J82: 0.05 | K82: 5% - 10% | L82: 0
C83: 0 | D83: 0 | E83: > 30% | F83: 0 | G83: > 20% | H83: 0 | I83: > 15% | J83: 0 | K83: > 10% | L83: 0
D86: 3 | E86: Базовый | F86: 3 | G86: Комфорт | H86: 3 | I86: Бизнес | J86: 3 | K86: Премиум | L86: 3 | M86: Элит
A87: 2.5 | B87: Коэффициент обеспеченности м/м с электрозарядкой (выделенная зона согласно требованиям МЧС) | C87: — | D87: — | E87: — | F87: — | G87: — | H87: — | I87: — | J87: — | K87: — | L87: — | M87: —
C88: 0.2 | D88: 0.2 | E88: все | F88: 0.2 | G88: все | H88: 0.2 | I88: все | J88: 0.2 | K88: все | L88: 0.2 | M88: все
C89: 0.15 | D89: 0.15 | E89: > 0,1 | F89: 0.15 | G89: > 0,1 | H89: 0.15 | I89: > 0,1 | J89: 0.15 | K89: > 0,1 | L89: 0.15 | M89: > 0,1
C90: 0.1 | D90: 0.1 | E90: 0,03 - 0,1 | F90: 0.1 | G90: 0,03 - 0,1 | H90: 0.1 | I90: 0,03 - 0,1 | J90: 0.1 | K90: 0,03 - 0,1 | L90: 0.1 | M90: 0,03 - 0,1
C91: 0.05 | D91: 0.05 | E91: 0,02 - 0,03 | F91: 0.05 | G91: 0,02 - 0,03 | H91: 0.05 | I91: 0,02 - 0,03 | J91: 0.05 | K91: 0,02 - 0,03 | L91: 0.05 | M91: 0,02 - 0,03
C92: 0 | D92: 0 | E92: 0 - 0,02 | F92: 0 | G92: 0 - 0,02 | H92: 0 | I92: 0,01 - 0,02 | J92: 0 | K92: 0,01 - 0,02 | L92: 0 | M92: 0,01 - 0,02
D95: 3 | E95: Базовый | F95: 3 | G95: Комфорт | H95: 2 | I95: Бизнес | J95: 2 | K95: Премиум | L95: 2 | M95: Элит
A96: 2.6 | B96: Высота паркинга. Место хранения авто (от уровня чистого пола до низа выступающих коммуникаций) | C96: — | D96: — | E96: — | F96: — | G96: — | H96: — | I96: — | J96: — | K96: — | L96: — | M96: —
C97: 0.1 | D97: 0.1 | E97: > 2 300 | F97: 0.1 | G97: > 2 300 | H97: 0.1 | I97: > 2 500 | J97: 0.1 | K97: > 2 500 | L97: 0.1 | M97: > 2 500
C98: 0.05 | D98: 0.05 | E98: 2 100 - 2 300 | F98: 0.05 | G98: 2 100 - 2 300 | H98: 0.05 | I98: 2 400 - 2 500 | J98: 0.05 | K98: 2 400 - 2 500 | L98: 0.05 | M98: 2 400 - 2 500
C99: 0 | D99: 0 | E99: < 2 100 | F99: 0 | G99: < 2 100 | H99: 0 | I99: < 2 400 | J99: 0 | K99: < 2 400 | L99: 0 | M99: < 2 400
D102: 3 | E102: Базовый | F102: 3 | G102: Комфорт | H102: 2 | I102: Бизнес | J102: 2 | K102: Премиум | L102: 2 | M102: Элит
A103: 2.7 | B103: Высота паркинга. Место проезда (от уровня чистого пола до низа выступающих коммуникаций) | C103: — | D103: — | E103: — | F103: — | G103: — | H103: — | I103: — | J103: — | K103: — | L103: — | M103: —
C104: 0.1 | D104: 0.1 | E104: > 2 800 | F104: 0.1 | G104: > 2 800 | H104: 0.1 | I104: > 3 000 | J104: 0.1 | K104: > 3 000 | L104: 0.1 | M104: > 3 000
C105: 0.05 | D105: 0.05 | E105: 2 500 - 2 800 | F105: 0.05 | G105: 2 500 - 2 800 | H105: 0.05 | I105: 2 800 - 3 000 | J105: 0.05 | K105: 2 800 - 3 000 | L105: 0.05 | M105: 2 800 - 3 000
C106: 0 | D106: 0 | E106: < 2 500 | F106: 0 | G106: < 2 500 | H106: 0 | I106: < 2 800 | J106: 0 | K106: < 2 800 | L106: 0 | M106: < 2 800
D109: 3 | E109: Базовый | F109: 3 | G109: Комфорт | H109: 2 | I109: Бизнес | J109: 2 | K109: Премиум | L109: 2 | M109: Элит
A110: 2.8 | B110: Высота паркинга. Рампа (от уровня чистого пола до низа перекрытия) | C110: — | D110: — | E110: — | F110: — | G110: — | H110: — | I110: — | J110: — | K110: — | L110: — | M110: —
C111: 0.1 | D111: 0.1 | E111: > 2 800 | F111: 0.1 | G111: > 3 200 | H111: 0.1 | I111: > 3 500 | J111: 0.1 | K111: > 3 800 | L111: 0.1 | M111: > 3 800
C112: 0.05 | D112: 0.05 | E112: 2 500 - 2 800 | F112: 0.05 | G112: 2 700 - 3 200 | H112: 0.05 | I112: 3 200 - 3 500 | J112: 0.05 | K112: 3 500 - 3 800 | L112: 0.05 | M112: 3 500 - 3 800
C113: 0 | D113: 0 | E113: < 2 500 | F113: 0 | G113: < 2 500 | H113: 0 | I113: < 3 200 | J113: 0 | K113: < 3 500 | L113: 0 | M113: < 3 500
D116: 3 | E116: Базовый | F116: 3 | G116: Комфорт | H116: 1 | I116: Бизнес | J116: 1 | K116: Премиум | L116: 1 | M116: Элит
A117: 2.9 | B117: Вертикальная связь подземной части с жилыми этажами | C117: — | D117: — | E117: — | F117: — | G117: — | H117: — | I117: — | J117: — | K117: — | L117: — | M117: —
C118: 0.1 | D118: 0.1 | E118: все | F118: 0.1 | G118: все | H118: 0 | I118: все | J118: 0 | K118: все | L118: 0 | M118: все
C119: 0.05 | D119: 0.05 | E119: хотя бы 1 грузовой лифт | F119: 0.05 | G119: хотя бы 1 грузовой лифт | H119: 0 | J119: 0 | L119: 0
C120: 0 | D120: 0 | E120: нет | F120: 0 | G120: нет | H120: 0 | J120: 0 | L120: 0
D123: 3 | E123: Базовый | F123: 3 | G123: Комфорт | H123: 3 | I123: Бизнес | J123: 3 | K123: Премиум | L123: 3 | M123: Элит
A124: 2.10 | B124: Ширина въезда в паркинг (ворота) | C124: — | D124: — | E124: — | F124: — | G124: — | H124: — | I124: — | J124: — | K124: — | L124: — | M124: —
C125: 0.1 | D125: 0.1 | E125: > 4 000 | F125: 0.1 | G125: > 4 000 | H125: 0.1 | I125: > 4 000 | J125: 0.1 | K125: > 4 000 | L125: 0.1 | M125: > 4 000
C126: 0.05 | D126: 0.05 | E126: 3 500 - 4 000 | F126: 0.05 | G126: 3 500 - 4 000 | H126: 0.05 | I126: 3 500 - 4 000 | J126: 0.05 | K126: 3 500 - 4 000 | L126: 0.05 | M126: 3 500 - 4 000
C127: 0 | D127: 0 | E127: < 3 500 | F127: 0 | G127: < 3 500 | H127: 0 | I127: < 3 500 | J127: 0 | K127: < 3 500 | L127: 0 | M127: < 3 500
D130: 3 | E130: Базовый | F130: 3 | G130: Комфорт | H130: 3 | I130: Бизнес | J130: 2 | K130: Премиум | L130: 1 | M130: Элит
...

Sheet БЛОК2
A1: Блок II. Архитектура и планировочные решения | O1: Ответ да / нет | P1: Ответ да / нет
A2: Раздел 6. Архитектурный облик | O2: — | P2: —
D3: 3 | E3: Базовый | F3: 3 | G3: Комфорт | H3: 3 | I3: Бизнес | J3: 3 | K3: Премиум | L3: 3 | M3: Элит | O3: да | P3: есть
A4: 6.1 | B4: Вид несущих конструкций | C4: — | D4: — | E4: — | F4: — | G4: — | H4: — | I4: — | J4: — | K4: — | L4: — | M4: — | O4: нет | P4: отсутствует
C5: 0.05 | D5: 0.05 | E5: монолит | F5: 0.05 | G5: монолит | H5: 0.05 | I5: кирпич | J5: 0.05 | K5: кирпич | L5: 0.05 | M5: кирпич
C6: 0 | D6: 0 | E6: панель | F6: 0 | G6: панель | H6: 0 | I6: монолит | J6: 0 | K6: монолит | L6: 0 | M6: монолит
D9: 3 | E9: Базовый | F9: 3 | G9: Комфорт | H9: 2 | I9: Бизнес | J9: 2 | K9: Премиум | L9: 2 | M9: Элит
A10: 6.2 | B10: Материал облицовки фасада (для класса Доступный и Комфорт - не менее 25%, для остальных - не менее 50%) | C10: — | D10: — | E10: — | F10: — | G10: — | H10: — | I10: — | J10: — | K10: — | L10: — | M10: —
C11: 0.1 | D11: 0.1 | E11: категория 3 | F11: 0.1 | G11: категория 3 | H11: 0.1 | I11: категория 4 | J11: 0.1 | K11: категория 5 | L11: 0.1 | M11: категория 5
C12: 0.05 | D12: 0.05 | E12: категория 2 | F12: 0.05 | G12: категория 2 | H12: 0.05 | I12: категория 3 | J12: 0.05 | K12: категория 4 | L12: 0.05 | M12: категория 4
C13: 0 | D13: 0 | E13: категория 1 | F13: 0 | G13: категория 1 | H13: 0 | I13: категория 2 | J13: 0 | K13: категория 3 | L13: 0 | M13: категория 3
D16: 3 | E16: Базовый | F16: 3 | G16: Комфорт | H16: 3 | I16: Бизнес | J16: 3 | K16: Премиум | L16: 3 | M16: Элит
A17: 6.3 | B17: Наличие элементов декора или микромассинга на фасаде | C17: — | D17: — | E17: — | F17: — | G17: — | H17: — | I17: — | J17: — | K17: — | L17: — | M17: —
C18: 0.3 | D18: 0.3 | E18: да, более 10% поверхности | F18: 0.3 | G18: да, более 10% поверхности | H18: 0.3 | I18: да, более 10% поверхности | J18: 0.3 | K18: да, более 10% поверхности | L18: 0.3 | M18: да, более 10% поверхности
C19: 0.2 | D19: 0.2 | E19: да, от 5 до 10% поверхности | F19: 0.2 | G19: да, от 5 до 10% поверхности | H19: 0.2 | I19: да, от 5 до 10% поверхности | J19: 0.2 | K19: да, от 5 до 10% поверхности | L19: 0.2 | M19: да, от 5 до 10% поверхности
C20: 0.1 | D20: 0.1 | E20: да, от 1 до 5% поверхности | F20: 0.1 | G20: да, от 1 до 5% поверхности | H20: 0.1 | I20: да, от 1 до 5% поверхности | J20: 0.1 | K20: да, от 1 до 5% поверхности | L20: 0.1 | M20: да, от 1 до 5% поверхности
C21: 0 | D21: 0 | E21: нет или менее 1% поверхности | F21: 0 | G21: нет или менее 1% поверхности | H21: 0 | I21: нет или менее 1% поверхности | J21: 0 | K21: нет или менее 1% поверхности | L21: 0 | M21: нет или менее 1% поверхности
D24: 3 | E24: Базовый | F24: 3 | G24: Комфорт | H24: 3 | I24: Бизнес | J24: 3 | K24: Премиум | L24: 3 | M24: Элит
A25: 6.4 | B25: Пластика фасада | C25: — | D25: — | E25: — | F25: — | G25: — | H25: — | I25: — | J25: — | K25: — | L25: — | M25: —
C26: 0.5 | D26: 0.5 | E26: да | F26: 0.5 | G26: да | H26: 0.5 | I26: да | J26: 0.5 | K26: да | L26: 0.5 | M26: да
C27: 0 | D27: 0 | E27: нет | F27: 0 | G27: нет | H27: 0 | I27: нет | J27: 0 | K27: нет | L27: 0 | M27: нет
D29: 3 | E29: Базовый | F29: 3 | G29: Комфорт | H29: 3 | I29: Бизнес | J29: 3 | K29: Премиум | L29: 3 | M29: Элит
A30: 6.5 | B30: Высотная неоднородность застройки (корпусов) | C30: — | D30: — | E30: — | F30: — | G30: — | H30: — | I30: — | J30: — | K30: — | L30: — | M30: —
C31: 0.8 | D31: 0.8 | E31: 4 вида | F31: 0.8 | G31: 4 вида | H31: 0.8 | I31: 4 вида | J31: 0.8 | K31: 4 вида | L31: 0.8 | M31: 4 вида
C32: 0.4 | D32: 0.4 | E32: 3 вида | F32: 0.4 | G32: 3 вида | H32: 0.4 | I32: 3 вида | J32: 0.4 | K32: 3 вида | L32: 0.4 | M32: 3 вида
C33: 0.2 | D33: 0.2 | E33: 2 вида | F33: 0.2 | G33: 2 вида | H33: 0.2 | I33: 2 вида | J33: 0.2 | K33: 2 вида | L33: 0.2 | M33: 2 вида
C34: 0 | D34: 0 | E34: нет | F34: 0 | G34: нет | H34: 0 | I34: нет | J34: 0 | K34: нет | L34: 0 | M34: нет
D37: 3 | E37: Базовый | F37: 3 | G37: Комфорт | H37: 1 | I37: Бизнес | J37: 1 | K37: Премиум | L37: 1 | M37: Элит
A38: 6.6 | B38: Наличие разнообразия архитектурных решений фасадов | C38: — | D38: — | E38: — | F38: — | G38: — | H38: — | I38: — | J38: — | K38: — | L38: — | M38: —
C39: 0.5 | D39: 0.5 | E39: да | F39: 0.5 | G39: да | H39: 0 | I39: да | J39: 0 | K39: да | L39: 0 | M39: да
C40: 0 | D40: 0 | E40: нет | F40: 0 | G40: нет | H40: 0 | J40: 0 | L40: 0
D43: 3 | E43: Базовый | F43: 3 | G43: Комфорт | H43: 2 | I43: Бизнес | J43: 2 | K43: Премиум | L43: 2 | M43: Элит
A44: 6.7 | B44: Площадь остекления (% от общей площади фасадов) / Коэффициент остекленности фасада | C44: — | D44: — | E44: — | F44: — | G44: — | H44: — | I44: — | J44: — | K44: — | L44: — | M44: —
C45: 0.5 | D45: 0.5 | E45: > 15% | F45: 0.5 | G45: > 22% | H45: 0.5 | I45: > 30% | J45: 0.5 | K45: > 35% | L45: 0.5 | M45: > 40%
C46: 0.2 | D46: 0.2 | E46: 12% - 15% | F46: 0.2 | G46: 18% - 22% | H46: 0.2 | I46: 25% - 30% | J46: 0.2 | K46: 30% - 35% | L46: 0.2 | M46: 35% - 40%
C47: 0 | D47: 0 | E47: < 12% | F47: 0 | G47: < 18% | H47: 0 | I47: < 25% | J47: 0 | K47: < 30% | L47: 0 | M47: < 35%
D50: 3 | E50: Базовый | F50: 3 | G50: Комфорт | H50: 2 | I50: Бизнес | J50: 2 | K50: Премиум | L50: 2 | M50: Элит
A51: 6.8 | B51: Высота подоконника (низа проема) от уровня чистого пола (не применимо к объектам культурного наследия) | C51: — | D51: — | E51: — | F51: — | G51: — | H51: — | I51: — | J51: — | K51: — | L51: — | M51: —
C52: 0.1 | D52: 0.1 | E52: < 600 | F52: 0.1 | G52: < 600 | H52: 0.1 | I52: < 400 | J52: 0.1 | K52: < 250 | L52: 0.1 | M52: < 200
C53: 0.05 | D53: 0.05 | E53: 600 - 800 | F53: 0.05 | G53: 600 - 800 | H53: 0.05 | I53: 400 - 600 | J53: 0.05 | K53: 250 - 550 | L53: 0.05 | M53: 200 - 450
C54: 0 | D54: 0 | E54: > 800 | F54: 0 | G54: > 800 | H54: 0 | I54: > 600 | J54: 0 | K54: > 550 | L54: 0 | M54: > 450
D57: 3 | E57: Базовый | F57: 3 | G57: Комфорт | H57: 3 | I57: Бизнес | J57: 3 | K57: Премиум | L57: 2 | M57: Элит
A58: 6.9 | B58: Тип панорамного остекления (остекление от пола) | C58: — | D58: — | E58: — | F58: — | G58: — | H58: — | I58: — | J58: — | K58: — | L58: — | M58: —
C59: 0.1 | D59: 0.1 | E59: полное | F59: 0.1 | G59: полное | H59: 0.1 | I59: полное | J59: 0.1 | K59: полное | L59: 0.1 | M59: полное
C60: 0.05 | D60: 0.05 | E60: частичное | F60: 0.05 | G60: частичное | H60: 0.05 | I60: частичное | J60: 0.05 | K60: частичное | L60: 0.05 | M60: частичное
C61: 0 | D61: 0 | E61: отсутствует | F61: 0 | G61: отсутствует | H61: 0 | I61: отсутствует | J61: 0 | K61: отсутствует | L61: 0 | M61: отсутствует
D64: 3 | E64: Базовый | F64: 3 | G64: Комфорт | H64: 3 | I64: Бизнес | J64: 3 | K64: Премиум | L64: 3 | M64: Элит
A65: 6.10 | B65: Наличие отдельных этажей с панорамными окнами по всей внешней стене | C65: — | D65: — | E65: — | F65: — | G65: — | H65: — | I65: — | J65: — | K65: — | L65: — | M65: —
C66: 0.1 | D66: 0.1 | E66: да | F66: 0.1 | G66: да | H66: 0.1 | I66: да | J66: 0.1 | K66: да | L66: 0.1 | M66: да
C67: 0 | D67: 0 | E67: нет | F67: 0 | G67: нет | H67: 0 | I67: нет | J67: 0 | K67: нет | L67: 0 | M67: нет
D69: 3 | E69: Базовый | F69: 3 | G69: Комфорт | H69: 3 | I69: Бизнес | J69: 3 | K69: Премиум | L69: 3 | M69: Элит
A70: 6.11 | B70: Доля квартир с окнами во вспомогательных помещениях (ванная, санузел, гардеробная и т.п.) | C70: — | D70: — | E70: — | F70: — | G70: — | H70: — | I70: — | J70: — | K70: — | L70: — | M70: —
C71: 0.2 | D71: 0.2 | E71: > 5% | F71: 0.2 | G71: > 15% | H71: 0.2 | I71: > 30% | J71: 0.2 | K71: > 50% | L71: 0.2 | M71: > 70%
C72: 0.1 | D72: 0.1 | E72: 1% - 5% | F72: 0.1 | G72: 5% - 15% | H72: 0.1 | I72: 10% - 30% | J72: 0.1 | K72: 20% - 50% | L72: 0.1 | M72: 40% - 70%
C73: 0 | D73: 0 | E73: 0 | F73: 0 | G73: 0% - 5% | H73: 0 | I73: 0% - 10% | J73: 0 | K73: 0% - 20% | L73: 0 | M73: 0% - 40%
D76: 3 | E76: Базовый | F76: 3 | G76: Комфорт | H76: 3 | I76: Бизнес | J76: 2 | K76: Премиум | L76: 2 | M76: Элит
A77: 6.12 | B77: "Пятый фасад" | C77: — | D77: — | E77: — | F77: — | G77: — | H77: — | I77: — | J77: — | K77: — | L77: — | M77: —
C78: 0.2 | D78: 0.2 | E78: интенсивное озеленение | F78: 0.2 | G78: интенсивное озеленение | H78: 0.2 | I78: интенсивное озеленение | J78: 0.1 | K78: интенсивное озеленение | L78: 0.1 | M78: интенсивное озеленение
C79: 0.1 | D79: 0.1 | E79: экстенсивное озеленение | F79: 0.1 | G79: экстенсивное озеленение | H79: 0.1 | I79: экстенсивное озеленение | J79: 0.05 | K79: экстенсивное озеленение | L79: 0.05 | M79: экстенсивное озеленение
C80: 0.05 | D80: 0.05 | E80: декорирование коммуникаций | F80: 0.05 | G80: декорирование коммуникаций | H80: 0.05 | I80: декорирование коммуникаций | J80: 0 | K80: декорирование коммуникаций | L80: 0 | M80: декорирование коммуникаций
C81: 0 | D81: 0 | E81: отсутствует | F81: 0 | G81: отсутствует | H81: 0 | I81: отсутствует | J81: 0 | L81: 0
D84: 3 | E84: Базовый | F84: 3 | G84: Комфорт | H84: 2 | I84: Бизнес | J84: 2 | K84: Премиум | L84: 2 | M84: Элит
A85: 6.13 | B85: Архитектурно-художественная подсветка | C85: — | D85: — | E85: — | F85: — | G85: — | H85: — | I85: — | J85: — | K85: — | L85: — | M85: —
C86: 0.15 | D86: 0.15 | E86: всего фасада (динамическая) | F86: 0.15 | G86: всего фасада (динамическая) | H86: 0.1 | I86: всего фасада (динамическая) | J86: 0.1 | K86: всего фасада (динамическая) | L86: 0.1 | M86: всего фасада (динамическая)
C87: 0.1 | D87: 0.1 | E87: всего фасада (статическая) | F87: 0.1 | G87: всего фасада (статическая) | H87: 0.05 | I87: всего фасада (статическая) | J87: 0.05 | K87: всего фасада (статическая) | L87: 0.05 | M87: всего фасада (статическая)
C88: 0.05 | D88: 0.05 | E88: только первого этажа и/или кровли | F88: 0.05 | G88: только первого этажа и/или кровли | H88: 0 | I88: только первого этажа и/или кровли | J88: 0 | K88: только первого этажа и/или кровли | L88: 0 | M88: только первого этажа и/или кровли
C89: 0 | D89: 0 | E89: нет | F89: 0 | G89: нет | H89: 0 | J89: 0 | L89: 0
D92: 3 | E92: Базовый | F92: 2 | G92: Комфорт | H92: 2 | I92: Бизнес | J92: 3 | K92: Премиум | L92: 3 | M92: Элит
A93: 6.14 | B93: Способ размещения наружных блоков кондиционеров (в увязке с системой кондиционирования) | C93: — | D93: — | E93: — | F93: — | G93: — | H93: — | I93: — | J93: — | K93: — | L93: — | M93: —
C94: 0.1 | D94: 0.1 | E94: на кровле | F94: 0.1 | G94: на кровле | H94: 0.1 | I94: на кровле | J94: 0.1 | K94: на кровле | L94: 0.1 | M94: на кровле
C95: 0.1 | D95: 0.1 | E95: скрытые ниши в фасаде | F95: 0.1 | G95: скрытые ниши в фасаде | H95: 0.1 | I95: скрытые ниши в фасаде | J95: 0.05 | K95: скрытые ниши в фасаде | L95: 0.05 | M95: скрытые ниши в фасаде
C96: 0.1 | D96: 0.1 | E96: технические лоджии | F96: 0.1 | G96: технические лоджии | H96: 0.05 | I96: технические лоджии | J96: 0 | K96: технические лоджии | L96: 0 | M96: технические лоджии
C97: 0.05 | D97: 0.05 | E97: корзины на фасаде | F97: 0.05 | G97: корзины на фасаде | H97: 0 | I97: корзины на фасаде
C98: 0.05 | D98: 0.05 | E98: места на балконах / лоджиях собственников | F98: 0.05 | G98: места на балконах / лоджиях собственников
C99: 0 | D99: 0 | E99: не предусмотрено | F99: 0 | G99: не предусмотрено
D102: 3 | E102: Базовый | F102: 3 | G102: Комфорт | H102: 3 | I102: Бизнес | J102: 3 | K102: Премиум | L102: 3 | M102: Элит
A103: 6.15 | B103: Наличие системы отвода дренажа (конденсата) от блоков кондиционирования | C103: — | D103: — | E103: — | F103: — | G103: — | H103: — | I103: — | J103: — | K103: — | L103: — | M103: —
C104: 0.1 | D104: 0.1 | E104: да | F104: 0.1 | G104: да | H104: 0.1 | I104: да | J104: 0.1 | K104: да | L104: 0.1 | M104: да
C105: 0 | D105: 0 | E105: нет | F105: 0 | G105: нет | H105: 0 | I105: нет | J105: 0 | K105: нет | L105: 0 | M105: нет
A108: Раздел 7. Видовые характеристики
D109: 3 | E109: Базовый | F109: 3 | G109: Комфорт | H109: 3 | I109: Бизнес | J109: 3 | K109: Премиум | L109: 3 | M109: Элит
A110: 7.1 | B110: Наличие видовых квартир с прямым видом на особо значимые объекты (градостроительные и природные доминанты) | C110: — | D110: — | E110: — | F110: — | G110: — | H110: — | I110: — | J110: — | K110: — | L110: — | M110: —
C111: 0.5 | D111: 0.5 | E111: есть, более 60% | F111: 0.5 | G111: есть, более 60% | H111: 0.5 | I111: есть, более 60% | J111: 0.5 | K111: есть, более 60% | L111: 0.5 | M111: есть, более 60%
C112: 0.1 | D112: 0.1 | E112: есть, менее 60% | F112: 0.1 | G112: есть, менее 60% | H112: 0.1 | I112: есть, менее 60% | J112: 0.1 | K112: есть, менее 60% | L112: 0.1 | M112: есть, менее 60%
C113: 0 | D113: 0 | E113: нет | F113: 0 | G113: нет | H113: 0 | I113: нет | J113: 0 | K113: нет | L113: 0 | M113: нет
D116: 3 | E116: Базовый | F116: 3 | G116: Комфорт | H116: 3 | I116: Бизнес | J116: 3 | K116: Премиум | L116: 3 | M116: Элит
A117: 7.2 | B117: Наличие квартир с депрессивными видами | C117: — | D117: — | E117: — | F117: — | G117: — | H117: — | I117: — | J117: — | K117: — | L117: — | M117: —
C118: -0.5 | D118: -0.5 | E118: есть, более 60% | F118: -0.5 | G118: есть, более 60% | H118: -0.5 | I118: есть, более 60% | J118: -0.5 | K118: есть, более 60% | L118: -0.5 | M118: есть, более 60%
C119: -0.1 | D119: -0.1 | E119: есть, менее 60% | F119: -0.1 | G119: есть, менее 60% | H119: -0.1 | I119: есть, менее 60% | J119: -0.1 | K119: есть, менее 60% | L119: -0.1 | M119: есть, менее 60%
C120: 0 | D120: 0 | E120: нет | F120: 0 | G120: нет | H120: 0 | I120: нет | J120: 0 | K120: нет | L120: 0 | M120: нет
D123: 3 | E123: Базовый | F123: 3 | G123: Комфорт | H123: 3 | I123: Бизнес | J123: 3 | K123: Премиум | L123: 3 | M123: Элит
A124: 7.3 | B124: Доля этажей с гарантированно незаслоненным панорамным видом (от общей этажности) | C124: — | D124: — | E124: — | F124: — | G124: — | H124: — | I124: — | J124: — | K124: — | L124: — | M124: —
C125: 0.5 | D125: 0.5 | E125: ≥ 15% | F125: 0.5 | G125: ≥ 30% | H125: 0.5 | I125: ≥ 40% | J125: 0.5 | K125: ≥ 50% | L125: 0.5 | M125: ≥ 90%
C126: 0.1 | D126: 0.1 | E126: ≥ 10% | F126: 0.1 | G126: ≥ 20% | H126: 0.1 | I126: ≥ 30% | J126: 0.1 | K126: ≥ 40% | L126: 0.1 | M126: ≥ 70%
C127: 0 | D127: 0 | E127: ≥ 5% | F127: 0 | G127: ≥ 10% | H127: 0 | I127: ≥ 20% | J127: 0 | K127: ≥ 30% | L127: 0 | M127: ≥ 50%
A130: Раздел 8. Объемно-планировочные решения
D131: 3 | E131: Базовый | F131: 3 | G131: Комфорт | H131: 2 | I131: Бизнес | J131: 2 | K131: Премиум | L131: 2 | M131: Элит
A132: 8.1 | B132: Минимальная высота первого этажа для проектов с коммерческими помещениями на первых этажах (в свету, от пола до потолка) (не применяется к объектам культурного наследия) | C132: — | D132: — | E132: — | F132: — | G132: — | H132: — | I132: — | J132: — | K132: — | L132: — | M132: —
C133: 1 | D133: 1 | E133: > 4 500 | F133: 1 | G133: > 4 500 | H133: 1 | I133: > 5 500 | J133: 1 | K133: > 6 000 | L133: 1 | M133: > 6 000
C134: 0 | D134: 0 | E134: 3 500 - 4 500 | F134: 0 | G134: 3 500 - 4 500 | H134: 0 | I134: 4 500 - 5 500 | J134: 0 | K134: 5 000 - 6 000 | L134: 0 | M134: 5 000 - 6 000
...

Sheet БЛОК3
A1: Блок III. Внутренняя инфраструктура | O1: Ответ да / нет | P1: Ответ да / нет
A2: Раздел 9. Внутренняя инфраструктура в составе МОП | O2: — | P2: —
D3: 3 | E3: Базовый | F3: 3 | G3: Комфорт | H3: 3 | I3: Бизнес | J3: 3 | K3: Премиум | L3: 3 | M3: Элит | O3: да | P3: есть
A4: 9.1 | B4: Наличие общественного пространства на кровле (озеленение, зоны отдыха, видовые площадки) | C4: — | D4: — | E4: — | F4: — | G4: — | H4: — | I4: — | J4: — | K4: — | L4: — | M4: — | O4: нет | P4: отсутствует
C5: 0.15 | D5: 0.15 | E5: да | F5: 0.15 | G5: да | H5: 0.15 | I5: да | J5: 0.15 | K5: да | L5: 0.15 | M5: да
C6: 0 | D6: 0 | E6: нет | F6: 0 | G6: нет | H6: 0 | I6: нет | J6: 0 | K6: нет | L6: 0 | M6: нет
D8: 3 | E8: Базовый | F8: 3 | G8: Комфорт | H8: 3 | I8: Бизнес | J8: 3 | K8: Премиум | L8: 3 | M8: Элит
A9: 9.2 | B9: Многофункциональный зал для резидентов (общедоступный, бронируемый или арендуемый) | C9: — | D9: — | E9: — | F9: — | G9: — | H9: — | I9: — | J9: — | K9: — | L9: — | M9: —
C10: 0.1 | D10: 0.1 | E10: да | F10: 0.1 | G10: да | H10: 0.1 | I10: да | J10: 0.1 | K10: да | L10: 0.1 | M10: да
C11: 0 | D11: 0 | E11: нет | F11: 0 | G11: нет | H11: 0 | I11: нет | J11: 0 | K11: нет | L11: 0 | M11: нет
D13: 3 | E13: Базовый | F13: 3 | G13: Комфорт | H13: 3 | I13: Бизнес | J13: 3 | K13: Премиум | L13: 3 | M13: Элит
A14: 9.3 | B14: Наличие общественного помещения для резидентов в составе МОП (коворкинг / переговорные) | C14: — | D14: — | E14: — | F14: — | G14: — | H14: — | I14: — | J14: — | K14: — | L14: — | M14: —
C15: 0.15 | D15: 0.15 | E15: выделенное помещение с функциональным зонированием | F15: 0.15 | G15: выделенное помещение с функциональным зонированием | H15: 0.15 | I15: выделенное помещение с функциональным зонированием | J15: 0.15 | K15: выделенное помещение с функциональным зонированием | L15: 0.15 | M15: выделенное помещение с функциональным зонированием
C16: 0.1 | D16: 0.1 | E16: выделенное помещение | F16: 0.1 | G16: выделенное помещение | H16: 0.1 | I16: выделенное помещение | J16: 0.1 | K16: выделенное помещение | L16: 0.1 | M16: выделенное помещение
C17: 0.05 | D17: 0.05 | E17: оборудованная зона в МОП | F17: 0.05 | G17: оборудованная зона в МОП | H17: 0.05 | I17: оборудованная зона в МОП | J17: 0.05 | K17: оборудованная зона в МОП | L17: 0.05 | M17: оборудованная зона в МОП
C18: 0 | D18: 0 | E18: не предусмотрено | F18: 0 | G18: не предусмотрено | H18: 0 | I18: не предусмотрено | J18: 0 | K18: не предусмотрено | L18: 0 | M18: не предусмотрено
D21: 3 | E21: Базовый | F21: 3 | G21: Комфорт | H21: 3 | I21: Бизнес | J21: 3 | K21: Премиум | L21: 3 | M21: Элит
A22: 9.4 | B22: Наличие в МОП детской зоны / подросткового пространства для резидентов | C22: — | D22: — | E22: — | F22: — | G22: — | H22: — | I22: — | J22: — | K22: — | L22: — | M22: —
C23: 0.15 | D23: 0.15 | E23: выделенное помещение с функциональным зонированием по возрастам | F23: 0.15 | G23: выделенное помещение с функциональным зонированием по возрастам | H23: 0.15 | I23: выделенное помещение с функциональным зонированием по возрастам | J23: 0.15 | K23: выделенное помещение с функциональным зонированием по возрастам | L23: 0.15 | M23: выделенное помещение с функциональным зонированием по возрастам
C24: 0.1 | D24: 0.1 | E24: выделенное помещение | F24: 0.1 | G24: выделенное помещение | H24: 0.1 | I24: выделенное помещение | J24: 0.1 | K24: выделенное помещение | L24: 0.1 | M24: выделенное помещение
C25: 0.05 | D25: 0.05 | E25: оборудованная зона в МОП | F25: 0.05 | G25: оборудованная зона в МОП | H25: 0.05 | I25: оборудованная зона в МОП | J25: 0.05 | K25: оборудованная зона в МОП | L25: 0.05 | M25: оборудованная зона в МОП
C26: 0 | D26: 0 | E26: не предусмотрено | F26: 0 | G26: не предусмотрено | H26: 0 | I26: не предусмотрено | J26: 0 | K26: не предусмотрено | L26: 0 | M26: не предусмотрено
D29: 3 | E29: Базовый | F29: 3 | G29: Комфорт | H29: 3 | I29: Бизнес | J29: 3 | K29: Премиум | L29: 3 | M29: Элит
A30: 9.5 | B30: Наличие в МОП фитнес-зоны для резидентов | C30: — | D30: — | E30: — | F30: — | G30: — | H30: — | I30: — | J30: — | K30: — | L30: — | M30: —
C31: 0.25 | D31: 0.25 | E31: собственный фитнес-центр с бассейном (и/или SPA) | F31: 0.25 | G31: собственный фитнес-центр с бассейном (и/или SPA) | H31: 0.25 | I31: собственный фитнес-центр с бассейном (и/или SPA) | J31: 0.25 | K31: собственный фитнес-центр с бассейном (и/или SPA) | L31: 0.25 | M31: собственный фитнес-центр с бассейном (и/или SPA)
C32: 0.15 | D32: 0.15 | E32: выделенное помещение с функциональным зонированием под 2+ программы | F32: 0.15 | G32: выделенное помещение с функциональным зонированием под 2+ программы | H32: 0.15 | I32: выделенное помещение с функциональным зонированием под 2+ программы | J32: 0.15 | K32: выделенное помещение с функциональным зонированием под 2+ программы | L32: 0.15 | M32: выделенное помещение с функциональным зонированием под 2+ программы
C33: 0.1 | D33: 0.1 | E33: выделенное помещение (фитнес-зал) | F33: 0.1 | G33: выделенное помещение (фитнес-зал) | H33: 0.1 | I33: выделенное помещение (фитнес-зал) | J33: 0.1 | K33: выделенное помещение (фитнес-зал) | L33: 0.1 | M33: выделенное помещение (фитнес-зал)
C34: 0 | D34: 0 | E34: не предусмотрено | F34: 0 | G34: не предусмотрено | H34: 0 | I34: не предусмотрено | J34: 0 | K34: не предусмотрено | L34: 0 | M34: не предусмотрено
N269: 0,2 м2 на кварт. и более
N270: от 0,1 до 0,2 м2 на кварт. | O270: =300*0.05 -> 15
N271: менее 0,1 м2 на кварт.
N273: нет

Sheet БЛОК4
A1: Блок IV. Инженерия и безопасность | O1: Ответ да / нет | P1: Ответ да / нет
A2: Раздел 10. Вертикальный транспорт | O2: — | P2: —
D3: 3 | E3: Базовый | F3: 2 | G3: Комфорт | H3: 2 | I3: Бизнес | J3: 2 | K3: Премиум | L3: 2 | M3: Элит | O3: да | P3: есть
A4: 10.1 | B4: Время ожидания лифтовой кабины | C4: — | D4: — | E4: — | F4: — | G4: — | H4: — | I4: — | J4: — | K4: — | L4: — | M4: — | O4: нет | P4: отсутствует
C5: 0.1 | D5: 0.1 | E5: < 60 сек | F5: 0.1 | G5: < 50 сек | H5: 0.1 | I5: < 45 сек | J5: 0.1 | K5: < 45 сек | L5: 0.1 | M5: < 40 сек
C6: 0.05 | D6: 0.05 | E6: 60 - 80 сек | F6: 0.05 | G6: 50 - 70 сек | H6: 0.05 | I6: 45 - 60 сек | J6: 0.05 | K6: 45 - 50 сек | L6: 0.05 | M6: 40 - 45 сек
C7: 0 | D7: 0 | E7: > 80 сек | F7: 0 | G7: > 70 сек | H7: 0 | I7: > 60 сек | J7: 0 | K7: > 50 сек | L7: 0 | M7: > 45 сек
D10: 3 | E10: Базовый | F10: 3 | G10: Комфорт | H10: 2 | I10: Бизнес | J10: 2 | K10: Премиум | L10: 1 | M10: Элит
A11: 10.2 | B11: Тип лифтов | C11: — | D11: — | E11: — | F11: — | G11: — | H11: — | I11: — | J11: — | K11: — | L11: — | M11: —
C12: 0.1 | D12: 0.1 | E12: грузопассажирский (все) | F12: 0.05 | G12: грузопассажирский (все) | H12: 0.05 | I12: грузопассажирский (все) | J12: 0.05 | K12: грузопассажирский (все) | L12: 0 | M12: грузопассажирский (все)
C13: 0.05 | D13: 0.05 | E13: пассажирский + грузопассажирский (не менее 1) | F13: 0 | G13: пассажирский + грузопассажирский (не менее 1) | H13: 0 | I13: пассажирский + грузопассажирский (не менее 1) | J13: 0 | K13: пассажирский + грузопассажирский (не менее 1) | L13: 0
C14: 0 | D14: 0 | E14: пассажирский (все)
D17: 3 | E17: Базовый | F17: 3 | G17: Комфорт | H17: 2 | I17: Бизнес | J17: 3 | K17: Премиум | L17: 3 | M17: Элит
A18: 10.3 | B18: Тип сервисного лифта | C18: — | D18: — | E18: — | F18: — | G18: — | H18: — | I18: — | J18: — | K18: — | L18: — | M18: —
C19: 0.2 | D19: 0.2 | E19: сервисный - грузовой | F19: 0.2 | G19: сервисный - грузовой | H19: 0.15 | I19: сервисный - грузовой | J19: 0.1 | K19: сервисный - грузовой | L19: 0.1 | M19: сервисный - грузовой
C20: 0.15 | D20: 0.15 | E20: сервисный - грузопассажирский | F20: 0.15 | G20: сервисный - грузопассажирский | H20: 0.1 | I20: сервисный - грузопассажирский | J20: 0 | K20: сервисный - грузопассажирский | L20: 0 | M20: сервисный - грузопассажирский
C21: 0 | D21: 0 | E21: отсутствует | F21: 0.1 | G21: отсутствует | H21: 0 | I21: отсутствует | J21: 0 | L21: 0
D24: 3 | E24: Базовый | F24: 3 | G24: Комфорт | H24: 2 | I24: Бизнес | J24: 2 | K24: Премиум | L24: 2 | M24: Элит
A25: 10.4 | B25: Сервисный лифт: степень изоляции | C25: — | D25: — | E25: — | F25: — | G25: — | H25: — | I25: — | J25: — | K25: — | L25: — | M25: —
C26: 0.2 | D26: 0.2 | E26: изолированный | F26: 0.2 | G26: изолированный | H26: 0.2 | I26: изолированный | J26: 0.1 | K26: изолированный | L26: 0.05 | M26: изолированный
C27: 0.1 | D27: 0.1 | E27: постоянный сервисный режим | F27: 0.1 | G27: постоянный сервисный режим | H27: 0.1 | I27: постоянный сервисный режим | J27: 0.05 | K27: постоянный сервисный режим | L27: 0 | M27: постоянный сервисный режим
C28: 0.05 | D28: 0.05 | E28: временный сервисный режим | F28: 0.05 | G28: временный сервисный режим | H28: 0.05 | I28: временный сервисный режим | J28: 0 | K28: временный сервисный режим | L28: 0
C29: 0 | D29: 0 | E29: отсутствует | F29: 0 | G29: отсутствует | H29: 0 | I29: отсутствует | J29: 0 | L29: 0
D32: 3 | E32: Базовый | F32: 3 | G32: Комфорт | H32: 2 | I32: Бизнес | J32: 2 | K32: Премиум | L32: 2 | M32: Элит
A33: 10.5 | B33: Высота лифтовой кабины (внутренняя) | C33: — | D33: — | E33: — | F33: — | G33: — | H33: — | I33: — | J33: — | K33: — | L33: — | M33: —
C34: 0.1 | D34: 0.1 | E34: > 2 300 | F34: 0.1 | G34: > 2 400 | H34: 0.1 | I34: > 2 500 | J34: 0.1 | K34: > 2 600 | L34: 0.1 | M34: > 2 700
C35: 0.05 | D35: 0.05 | E35: 2 200 - 2 300 | F35: 0.05 | G35: 2 300 - 2 400 | H35: 0.05 | I35: 2 400 - 2 500 | J35: 0.05 | K35: 2 500 - 2 600 | L35: 0.05 | M35: 2 600 - 2 700
C36: 0 | D36: 0 | E36: < 2 200 | F36: 0 | G36: < 2 300 | H36: 0 | I36: < 2 400 | J36: 0 | K36: < 2 500 | L36: 0 | M36: < 2 600
D39: 3 | E39: Базовый | F39: 3 | G39: Комфорт | H39: 2 | I39: Бизнес | J39: 2 | K39: Премиум | L39: 2 | M39: Элит
A40: 10.6 | B40: Высота лифтовых дверей | C40: — | D40: — | E40: — | F40: — | G40: — | H40: — | I40: — | J40: — | K40: — | L40: — | M40: —
C41: 0.1 | D41: 0.1 | E41: > 2 100 | F41: 0.1 | G41: > 2 200 | H41: 0.1 | I41: > 2 200 | J41: 0.1 | K41: > 2 300 | L41: 0.1 | M41: > 2 400
C42: 0.05 | D42: 0.05 | E42: 2 000 - 2 100 | F42: 0.05 | G42: 2 100 - 2 200 | H42: 0.05 | I42: 2 100 - 2 200 | J42: 0.05 | K42: 2 200 - 2 300 | L42: 0.05 | M42: 2 300 - 2 400
C43: 0 | D43: 0 | E43: < 2 000 | F43: 0 | G43: < 2 100 | H43: 0 | I43: < 2 100 | J43: 0 | K43: < 2 200 | L43: 0 | M43: < 2 300
D46: 3 | E46: Базовый | F46: 3 | G46: Комфорт | H46: 2 | I46: Бизнес | J46: 1 | K46: Премиум | L46: 1 | M46: Элит
A47: 10.7 | B47: Наличие табло индикации местоположения лифта | C47: — | D47: — | E47: — | F47: — | G47: — | H47: — | I47: — | J47: — | K47: — | L47: — | M47: —
C48: 0.1 | D48: 0.1 | E48: на всех (включая подземный) | F48: 0.1 | G48: на всех (включая подземный) | H48: 0.07 | I48: на всех (включая подземный) | J48: 0 | K48: на всех (включая подземный) | L48: 0 | M48: на всех (включая подземный)
C49: 0.07 | D49: 0.07 | E49: на всех, кроме подземного | F49: 0.07 | G49: на всех, кроме подземного | H49: 0.05 | I49: на всех, кроме подземного
C50: 0.05 | D50: 0.05 | E50: на первом и жилых (от 9 этажей и выше) | F50: 0.05 | G50: на первом и жилых (от 9 этажей и выше) | H50: 0.02 | I50: на первом и жилых (от 9 этажей и выше)
C51: 0.02 | D51: 0.02 | E51: на первых этажах и на подземном уровне | F51: 0.02 | G51: на первых этажах и на подземном уровне | H51: 0 | I51: на первых этажах и на подземном уровне
C52: 0 | D52: 0 | E52: только на первых этажах | F52: 0 | G52: только на первых этажах | H52: 0
D55: 3 | E55: Базовый | F55: 3 | G55: Комфорт | H55: 3 | I55: Бизнес | J55: 1 | K55: Премиум | L55: 1 | M55: Элит
A56: 10.8 | B56: Уровень структурного шума (шум вызванный работой механизма) - внутри кабины / в ЛЛУ | C56: — | D56: — | E56: — | F56: — | G56: — | H56: — | I56: — | J56: — | K56: — | L56: — | M56: —
C57: 0.1 | D57: 0.1 | E57: ≤ 48 дБА в кабине / ≤ 30 дБА в ЛЛУ | F57: 0.1 | G57: ≤ 48 дБА в кабине / ≤ 30 дБА в ЛЛУ | H57: 0.05 | I57: ≤ 48 дБА в кабине / ≤ 30 дБА в ЛЛУ | J57: 0 | K57: ≤ 48 дБА в кабине / ≤ 30 дБА в ЛЛУ | L57: 0 | M57: ≤ 48 дБА в кабине / ≤ 30 дБА в ЛЛУ
C58: 0.05 | D58: 0.05 | E58: 49–52 дБА в кабине / 31–35 дБА в ЛЛУ | F58: 0.05 | G58: 49–52 дБА в кабине / 31–35 дБА в ЛЛУ | H58: 0 | I58: 49–52 дБА в кабине / 31–35 дБА в ЛЛУ
C59: 0 | D59: 0 | E59: > 52 дБА в кабине / > 35 дБА в ЛЛУ | F59: 0 | G59: > 52 дБА в кабине / > 35 дБА в ЛЛУ
D62: 3 | E62: Базовый | F62: 3 | G62: Комфорт | H62: 3 | I62: Бизнес | J62: 3 | K62: Премиум | L62: 3 | M62: Элит
A63: 10.9 | B63: Интеллектуальная система управления группой лифтов | C63: — | D63: — | E63: — | F63: — | G63: — | H63: — | I63: — | J63: — | K63: — | L63: — | M63: —
C64: 0.2 | D64: 0.2 | E64: адаптивная интеллектуальная система + интеграция с СКУД | F64: 0.2 | G64: адаптивная интеллектуальная система + интеграция с СКУД | H64: 0.2 | I64: адаптивная интеллектуальная система + интеграция с СКУД | J64: 0.2 | K64: адаптивная интеллектуальная система + интеграция с СКУД | L64: 0.2 | M64: адаптивная интеллектуальная система + интеграция с СКУД
C65: 0.1 | D65: 0.1 | E65: адаптивная интеллектуальная система | F65: 0.1 | G65: адаптивная интеллектуальная система | H65: 0.1 | I65: адаптивная интеллектуальная система | J65: 0.1 | K65: адаптивная интеллектуальная система | L65: 0.1 | M65: адаптивная интеллектуальная система
C66: 0.05 | D66: 0.05 | E66: базовая группа | F66: 0 | G66: базовая группа | H66: 0 | I66: базовая группа | J66: 0 | L66: 0
C67: 0 | D67: 0 | E67: отсутствует | H67: 0 | J67: 0 | L67: 0
A70: Раздел 11. Инженерия
D71: 3 | E71: Базовый | F71: 2 | G71: Комфорт | H71: 1 | I71: Бизнес | J71: 1 | K71: Премиум | L71: 1 | M71: Элит
A72: 11.1 | B72: Схема разводки отопления | C72: — | D72: — | E72: — | F72: — | G72: — | H72: — | I72: — | J72: — | K72: — | L72: — | M72: —
C73: 0.1 | D73: 0.1 | E73: коллекторная (лучевая) | F73: 0.1 | G73: коллекторная (лучевая) | H73: 0 | I73: коллекторная (лучевая) | J73: 0 | K73: коллекторная (лучевая) | L73: 0 | M73: коллекторная (лучевая)
C74: 0.5 | D74: 0.5 | E74: тройниковая (последовательная) | F74: 0.5 | G74: тройниковая (последовательная) | H74: 0 | J74: 0 | L74: 0
C75: 0 | D75: 0 | E75: вертикальная | F75: 0 | G75: вертикальная | H75: 0 | J75: 0 | L75: 0
D78: 3 | E78: Базовый | F78: 3 | G78: Комфорт | H78: 3 | I78: Бизнес | J78: 1 | K78: Премиум | L78: 1 | M78: Элит
A79: 11.2 | B79: Круглогодичная подача горячей воды (бесперебойное ГВС) | C79: — | D79: — | E79: — | F79: — | G79: — | H79: — | I79: — | J79: — | K79: — | L79: — | M79: —
C80: 0.1 | D80: 0.1 | E80: круглогодичная (бесперебойная) | F80: 0.1 | G80: круглогодичная (бесперебойная) | H80: 0.1 | I80: круглогодичная (бесперебойная) | J80: 0 | K80: круглогодичная (бесперебойная) | L80: 0 | M80: круглогодичная (бесперебойная)
C81: 0 | D81: 0 | E81: сезонная | F81: 0 | G81: сезонная | H81: 0 | I81: сезонная | J81: 0 | L81: 0 | M81: сезонная
D84: 3 | E84: Базовый | F84: 3 | G84: Комфорт | H84: 3 | I84: Бизнес | J84: 2 | K84: Премиум | L84: 2 | M84: Элит
A85: 11.3 | B85: Водоподготовка (фильтрация) | C85: — | D85: — | E85: — | F85: — | G85: — | H85: — | I85: — | J85: — | K85: — | L85: — | M85: —
C86: 0.1 | D86: 0.1 | E86: многоступенчатая | F86: 0.1 | G86: многоступенчатая | H86: 0.1 | I86: многоступенчатая | J86: 0.1 | K86: многоступенчатая | L86: 0.1 | M86: многоступенчатая
C87: 0 | D87: 0 | E87: базовая | F87: 0 | G87: базовая | H87: 0 | I87: базовая | J87: 0 | K87: базовая | L87: 0 | M87: базовая
D90: 3 | E90: Базовый | F90: 3 | G90: Комфорт | H90: 2 | I90: Бизнес | J90: 2 | K90: Премиум | L90: 2 | M90: Элит
A91: 11.4 | B91: Тип вентиляции (квартира) | C91: — | D91: — | E91: — | F91: — | G91: — | H91: — | I91: — | J91: — | K91: — | L91: — | M91: —
C92: 0.1 | D92: 0.1 | E92: механическая приточно-вытяжная с рекуперацией | F92: 0.1 | G92: механическая приточно-вытяжная с рекуперацией | H92: 0.1 | I92: механическая приточно-вытяжная с рекуперацией | J92: 0.02 | K92: механическая приточно-вытяжная с рекуперацией | L92: 0.02 | M92: механическая приточно-вытяжная с рекуперацией
C93: 0.05 | D93: 0.05 | E93: механическая приточно-вытяжная | F93: 0.05 | G93: механическая приточно-вытяжная | H93: 0.05 | I93: механическая приточно-вытяжная | J93: 0 | K93: механическая приточно-вытяжная | L93: 0 | M93: механическая приточно-вытяжная
C94: 0.02 | D94: 0.02 | E94: комбинированная (естественный приток, механическая вытяжка) | F94: 0.02 | G94: комбинированная (естественный приток, механическая вытяжка) | H94: 0.02 | I94: комбинированная (естественный приток, механическая вытяжка)
C95: 0 | D95: 0 | E95: естественная (гравитационная) | F95: 0 | G95: естественная (гравитационная) | H95: 0 | I95: естественная (гравитационная)
D98: 3 | E98: Базовый | F98: 3 | G98: Комфорт | H98: 2 | I98: Бизнес | J98: 2 | K98: Премиум | L98: 2 | M98: Элит
A99: 11.5 | B99: Вентиляция МОП (межквартирный коридор / лифтовый холл) | C99: — | D99: — | E99: — | F99: — | G99: — | H99: — | I99: — | J99: — | K99: — | L99: — | M99: —
C100: 0.1 | D100: 0.1 | E100: механическая приточно-вытяжная | F100: 0.1 | G100: механическая приточно-вытяжная | H100: 0.1 | I100: механическая приточно-вытяжная | J100: 0.02 | K100: механическая приточно-вытяжная | L100: 0.02 | M100: механическая приточно-вытяжная
C101: 0.05 | D101: 0.05 | E101: комбинированная (естественный приток, механическая вытяжка) | F101: 0.05 | G101: комбинированная (естественный приток, механическая вытяжка) | H101: 0.05 | I101: комбинированная (естественный приток, механическая вытяжка) | J101: 0 | K101: комбинированная (естественный приток, механическая вытяжка) | L101: 0 | M101: комбинированная (естественный приток, механическая вытяжка)
C102: 0.02 | D102: 0.02 | E102: естественная (гравитационная) | F102: 0.02 | G102: естественная (гравитационная) | H102: 0.02 | I102: естественная (гравитационная)
C103: 0 | D103: 0 | E103: отсутствует | F103: 0 | G103: отсутствует | H103: 0 | I103: отсутствует
D106: 3 | E106: Базовый | F106: 3 | G106: Комфорт | H106: 3 | I106: Бизнес | J106: 2 | K106: Премиум | L106: 2 | M106: Элит
A107: 11.6 | B107: Дополнительная фильтрация воздуха в квартире (многоступенчатая очистка приточного воздуха) | C107: — | D107: — | E107: — | F107: — | G107: — | H107: — | I107: — | J107: — | K107: — | L107: — | M107: —
C108: 0.1 | D108: 0.1 | E108: многосупенчатая | F108: 0.1 | G108: многосупенчатая | H108: 0.1 | I108: многосупенчатая | J108: 0.05 | K108: многосупенчатая | L108: 0.05 | M108: многосупенчатая
C109: 0.05 | D109: 0.05 | E109: да | F109: 0.05 | G109: да | H109: 0.05 | I109: да | J109: 0 | K109: да | L109: 0 | M109: да
C110: 0 | D110: 0 | E110: нет | F110: 0 | G110: нет | H110: 0 | I110: нет | J110: 0 | K110: нет
D113: 3 | E113: Базовый | F113: 3 | G113: Комфорт | H113: 3 | I113: Бизнес | J113: 3 | K113: Премиум | L113: 3 | M113: Элит
A114: 11.7 | B114: Тип системы кондиционирования | C114: — | D114: — | E114: — | F114: — | G114: — | H114: — | I114: — | J114: — | K114: — | L114: — | M114: —
C115: 0.1 | D115: 0.1 | E115: центральная | F115: 0.1 | G115: центральная | H115: 0.1 | I115: центральная | J115: 0.1 | K115: центральная | L115: 0.1 | M115: центральная
C116: 0 | D116: 0 | E116: индивидуальная | F116: 0 | G116: индивидуальная | H116: 0 | I116: индивидуальная | J116: 0 | K116: индивидуальная | L116: 0 | M116: индивидуальная
D119: 3 | E119: Базовый | F119: 3 | G119: Комфорт | H119: 1 | I119: Бизнес | J119: 1 | K119: Премиум | L119: 1 | M119: Элит
A120: 11.8 | B120: Тип ввода электроснабжения (фазы) | C120: — | D120: — | E120: — | F120: — | G120: — | H120: — | I120: — | J120: — | K120: — | L120: — | M120: —
C121: 0.05 | D121: 0.05 | E121: 3 фазы | F121: 0.05 | G121: 3 фазы | H121: 0 | I121: 3 фазы | J121: 0 | K121: 3 фазы | L121: 0 | M121: 3 фазы
C122: 0 | D122: 0 | E122: 1 фаза | F122: 0 | G122: 1 фаза | H122: 0 | J122: 0 | L122: 0
D125: 3 | E125: Базовый | F125: 3 | G125: Комфорт | H125: 2 | I125: Бизнес | J125: 3 | K125: Премиум | L125: 3 | M125: Элит
A126: 11.9 | B126: Аварийное (резервное) электроснабжение | C126: — | D126: — | E126: — | F126: — | G126: — | H126: — | I126: — | J126: — | K126: — | L126: — | M126: —
C127: 0.15 | D127: 0.15 | E127: два независимых ввода | F127: 0.15 | G127: два независимых ввода | H127: 0.15 | I127: два независимых ввода | J127: 0.1 | K127: два независимых ввода | L127: 0.1 | M127: два независимых ввода
C128: 0.1 | D128: 0.1 | E128: ДГУ | F128: 0.1 | G128: ДГУ | H128: 0.1 | I128: ДГУ | J128: 0.05 | K128: ДГУ | L128: 0.05 | M128: ДГУ
C129: 0.05 | D129: 0.05 | E129: ИБП | F129: 0.05 | G129: ИБП | H129: 0.05 | I129: ИБП | J129: 0 | K129: ИБП | L129: 0 | M129: ИБП
C130: 0 | D130: 0 | E130: отсутствует | F130: 0 | G130: отсутствует | H130: 0 | I130: отсутствует
D133: 3 | E133: Базовый | F133: 3 | G133: Комфорт | H133: 3 | I133: Бизнес | J133: 3 | K133: Премиум | L133: 3 | M133: Элит
A134: 11.10 | B134: Наличие диспетчеризации инженерных систем | C134: — | D134: — | E134: — | F134: — | G134: — | H134: — | I134: — | J134: — | K134: — | L134: — | M134: —
C135: 0.1 | D135: 0.1 | E135: да (с мониторингом и управлением) | F135: 0.1 | G135: да (с мониторингом и управлением) | H135: 0.05 | I135: да (с мониторингом и управлением) | J135: 0.05 | K135: да (с мониторингом и управлением) | L135: 0.05 | M135: да (с мониторингом и управлением)
C136: 0.05 | D136: 0.05 | E136: да | F136: 0.05 | G136: да | H136: 0 | I136: да | J136: 0 | K136: да | L136: 0 | M136: да
...

Sheet БЛОК5
A1: Блок V. Комфорт и отделка | O1: Ответ да / нет | P1: Ответ да / нет
A2: Раздел 13. Сервис | O2: — | P2: —
D3: 3 | E3: Базовый | F3: 3 | G3: Комфорт | H3: 2 | I3: Бизнес | J3: 2 | K3: Премиум | L3: 2 | M3: Элит | O3: да | P3: есть
A4: 13.1 | B4: Режим работы консьерж-сервиса | C4: — | D4: — | E4: — | F4: — | G4: — | H4: — | I4: — | J4: — | K4: — | L4: — | M4: — | O4: нет | P4: отсутствует
C5: 0.15 | D5: 0.15 | E5: 24/7 + персональный консьерж | F5: 0.15 | G5: 24/7 + персональный консьерж | H5: 0.1 | I5: 24/7 + персональный консьерж | J5: 0.05 | K5: 24/7 + персональный консьерж | L5: 0.02 | M5: 24/7 + персональный консьерж
C6: 0.1 | D6: 0.1 | E6: 24/7 | F6: 0.1 | G6: 24/7 | H6: 0.05 | I6: 24/7 | J6: 0.02 | K6: 24/7 | L6: 0 | M6: 24/7
C7: 0.05 | D7: 0.05 | E7: 12 часов | F7: 0.05 | G7: 12 часов | H7: 0.02 | I7: 12 часов | J7: 0 | K7: 12 часов
C8: 0.02 | D8: 0.02 | E8: 6 - 12 часов | F8: 0.02 | G8: 6 - 12 часов | H8: 0 | I8: 6 - 12 часов
C9: 0 | D9: 0 | E9: отсутствует | F9: 0 | G9: отсутствует
D12: 3 | E12: Базовый | F12: 3 | G12: Комфорт | H12: 3 | I12: Бизнес | J12: 3 | K12: Премиум | L12: 3 | M12: Элит
A13: 13.2 | B13: Тип оператора сервисной компании (гостиничный / собственный / аутсорсинг) | C13: — | D13: — | E13: — | F13: — | G13: — | H13: — | I13: — | J13: — | K13: — | L13: — | M13: —
C14: 0.2 | D14: 0.2 | E14: гостиничный оператор | F14: 0.2 | G14: гостиничный оператор | H14: 0.2 | I14: гостиничный оператор | J14: 0.2 | K14: гостиничный оператор | L14: 0.2 | M14: гостиничный оператор
C15: 0.1 | D15: 0.1 | E15: собственный | F15: 0.1 | G15: собственный | H15: 0.1 | I15: собственный | J15: 0.1 | K15: собственный | L15: 0.1 | M15: собственный
C16: 0 | D16: 0 | E16: аутсорсинг | F16: 0 | G16: аутсорсинг | H16: 0 | I16: аутсорсинг | J16: 0 | K16: аутсорсинг | L16: 0 | M16: аутсорсинг
D19: 3 | E19: Базовый | F19: 2 | G19: Комфорт | H19: 1 | I19: Бизнес | J19: 1 | K19: Премиум | L19: 1 | M19: Элит
A20: 13.3 | B20: Наличие в ЖК служебных помещений для деятельности УК (диспетчерская, бэкофис, кладовые, ПУИ, комната персонала) | C20: — | D20: — | E20: — | F20: — | G20: — | H20: — | I20: — | J20: — | K20: — | L20: — | M20: —
C21: 0.5 | D21: 0.5 | E21: да | F21: 0.5 | G21: да | H21: 0 | I21: да | J21: 0 | K21: да | L21: 0 | M21: да
C22: 0 | D22: 0 | E22: нет | F22: 0 | G22: нет
D25: 3 | E25: Базовый | F25: 3 | G25: Комфорт | H25: 2 | I25: Бизнес | J25: 1 | K25: Премиум | L25: 1 | M25: Элит
A26: 13.4 | B26: Наличие переговорных зон / помещений для жителей | C26: — | D26: — | E26: — | F26: — | G26: — | H26: — | I26: — | J26: — | K26: — | L26: — | M26: —
C27: 0.1 | D27: 0.1 | E27: да | F27: 0.1 | G27: да | H27: 0.1 | I27: да | J27: 0 | K27: да | L27: 0 | M27: да
C28: 0 | D28: 0 | E28: нет | F28: 0 | G28: нет | H28: 0 | I28: нет | J28: 0
D31: 3 | E31: Базовый | F31: 2 | G31: Комфорт | H31: 1 | I31: Бизнес | J31: 1 | K31: Премиум | L31: 1 | M31: Элит
A32: 13.5 | B32: Наличие приложения для резидентов | C32: — | D32: — | E32: — | F32: — | G32: — | H32: — | I32: — | J32: — | K32: — | L32: — | M32: —
C33: 0.1 | D33: 0.1 | E33: да | F33: 0.1 | G33: да | H33: 0 | I33: да | J33: 0 | K33: да | L33: 0 | M33: да
C34: 0 | D34: 0 | E34: нет | F34: 0 | G34: нет | H34: 0 | J34: 0
D37: 3 | E37: Базовый | F37: 3 | G37: Комфорт | H37: 3 | I37: Бизнес | J37: 3 | K37: Премиум | L37: 3 | M37: Элит
A38: 13.6 | B38: Интеграция с «умным домом» | C38: — | D38: — | E38: — | F38: — | G38: — | H38: — | I38: — | J38: — | K38: — | L38: — | M38: —
C39: 0.1 | D39: 0.1 | E39: полная | F39: 0.1 | G39: полная | H39: 0.1 | I39: полная | J39: 0.1 | K39: полная | L39: 0.1 | M39: полная
C40: 0.05 | D40: 0.05 | E40: расширенная | F40: 0.05 | G40: расширенная | H40: 0.05 | I40: расширенная | J40: 0.05 | K40: расширенная | L40: 0.05 | M40: расширенная
C41: 0.02 | D41: 0.02 | E41: базовая | F41: 0.02 | G41: базовая | H41: 0.02 | I41: базовая | J41: 0.02 | K41: базовая | L41: 0.02 | M41: базовая
C42: 0 | D42: 0 | E42: отсутствует | F42: 0 | G42: отсутствует | H42: 0 | I42: отсутствует | J42: 0 | K42: отсутствует | L42: 0 | M42: отсутствует
D45: 3 | E45: Базовый | F45: 3 | G45: Комфорт | H45: 3 | I45: Бизнес | J45: 2 | K45: Премиум | L45: 2 | M45: Элит
A46: 13.7 | B46: Сервис доставки | C46: — | D46: — | E46: — | F46: — | G46: — | H46: — | I46: — | J46: — | K46: — | L46: — | M46: —
C47: 0.1 | D47: 0.1 | E47: полный | F47: 0.1 | G47: полный | H47: 0.05 | I47: полный | J47: 0.02 | K47: полный | L47: 0.02 | M47: полный
C48: 0.05 | D48: 0.05 | E48: расширенный | F48: 0.05 | G48: расширенный | H48: 0.02 | I48: расширенный | J48: 0 | K48: расширенный | L48: 0 | M48: расширенный
C49: 0.02 | D49: 0.02 | E49: начальный | F49: 0.02 | G49: начальный | H49: 0 | I49: начальный
C50: 0 | D50: 0 | E50: отсутствует | F50: 0 | G50: отсутствует
D53: 3 | E53: Базовый | F53: 3 | G53: Комфорт | H53: 2 | I53: Бизнес | J53: 1 | K53: Премиум | L53: 1 | M53: Элит
A54: 13.8 | B54: Управление общими пространствами | C54: — | D54: — | E54: — | F54: — | G54: — | H54: — | I54: — | J54: — | K54: — | L54: — | M54: —
C55: 0.1 | D55: 0.1 | E55: полный | F55: 0.1 | G55: полный | H55: 0.05 | I55: полный | J55: 0 | K55: полный | L55: 0 | M55: полный
C56: 0.05 | D56: 0.05 | E56: расширенный | F56: 0.05 | G56: расширенный | H56: 0.02 | I56: расширенный
C57: 0.02 | D57: 0.02 | E57: начальный | F57: 0.02 | G57: начальный | H57: 0 | I57: начальный
C58: 0 | D58: 0 | E58: отсутствует | F58: 0 | G58: отсутствует
A61: Раздел 14. Отделка
A62: Раздел 14.1. МОП
D63: 3 | E63: Базовый | F63: 3 | G63: Комфорт | H63: 3 | I63: Бизнес | J63: 2 | K63: Премиум | L63: 2 | M63: Элит
B64: Материал покрытия пола | D64: 3 | E64: 3 | F64: 3 | G64: 3 | H64: 2 | I64: 2 | J64: 1 | K64: 1 | L64: 1 | M64: 1
B65: Материал отделки стен | D65: 3 | E65: 3 | F65: 3 | G65: 3 | H65: 2 | I65: 2 | J65: 1 | K65: 1 | L65: 1 | M65: 1
B66: Формат отделочных материалов | D66: 3 | E66: 3 | F66: 3 | G66: 3 | H66: 2 | I66: 2 | J66: 1 | K66: 1 | L66: 1 | M66: 1
B67: Тип потолков | D67: 3 | E67: 3 | F67: 3 | G67: 3 | H67: 2 | I67: 2 | J67: 1 | K67: 1 | L67: 1 | M67: 1
B68: Навигация | D68: 3 | E68: 3 | F68: 2 | G68: 2 | H68: 1 | I68: 1 | J68: 1 | K68: 1 | L68: 1 | M68: 1
B69: Интеграция инженерных ниш в отделку МОП (скрытые люки / в цвет стены / открытые) | D69: 3 | E69: 3 | F69: 3 | G69: 3 | H69: 2 | I69: 2 | J69: 1 | K69: 1 | L69: 1 | M69: 1
A81: Раздел 13.2. Паркинг
B82: Отделка паркинга (в увязке с МОП / типовая / отсутствует) | D82: 3 | E82: 3 | F82: 3 | G82: 3 | H82: 2 | I82: 2 | J82: 1 | K82: 1 | L82: 1 | M82: 1
B83: Покрытие пола (места проезда / хранения авто) | D83: 3 | E83: 3 | F83: 3 | G83: 3 | H83: 2 | I83: 2 | J83: 1 | K83: 1 | L83: 1 | M83: 1
B84: Отделка пола (рампа) | D84: 3 | E84: 3 | F84: 3 | G84: 3 | H84: 2 | I84: 2 | J84: 1 | K84: 1 | L84: 1 | M84: 1
B85: Уровень освещения (базовый / достаточный / высокий) | D85: 3 | E85: 3 | F85: 3 | G85: 3 | H85: 2 | I85: 2 | J85: 1 | K85: 1 | L85: 1 | M85: 1
B86: Наличие декоративных элементов в паркинге (арт-объекты / графика / нестандартное освещение) | D86: 3 | E86: 3 | F86: 3 | G86: 3 | H86: 3 | I86: 3 | J86: 2 | K86: 2 | L86: 2 | M86: 2
B87: Отделка входной группы паркинга как части велком-пространства ЖК | D87: 3 | E87: 3 | F87: 3 | G87: 3 | H87: 3 | I87: 3 | J87: 2 | K87: 2 | L87: 2 | M87: 2
A88: Раздел 13.3. Квартира
B89: Виды предлагаемой отделки квартир (без отделки / White box / чистовая) | D89: 3 | E89: 3 | F89: 3 | G89: 3 | H89: 3 | I89: 3 | J89: 3 | K89: 3 | L89: 3 | M89: 3
B90: % распределение квартир с отделкой | D90: 3 | E90: 3 | F90: 3 | G90: 3 | H90: 3 | I90: 3 | J90: 3 | K90: 3 | L90: 3 | M90: 3
A91: Раздел 13.4. Кладовые
B92: Ограждение кладовых (сетка / кладка до потолка / комбинированное) | D92: 3 | E92: 3 | F92: 3 | G92: 3 | H92: 2 | I92: 2 | J92: 1 | K92: 1 | L92: 1 | M92: 1
B93: Материал покрытия пола | D93: 3 | E93: 3 | F93: 3 | G93: 3 | H93: 3 | I93: 3 | J93: 3 | K93: 3 | L93: 3 | M93: 3
B94: Материал отделки стен | D94: 3 | E94: 3 | F94: 3 | G94: 3 | H94: 3 | I94: 3 | J94: 3 | K94: 3 | L94: 3 | M94: 3
B95: Оснащение кладовых | D95: 3 | E95: 3 | F95: 3 | G95: 3 | H95: 3 | I95: 3 | J95: 3 | K95: 3 | L95: 3 | M95: 3
B96: Тип двери кладовой | D96: 3 | E96: 3 | F96: 3 | G96: 3 | H96: 3 | I96: 3 | J96: 3 | K96: 3 | L96: 3 | M96: 3
N526: 0,2 м2 на кварт. и более
N527: от 0,1 до 0,2 м2 на кварт. | O527: =300*0.05 -> 15
N528: менее 0,1 м2 на кварт.
N530: нет

Sheet Расшитый классификатор (2)
A1: № new | B1: № old | C1: Параметр | D1: Бал | E1: Базовый | G1: Комфорт | I1: Бизнес | K1: Премиум | M1: Элит | O1: ● | P1: классообразующий
A2: Блок I. Территория и окружение | O2: ■ | P2: можно компенсировать
A3: Раздел 1. Транспортная доступность | O3: ♦ | P3: опционально
A4: 1.1 | B4: 1.1. | C4: Время пути до ключевых точек притяжения города (деловой центр, образовательные кластеры) в час-пик, мин | E4: ♦ | G4: ♦ | I4: ♦ | K4: ■ | M4: ●
A5: 1.1.1 | C5: города федерального значения | D5: 0.1 | E5: 3 | F5: < 45 мин | G5: 3 | H5: < 45 мин | I5: 3 | J5: < 35 мин | K5: 2 | L5: < 25 мин | M5: 1 | N5: < 15 мин | P5: Ранее не было корректировки на тип города. Параметр ранее был бальный. ЦА в высоком сегменте чувствительна к локации и окружению
D6: 0.05 | F6: 45 - 65 мин | H6: 45 - 65 мин | J6: 35 - 55 мин | L6: 25 - 45 мин
D7: 0 | F7: > 65 мин | H7: > 65 мин | J7: > 55 мин | L7: > 45 мин
A8: 1.1.2 | C8: города - миллионики ( > 1 млн. жителей) | D8: 0.1 | E8: 3 | F8: < 40 мин | G8: 3 | H8: < 40 мин | I8: 3 | J8: < 30 мин | K8: 2 | L8: < 20 мин | M8: 1 | N8: < 10 мин
D9: 0.05 | F9: 40 - 60 мин | H9: 40 - 60 мин | J9: 30 - 50 мин | L9: 20 - 40 мин
D10: 0 | F10: > 60 мин | H10: > 60 мин | J10: > 50 мин | L10: > 40 мин
A11: 1.1.3 | C11: крупные города (250 тыс. - 1 млн. жителей) | D11: 0.1 | E11: 3 | F11: < 30 мин | G11: 3 | H11: < 30 мин | I11: 3 | J11: < 25 мин | K11: 2 | L11: < 15 мин | M11: 1 | N11: < 10 мин
D12: 0.05 | F12: 30 - 50 мин | H12: 30 - 50 мин | J12: 25 - 45 мин | L12: 15 - 35 мин
D13: 0 | F13: > 50 мин | H13: > 50 мин | J13: > 45 мин | L13: > 35 мин
A14: 1.1.4 | C14: малые ( < 250 тыс. жителей) | D14: 0.1 | E14: 3 | F14: < 20 мин | G14: 3 | H14: < 20 мин | I14: 3 | J14: < 15 мин | K14: 2 | L14: < 10 мин | M14: 1 | N14: < 5 мин
D15: 0.05 | F15: 20 - 40 мин | H15: 20 - 40 мин | J15: < 25 мин | L15: 20 - 30 мин
D16: 0 | F16: > 40 мин | H16: > 40 мин | J16: > 35 мин | L16: > 30 мин
A17: 1.2 | B17: 1.1. | C17: Обеспеченность общественным транспортом в час - пик | E17: ♦ | G17: ♦ | I17: ♦ | K17: ■ | M17: ●
A18: 1.2.1 | C18: города федерального значения | D18: 0.1 | E18: 3 | F18: ≥ 2 вида ≥ 3 маршрута инт. ≤ 15 мин | G18: 3 | H18: ≥ 2 вида ≥ 3 маршрута инт. ≤ 15 мин | I18: 3 | J18: ≥ 3 вида ≥ 4 маршрута инт. ≤ 10 мин | K18: 2 | L18: ≥ 4 вида ≥ 5 маршрута инт. ≤ 7 мин | M18: 1 | N18: ≥ 4 вида ≥ 5 маршрута инт. ≤ 6 мин
D19: 0.05 | F19: ≥ 2 вида ≥ 2 маршрута инт. ≤ 20 мин | H19: ≥ 2 вида ≥ 2 маршрута инт. ≤ 20 мин | J19: ≥ 3 вида ≥ 3 маршрута инт. ≤ 12 мин | L19: ≥ 4 вида ≥ 4 маршрута инт. ≤ 8 мин
D20: 0 | F20: < 2 вида или инт. > 20 мин | H20: < 2 вида или инт. > 20 мин | J20: < 3 вида или инт. > 12 мин | L20: < 4 вида или инт. > 8 мин
A21: 1.2.2 | C21: города - миллионики ( > 1 млн. жителей) | D21: 0.1 | E21: 3 | F21: ≥ 2 вида ≥ 3 маршрута инт. ≤ 15 мин | G21: 3 | H21: ≥ 2 вида ≥ 3 маршрута инт. ≤ 15 мин | I21: 3 | J21: ≥ 3 вида ≥ 4 маршрута инт. ≤ 10 мин | K21: 2 | L21: ≥ 4 вида ≥ 5 маршрута инт. ≤ 7 мин | M21: 1 | N21: ≥ 4 вида ≥ 5 маршрута инт. ≤ 6 мин
D22: 0.05 | F22: ≥ 2 вида ≥ 2 маршрута инт. ≤ 20 мин | H22: ≥ 2 вида ≥ 2 маршрута инт. ≤ 20 мин | J22: ≥ 3 вида ≥ 3 маршрута инт. ≤ 12 мин | L22: ≥ 4 вида ≥ 4 маршрута инт. ≤ 8 мин
D23: 0 | F23: < 2 вида или инт. > 20 мин | H23: < 2 вида или инт. > 20 мин | J23: < 3 вида или инт. > 12 мин | L23: < 4 вида или инт. > 8 мин
A24: 1.2.3 | C24: крупные города (250 тыс. - 1 млн. жителей) | D24: 0.1 | E24: 3 | F24: ≥ 2 вида ≥ 2 маршрута инт. ≤ 15 мин | G24: 3 | H24: ≥ 2 вида ≥ 2 маршрута инт. ≤ 15 мин | I24: 3 | J24: ≥ 3 вида ≥ 3 маршрута инт. ≤ 10 мин | K24: 2 | L24: ≥ 3 вида ≥ 4 маршрута инт. ≤ 7 мин | M24: 1 | N24: ≥ 3 вида ≥ 5 маршрута инт. ≤ 5 мин
D25: 0.05 | F25: ≥ 2 вида ≥ 2 маршрута инт. ≤ 20 мин | H25: ≥ 2 вида ≥ 2 маршрута инт. ≤ 20 мин | J25: ≥ 3 вида ≥ 3 маршрута инт. ≤ 12 мин | L25: ≥ 3 вида ≥ 3 маршрута инт. ≤ 8 мин
D26: 0 | F26: < 2 вида или инт. > 20 мин | H26: < 2 вида или инт. > 20 мин | J26: < 3 вида или инт. > 12 мин | L26: < 3 вида или инт. > 8 мин
A27: 1.2.4 | C27: малые ( < 250 тыс. жителей) | D27: 0.1 | E27: 3 | F27: ≥ 2 вида ≥ 2 маршрута инт. ≤ 15 мин | G27: 3 | H27: ≥ 2 вида ≥ 2 маршрута инт. ≤ 15 мин | I27: 3 | J27: ≥ 2 вида ≥ 3 маршрута инт. ≤ 10 мин | K27: 2 | L27: ≥ 3 вида ≥ 3 маршруа инт. ≤ 7 мин | M27: 1 | N27: ≥ 3 вида ≥ 4 маршрута инт. ≤ 5 мин
D28: 0.05 | F28: ≥ 2 вида ≥ 2 маршрута инт. ≤ 20 мин | H28: ≥ 2 вида ≥ 2 маршрута инт. ≤ 20 мин | J28: ≥ 2 вида ≥ 2 маршрута инт. ≤ 12 мин | L28: ≥ 3 вида ≥ 3 маршрута инт. ≤ 8 мин
D29: 0 | F29: < 2 вида или инт. > 20 мин | H29: < 2 вида или инт. > 20 мин | J29: < 2 вида или инт. > 12 мин | L29: < 3 вида или инт. > 8 мин
A30: Раздел 2. Инфраструктура для автомобилистов
A31: 2.1 | C31: Наличие паркинга | D31: 0.1 | E31: 3 | F31: да | G31: 3 | H31: да | I31: 1 | J31: да | K31: 1 | L31: да | M31: 1 | N31: да | P31: Ранее данные параметры отсутствовали, но они являются для высоких сегменов - классоформирущими, для массового сегмента - повышающие качество окружающей среды
D32: 0 | F32: нет | H32: нет
A33: 2.2 | C33: Тип паркинга | D33: 0.2 | E33: 3 | F33: подземный | G33: 3 | H33: подземный | I33: 1 | J33: подземный | K33: 1 | L33: подземный | M33: 1 | N33: подземный
D34: 0.1 | F34: многоуровневый | H34: многоуровневый
D35: 0 | F35: отсутствует /плоскостной | H35: отсутствует /плоскостной
A36: 2.3 | B36: 1.2 | C36: Коэффициент обеспеченности м/м на 1 квартиру (все виды паркинга) | D36: 0.1 | E36: 3 | F36: > 0,5 | G36: 3 | H36: > 0,5 | I36: 2 | J36: > 0,8 | K36: 2 | L36: > 1,0 | M36: 2 | N36: > 1,2 | P36: Ранее данный критерий был блокирующим, но тогда он может идти вразрез с сущ.пол. ЗУ (ограничен по площади застройки, невозможно уйти вглубь), документацией на ЗУ (превышение данного показателя может привести к перезаходу на ГЗК).
D37: 0.05 | F37: 0,2 - 0,5 | H37: 0,2 - 0,5 | J37: 0,5 - 0,8 | L37: 0,8 - 1,0 | N37: 1,0 - 1,2
D38: 0 | F38: 0 - 0,2 | H38: 0 - 0,2 | J38: 0,2 - 0,5 | L38: 0,5 - 0,8 | N38: 0,8 - 1,0
A39: 2.4 | C39: Доля зависимых машиномест | D39: 0.1 | E39: 3 | F39: < 15% | G39: 3 | H39: < 10% | I39: 3 | J39: < 10% | K39: 2 | L39: < 5% | M39: 1 | N39: < 5% | P39: Данного параметра ранее не было, но он также является классоформирующим для высоких сегментов
D40: 0.05 | F40: 15% - 30% | H40: 10% - 20% | J40: 10% - 15% | L40: 5% - 10%
D41: 0 | F41: > 30% | H41: > 20% | J41: > 15% | L41: > 10%
A42: 2.5 | B42: 1.14 | C42: Коэффициент обеспеченности м/м с электрозарядкой (выделенная зона согласно требованиям МЧС) | D42: 0.3 | E42: 3 | F42: все | G42: 3 | H42: все | I42: 3 | J42: все | K42: 3 | L42: все | M42: 3 | N42: все
D43: 0.2 | F43: > 0,1 | H43: > 0,1 | J43: > 0,1 | L43: > 0,1 | N43: > 0,1
D44: 0.1 | F44: 0,03 - 0,1 | H44: 0,03 - 0,1 | J44: 0,03 - 0,1 | L44: 0,03 - 0,1 | N44: 0,03 - 0,1
D45: 0.05 | F45: 0,02 - 0,03 | H45: 0,02 - 0,03 | J45: 0,02 - 0,03 | L45: 0,02 - 0,03 | N45: 0,02 - 0,03
D46: 0 | F46: 0 - 0,02 | H46: 0 - 0,02 | J46: 0,01 - 0,02 | L46: 0,01 - 0,02 | N46: 0,01 - 0,02
A47: 2.6 | C47: Высота паркинга. Место хранения авто (от уровня чистого пола до низа выступающих коммуникаций) | D47: 0.1 | E47: 3 | F47: > 2 300 | G47: 3 | H47: > 2 300 | I47: 2 | J47: > 2 500 | K47: 2 | L47: > 2 500 | M47: 2 | N47: > 2 500 | P47: Добавила параметр, так как жителю важно сами параметры м/м (габариты, высота) - комфорт пользования
D48: 0.05 | F48: 2 100 - 2 300 | H48: 2 100 - 2 300 | J48: 2 400 - 2 500 | L48: 2 400 - 2 500 | N48: 2 400 - 2 500
D49: 0 | F49: < 2 100 | H49: < 2 100 | J49: < 2 400 | L49: < 2 400 | N49: < 2 400
A50: 2.7 | B50: 1.6 | C50: Высота паркинга. Место проезда (от уровня чистого пола до низа выступающих коммуникаций) | D50: 0.1 | E50: 3 | F50: > 2 800 | G50: 3 | H50: > 2 800 | I50: 2 | J50: > 3 000 | K50: 2 | L50: > 3 000 | M50: 2 | N50: > 3 000
D51: 0.05 | F51: 2 500 - 2 800 | H51: 2 500 - 2 800 | J51: 2 800 - 3 000 | L51: 2 800 - 3 000 | N51: 2 800 - 3 000
D52: 0 | F52: < 2 500 | H52: < 2 500 | J52: < 2 800 | L52: < 2 800 | N52: < 2 800
A53: 2.8 | C53: Высота паркинга. Рампа (от уровня чистого пола до низа перекрытия) | D53: 0.1 | E53: 3 | F53: > 2 800 | G53: 3 | H53: > 3 200 | I53: 2 | J53: > 3 500 | K53: 2 | L53: > 3 800 | M53: 2 | N53: > 3 800 | P53: Добавила параметр, так как именно он в первую очередь определяет возможность заезда авто
D54: 0.05 | F54: 2 500 - 2 800 | H54: 2 700 - 3 200 | J54: 3 200 - 3 500 | L54: 3 500 - 3 800 | N54: 3 500 - 3 800
D55: 0 | F55: < 2 500 | H55: < 2 500 | J55: < 3 200 | L55: < 3 500 | N55: < 3 500
A56: 2.9 | B56: 1.3 | C56: Вертикальная связь подземной части с жилыми этажами | D56: 0.1 | E56: 3 | F56: все | G56: 3 | H56: все | I56: 1 | J56: все | K56: 1 | L56: все | M56: 1 | N56: все | P56: Опуск лифтов в подземную часть - гигиенический минимум, который не влечет за собой глобальное увеличение затрат
D57: 0.05 | F57: хотя бы 1 грузовой лифт | H57: хотя бы 1 грузовой лифт
D58: 0 | F58: нет | H58: нет
A59: 2.10 | B59: 1.5 | C59: Ширина въезда в паркинг (ворота) | D59: 0.1 | E59: 3 | F59: > 4 000 | G59: 3 | H59: > 4 000 | I59: 3 | J59: > 4 000 | K59: 3 | L59: > 4 000 | M59: 3 | N59: > 4 000
D60: 0.05 | F60: 3 500 - 4 000 | H60: 3 500 - 4 000 | J60: 3 500 - 4 000 | L60: 3 500 - 4 000 | N60: 3 500 - 4 000
D61: 0 | F61: < 3 500 | H61: < 3 500 | J61: < 3 500 | L61: < 3 500 | N61: < 3 500
A62: 2.11 | B62: 1.9 | C62: Доля м/м для автомобилей большого / представительского класса | D62: 0.2 | E62: 3 | F62: > 30% | G62: 3 | H62: > 30% | I62: 3 | J62: > 30% | K62: 2 | L62: > 30% | M62: 1 | N62: ≥ 10% | P62: Внесла корректировку только для элит сегмента, ранее был бальный. Учитывая ЦА - наличие увеличенных м/м - гигиенический минимум
D63: 0.1 | F63: 10% - 30% | H63: 10% - 30% | J63: 10% - 30% | L63: 10% - 30%
D64: 0.05 | F64: < 10% | H64: < 10% | J64: < 10% | L64: 5 - 10%
D65: 0 | F65: нет | H65: нет | J65: нет | L65: < 5%
A66: 2.12 | B66: 1.15 | C66: Обеспечение беспрепятственного проезда автомобилей с низким клиренсом по рампе | D66: 0.05 | E66: - | F66: - | G66: - | H66: - | I66: 3 | J66: да | K66: 3 | L66: да | M66: 3 | N66: да
D67: 0 | J67: нет | L67: нет | N67: нет | P67: добавить минимальные габариты м/м от премиалки
A68: 2.13 | B68: 1.10 | C68: Температурный режим в подземном паркинге (только для I - III климатических поясов ) | D68: 0.2 | E68: 3 | F68: поддерживается от +15 | G68: 3 | H68: поддерживается от +15 | I68: 2 | J68: поддерживается от +15 | K68: 2 | L68: поддерживается от +15 | M68: 2 | N68: поддерживается от +15
D69: 0.05 | F69: поддерживается от +3 | H69: поддерживается от +3 | J69: поддерживается от +3 | L69: поддерживается от +3 | N69: поддерживается от +3
D70: 0 | F70: не поддерживается | H70: не поддерживается | J70: не поддерживается | L70: не поддерживается | N70: не поддерживается
A71: 2.14 | B71: 1.11 | C71: Автомойка в подземном паркинге | D71: 0.1 | E71: 3 | F71: все авто | G71: 3 | H71: все авто | I71: 3 | J71: все авто | K71: 3 | L71: все авто | M71: 3 | N71: все авто | P71: не совсем понятно, о каком типе мойке идет речь: коммерческая или встроенная ф-ия
D72: 0.05 | F72: только колеса | H72: только колеса | J72: только колеса | L72: только колеса | N72: только колеса
D73: 0 | F73: нет | H73: нет | J73: нет | L73: нет | N73: нет
A74: 2.15 | B74: 1.12 | C74: Автосервис в подземном паркинге | D74: 0.05 | E74: 3 | F74: нет | G74: 3 | H74: нет | I74: 3 | J74: нет | K74: 3 | L74: нет | M74: 3 | N74: нет
D75: 0 | F75: да | H75: да | J75: да | L75: да | N75: да
A76: 2.16 | B76: 1.14 | C76: Выделенная зона разгрузки в подземном паркинге | D76: 0.1 | E76: 3 | F76: да | G76: 3 | H76: да | I76: 1 | J76: да | K76: 1 | L76: да | M76: 1 | N76: да | P76: зона разгрузки - гигиенический минимум, который обеспечивает комфорт и сохранность общедомового имущество. В совокупности с наличием сервисного лифта в особенности
D77: 0 | F77: нет | H77: нет
A78: 2.17 | B78: 1.13 | C78: Шкаф за м/м | D78: 0.05 | E78: 3 | F78: да | G78: 3 | H78: да | I78: 3 | J78: да | K78: 3 | L78: да | M78: 3 | N78: да
D79: 0 | F79: нет | H79: нет | J79: нет | L79: нет | N79: нет
A80: 2.18 | B80: 1.16 | C80: Комната для водителей / личной охраны | D80: 0.05 | E80: - | F80: - | G80: - | H80: - | I80: 3 | J80: да | K80: 3 | L80: да | M80: 3 | N80: да
D81: 0 | J81: нет | L81: нет | N81: нет
A82: 2.19 | B82: 1.17 | C82: Valet-паркинг | D82: 0.05 | E82: - | F82: - | G82: - | H82: - | I82: 3 | J82: да | K82: 3 | L82: да | M82: 3 | N82: да
D83: 0 | J83: нет | L83: нет | N83: нет
A84: Раздел 3. Инфраструктура для велосипедистов
A85: 3.1 | C85: Уровень интеграции веломаршрута во внешнюю велосеть | D85: 0.2 | E85: 3 | F85: интегрированный + изолированный | G85: 3 | H85: интегрированный + изолированный | I85: 3 | J85: интегрированный + изолированный | K85: 3 | L85: интегрированный + изолированный | M85: 3 | N85: интегрированный + изолированный | P85: интегрированный + изолированный | Q85: Соединяется с городом, полностью отделен от пешеходов и машин
D86: 0.1 | F86: интегрированный | H86: интегрированный | J86: интегрированный | L86: интегрированный | N86: интегрированный | P86: интегрированный | Q86: беспрерывный маршрут, соединяется с городской велосетью
D87: 0.05 | F87: внутренний | H87: внутренний | J87: внутренний | L87: внутренний | N87: внутренний | P87: внутренний | Q87: дорожка без выхода в город
D88: 0 | F88: отсутствует | H88: отсутствует | J88: отсутствует | L88: отсутствует | N88: отсутствует | P88: отсутствует | Q88: велодорожек нет
A89: 3.2 | C89: Обеспеченность велопарковочными местами (шт. на 1 квартиру) | D89: 0.1 | E89: 3 | F89: > 0,3 | G89: 3 | H89: > 0,5 | I89: 3 | J89: > 0,6 | K89: 3 | L89: > 0,6 | M89: 3 | N89: > 0,6 | P89: Обсудить данные значения
D90: 0.05 | F90: 0,2 - 0,3 | H90: 0,25 - 0,5 | J90: 0,3 - 0,6 | L90: 0,3 - 0,6 | N90: 0,3 - 0,6
D91: 0 | F91: < 0,2 | H91: < 0,25 | J91: < 0,3 | L91: < 0,3 | N91: < 0,3
A92: 3.3 | C92: Крытые/защищенные велопарковки | D92: 0.1 | E92: 3 | F92: выделенное отдельное помещение | G92: 3 | H92: выделенное отдельное помещение | I92: 3 | J92: выделенное отдельное помещение | K92: 3 | L92: выделенное отдельное помещение | M92: 3 | N92: выделенное отдельное помещение
D93: 0.05 | F93: зона на подземном либо первом этажах | H93: зона на подземном либо первом этажах | J93: зона на подземном либо первом этажах | L93: зона на подземном либо первом этажах | N93: зона на подземном либо первом этажах
D94: 0 | F94: отсутствует | H94: отсутствует | J94: отсутствует | L94: отсутствует | N94: отсутствует
A95: 3.4 | C95: Наличие сервисной зоны для обслуживания велосипедов (мойка, подкачка, мелкий ремонт) | D95: 0.05 | E95: 3 | F95: да | G95: 3 | H95: да | I95: 3 | J95: да | K95: 3 | L95: да | M95: 3 | N95: да
D96: 0 | F96: нет | H96: нет | J96: нет | L96: нет | N96: нет
A97: 3.5 | C97: Наличие велопарковок у жилых подъездов (не далее 30–50 м от входа) | D97: 0.05 | E97: 3 | F97: да | G97: 3 | H97: да | I97: 3 | J97: да | K97: 3 | L97: да | M97: 3 | N97: да
D98: 0 | F98: нет | H98: нет | J98: нет | L98: нет | N98: нет
A99: 3.6 | C99: Наличие велопарковок у коммерческих помещений (не далее 30–50 м от входа) | D99: 0.05 | E99: 3 | F99: да | G99: 3 | H99: да | I99: 3 | J99: да | K99: 3 | L99: да | M99: 3 | N99: да
D100: 0 | F100: нет | H100: нет | J100: нет | L100: нет | N100: нет
...

Sheet Расшитый классификатор
A1: № new | B1: № old | C1: Параметр | D1: Бал | E1: Значение | F1: Доступный | H1: Комфорт | J1: Бизнес | L1: Премиум | N1: Элит | P1: ● | Q1: классообразующий
A2: Блок I. Территория и окружение | P2: ■ | Q2: можно компенсировать
A3: Раздел 1. Транспортная доступность | P3: ♦ | Q3: опционально
A4: 1.1 | B4: 1.1. | C4: Время пути до ключевых точек притяжения города (деловой центр, образовательные кластеры) в час-пик, мин | F4: ♦ | H4: ♦ | J4: ♦ | L4: ■ | N4: ■ // ●
A5: 1.1.1 | C5: города федерального значения | D5: 1 | E5: высокий | F5: 3 | G5: < 45 мин | H5: 3 | I5: < 45 мин | J5: 3 | K5: < 35 мин | L5: 2 | M5: < 25 мин | N5: 1 | O5: < 15 мин | Q5: Ранее не было корректировки на тип города. Параметр ранее был бальный. ЦА в высоком сегменте чувствительна к локации и окружению
D6: 0.2 | E6: средний | G6: 45 - 65 мин | I6: 45 - 65 мин | K6: 35 - 55 мин | M6: 25 - 45 мин
D7: 0 | E7: низкий | G7: > 65 мин | I7: > 65 мин | K7: > 55 мин | M7: > 45 мин
A8: 1.1.2 | C8: города - миллионики ( > 1 млн. жителей) | D8: 1 | E8: высокий | F8: 3 | G8: < 40 мин | H8: 3 | I8: < 40 мин | J8: 3 | K8: < 30 мин | L8: 2 | M8: < 20 мин | N8: 1 | O8: < 10 мин
D9: 0.2 | E9: средний | G9: 40 - 60 мин | I9: 40 - 60 мин | K9: 30 - 50 мин | M9: 20 - 40 мин
D10: 0 | E10: низкий | G10: > 60 мин | I10: > 60 мин | K10: > 50 мин | M10: > 40 мин
A11: 1.1.3 | C11: крупные города (250 тыс. - 1 млн. жителей) | D11: 1 | E11: высокий | F11: 3 | G11: < 30 мин | H11: 3 | I11: < 30 мин | J11: 3 | K11: < 25 мин | L11: 2 | M11: < 15 мин | N11: 2 | O11: < 10 мин
D12: 0.2 | E12: средний | G12: 30 - 50 мин | I12: 30 - 50 мин | K12: 25 - 45 мин | M12: 15 - 35 мин | O12: 10 - 25 мин
D13: 0 | E13: низкий | G13: > 50 мин | I13: > 50 мин | K13: > 45 мин | M13: > 35 мин | O13: > 25 мин
A14: 1.1.4 | C14: малые ( < 250 тыс. жителей) | D14: 1 | E14: высокий | F14: 3 | G14: < 20 мин | H14: 3 | I14: < 20 мин | J14: 3 | K14: < 15 мин | L14: 2 | M14: < 10 мин | N14: 2 | O14: < 5 мин
D15: 0.2 | E15: средний | G15: 20 - 40 мин | I15: 20 - 40 мин | K15: < 25 мин | M15: 20 - 30 мин | O15: 5 - 20 мин
D16: 0 | E16: низкий | G16: > 40 мин | I16: > 40 мин | K16: > 35 мин | M16: > 30 мин | O16: > 20 мин
A17: 1.2. | B17: 1.1. | C17: Обеспеченность общественным транспортом в час - пик | F17: ♦ | H17: ♦ | J17: ♦ | L17: ■ | N17: ■ // ●
A18: 1.2.1 | C18: города федерального значения | D18: 1 | E18: высокий | F18: 3 | G18: ≥ 2 вида ≥ 3 маршрута инт. ≤ 15 мин | H18: 3 | I18: ≥ 2 вида ≥ 3 маршрута инт. ≤ 15 мин | J18: 3 | K18: ≥ 3 вида ≥ 4 маршрута инт. ≤ 10 мин | L18: 2 | M18: ≥ 4 вида ≥ 5 маршрута инт. ≤ 7 мин | N18: 1 | O18: ≥ 4 вида ≥ 5 маршрута инт. ≤ 6 мин
D19: 0.2 | E19: средний | G19: ≥ 2 вида ≥ 2 маршрута инт. ≤ 20 мин | I19: ≥ 2 вида ≥ 2 маршрута инт. ≤ 20 мин | K19: ≥ 3 вида ≥ 3 маршрута инт. ≤ 12 мин | M19: ≥ 4 вида ≥ 4 маршрута инт. ≤ 8 мин
D20: 0 | E20: низкий | G20: < 2 вида или инт. > 20 мин | I20: < 2 вида или инт. > 20 мин | K20: < 3 вида или инт. > 12 мин | M20: < 4 вида или инт. > 8 мин
A21: 1.2.2 | C21: города - миллионики ( > 1 млн. жителей) | D21: 1 | E21: высокий | F21: 3 | G21: ≥ 2 вида ≥ 3 маршрута инт. ≤ 15 мин | H21: 3 | I21: ≥ 2 вида ≥ 3 маршрута инт. ≤ 15 мин | J21: 3 | K21: ≥ 3 вида ≥ 4 маршрута инт. ≤ 10 мин | L21: 2 | M21: ≥ 4 вида ≥ 5 маршрута инт. ≤ 7 мин | N21: 1 | O21: ≥ 4 вида ≥ 5 маршрута инт. ≤ 6 мин
D22: 0.2 | E22: средний | G22: ≥ 2 вида ≥ 2 маршрута инт. ≤ 20 мин | I22: ≥ 2 вида ≥ 2 маршрута инт. ≤ 20 мин | K22: ≥ 3 вида ≥ 3 маршрута инт. ≤ 12 мин | M22: ≥ 4 вида ≥ 4 маршрута инт. ≤ 8 мин
D23: 0 | E23: низкий | G23: < 2 вида или инт. > 20 мин | I23: < 2 вида или инт. > 20 мин | K23: < 3 вида или инт. > 12 мин | M23: < 4 вида или инт. > 8 мин
A24: 1.2.3 | C24: крупные города (250 тыс. - 1 млн. жителей) | D24: 1 | E24: высокий | F24: 3 | G24: ≥ 2 вида ≥ 2 маршрута инт. ≤ 15 мин | H24: 3 | I24: ≥ 2 вида ≥ 2 маршрута инт. ≤ 15 мин | J24: 3 | K24: ≥ 3 вида ≥ 3 маршрута инт. ≤ 10 мин | L24: 2 | M24: ≥ 3 вида ≥ 4 маршрута инт. ≤ 7 мин | N24: 2 | O24: ≥ 3 вида ≥ 5 маршрута инт. ≤ 5 мин
D25: 0.2 | E25: средний | G25: ≥ 2 вида ≥ 2 маршрута инт. ≤ 20 мин | I25: ≥ 2 вида ≥ 2 маршрута инт. ≤ 20 мин | K25: ≥ 3 вида ≥ 3 маршрута инт. ≤ 12 мин | M25: ≥ 3 вида ≥ 3 маршрута инт. ≤ 8 мин | O25: ≥ 3 вида ≥ 4 маршрута инт. ≤ 6 мин
D26: 0 | E26: низкий | G26: < 2 вида или инт. > 20 мин | I26: < 2 вида или инт. > 20 мин | K26: < 3 вида или инт. > 12 мин | M26: < 3 вида или инт. > 8 мин | O26: < 3 вида или инт. > 6 мин
A27: 1.2.4 | C27: малые ( < 250 тыс. жителей) | D27: 1 | E27: высокий | F27: 3 | G27: ≥ 2 вида ≥ 2 маршрута инт. ≤ 15 мин | H27: 3 | I27: ≥ 2 вида ≥ 2 маршрута инт. ≤ 15 мин | J27: 3 | K27: ≥ 2 вида ≥ 3 маршрута инт. ≤ 10 мин | L27: 2 | M27: ≥ 3 вида ≥ 3 маршруа инт. ≤ 7 мин | N27: 2 | O27: ≥ 3 вида ≥ 4 маршрута инт. ≤ 5 мин
D28: 0.2 | E28: средний | G28: ≥ 2 вида ≥ 2 маршрута инт. ≤ 20 мин | I28: ≥ 2 вида ≥ 2 маршрута инт. ≤ 20 мин | K28: ≥ 2 вида ≥ 2 маршрута инт. ≤ 12 мин | M28: ≥ 3 вида ≥ 3 маршрута инт. ≤ 8 мин | O28: ≥ 3 вида ≥ 3 маршрута инт. ≤ 6 мин
D29: 0 | E29: низкий | G29: < 2 вида или инт. > 20 мин | I29: < 2 вида или инт. > 20 мин | K29: < 2 вида или инт. > 12 мин | M29: < 3 вида или инт. > 8 мин | O29: < 3 вида или инт. > 6 мин
A30: Раздел 2. Инфраструктура для автомобилистов
A31: 2.1 | C31: Наличие паркинга | D31: 0.1 | F31: 3 | G31: да | H31: 1 | I31: да | J31: 1 | K31: да | L31: 1 | M31: да | N31: 1 | O31: да | Q31: Ранее данные параметры отсутствовали, но они являются для высоких сегменов - классоформирущими, для массового сегмента - повышающие качество окружающей среды
D32: 0 | G32: нет
A33: 2.2 | C33: Тип паркинга | D33: 0.2 | F33: 3 | G33: подземный | H33: 3 | I33: подземный | J33: 1 | K33: подземный | L33: 1 | M33: подземный | N33: 1 | O33: подземный
D34: 0.1 | G34: многоуровневый | I34: многоуровневый
D35: 0 | G35: плоскостной | I35: плоскостной
D36: 0 | G36: отсутствует
A37: 2.3 | B37: 1.2 | C37: Коэффициент обеспеченности м/м на 1 квартиру (все виды паркинга) | D37: 0.1 | F37: 3 | G37: > 0,5 | H37: 2 | I37: > 0,5 | J37: 2 | K37: > 0,8 | L37: 2 | M37: > 1,0 | N37: 2 | O37: > 1,2 | Q37: Ранее данный критерий был блокирующим, но тогда он может идти вразрез с сущ.пол. ЗУ (ограничен по площади застройки, невозможно уйти вглубь), документацией на ЗУ (превышение данного показателя может привести к перезаходу на ГЗК).
D38: 0 | G38: 0,2 - 0,5 | I38: 0,2 - 0,5 | K38: 0,5 - 0,8 | M38: 0,8 - 1,0 | O38: 1,0 - 1,2
D39: 0 | G39: < 0,2 | I39: < 0,2 | K39: < 0,5 | M39: < 0,8 | O39: < 1,0
A40: 2.4 | B40: 1.14 | C40: Коэффициент обеспеченности м/м с электрозарядкой (выделенная зона согласно требованиям МЧС) | D40: 0.3 | F40: 3 | G40: все | H40: 3 | I40: все | J40: 3 | K40: все | L40: 3 | M40: все | N40: 3 | O40: все
D41: 0.2 | G41: > 0,1 | I41: > 0,1 | K41: > 0,1 | M41: > 0,1 | O41: > 0,1
D42: 0.1 | G42: 0,03 - 0,1 | I42: 0,03 - 0,1 | K42: 0,03 - 0,1 | M42: 0,03 - 0,1 | O42: 0,03 - 0,1
D43: 0.05 | G43: 0,02 - 0,03 | I43: 0,02 - 0,03 | K43: 0,02 - 0,03 | M43: 0,02 - 0,03 | O43: 0,02 - 0,03
D44: 0 | G44: < 0,02 | I44: < 0,02 | K44: < 0,02 | M44: < 0,02 | O44: < 0,02
A45: 2.5 | C45: % зависимых м/м | D45: 0.1 | F45: 3 | G45: < 15% | H45: 3 | I45: < 10% | J45: 3 | K45: < 10% | L45: 2 | M45: < 5% | N45: 1 | O45: < 5% | Q45: Данного параметра ранее не было, но он также является классоформирующим для высоких сегментов
D46: 0.05 | G46: 15% - 30% | I46: 10% - 20% | K46: 10% - 15% | M46: 5% - 10%
D47: 0 | G47: > 30% | I47: > 20% | K47: > 15% | M47: > 10%
A48: 2.6 | C48: Высота паркинга. Место хранения авто (от уровня чистого пола до низа выступающих коммуникаций) | D48: 0.05 | F48: 3 | G48: > 2 300 | H48: 3 | I48: > 2 300 | J48: 2 | K48: > 2 500 | L48: 2 | M48: > 2 500 | N48: 2 | O48: > 2 500 | Q48: Добавила параметр, так как жителю важно сами параметры м/м (габариты, высота) - комфорт пользования
D49: 0 | G49: 2 200 - 2 300 | I49: 2 200 - 2 300 | K49: 2 400 - 2 500 | M49: 2 400 - 2 500 | O49: 2 400 - 2 500
A50: 2.7 | B50: 1.6 | C50: Высота паркинга. Место проезда (от уровня чистого пола до низа выступающих коммуникаций) | D50: 0.2 | F50: 3 | G50: > 2 800 | H50: 3 | I50: > 2 800 | J50: 2 | K50: > 3 000 | L50: 2 | M50: > 3 000 | N50: 2 | O50: > 3 000
D51: 0.1 | G51: 2 500 - 2 800 | I51: 2 500 - 2 800 | K51: 2 800 - 3 000 | M51: 2 800 - 3 000 | O51: 2 800 - 3 000
D52: 0 | G52: < 2 500 | I52: < 2 500 | K52: < 2 800 | M52: < 2 800 | O52: < 2 800
A53: 2.8 | C53: Высота паркинга. Строительная высота паркинга (от уровня чистого пола до низа перекрытия) | D53: 0.2 | F53: 3 | G53: > 2 800 | H53: 3 | I53: > 3 200 | J53: 2 | K53: > 3 500 | L53: 2 | M53: > 3 800 | N53: 2 | O53: > 3 800 | Q53: Добавила параметр, так как именно он в первую очередь определяет возможность заезда авто
D54: 0.1 | G54: 2 500 - 2 800 | I54: 2 700 - 3 200 | K54: 3 200 - 3 500 | M54: 3 500 - 3 800 | O54: 3 500 - 3 800
D55: 0 | G55: <2 500 | I55: <2 700 | K55: <3 200 | M55: <3 500 | O55: <3 500
A56: 2.9 | B56: 1.3 | C56: Вертикальная связь подземной части с жилыми этажами | D56: 0.1 | F56: 3 | G56: все | H56: 2 | I56: все | J56: 1 | K56: все | L56: 1 | M56: все | N56: 1 | O56: все | Q56: Опуск лифтов в подземную часть - гигиенический минимум, который не влечет за собой глобальное увеличение затрат
D57: 0 | G57: хотя бы 1 грузовой лифт | I57: хотя бы 1 грузовой лифт
D58: 0 | G58: нет | I58: нет
A59: 2.10 | B59: 1.5 | C59: Ширина въезда в паркинг (ворота) | D59: 0.2 | F59: 3 | G59: > 4 000 | H59: 3 | I59: > 4 000 | J59: 3 | K59: > 4 000 | L59: 3 | M59: > 4 000 | N59: 3 | O59: > 4 000
D60: 0.1 | G60: 3 500 - 4 000 | I60: 3 500 - 4 000 | K60: 3 500 - 4 000 | M60: 3 500 - 4 000 | O60: 3 500 - 4 000
D61: 0 | G61: < 3 500 | I61: < 3 500 | K61: < 3 500 | M61: < 3 500 | O61: < 3 500
A62: 2.11 | B62: 1.9 | C62: Доля м/м для автомобилей большого / представительского класса | D62: 0.2 | F62: 3 | G62: > 30% | H62: 3 | I62: > 30% | J62: 3 | K62: > 30% | L62: 3 | M62: > 30% | N62: 1 | O62: ≥ 10% | Q62: Внесла корректировку только для элит сегмента, ранее был бальный. Учитывая ЦА - наличие увеличенных м/м - гигиенический минимум
D63: 0.1 | G63: 10% - 30% | I63: 10% - 30% | K63: 10% - 30% | M63: 10% - 30%
D64: 0.05 | G64: < 10% | I64: < 10% | K64: < 10% | M64: < 10%
D65: 0 | G65: нет | I65: нет | K65: нет | M65: нет
A66: 2.12 | B66: 1.15 | C66: Обеспечение беспрепятственного проезда автомобилей с низким клиренсом по рампе | D66: 0.05 | F66: - | G66: - | H66: - | I66: - | J66: 3 | K66: да | L66: 3 | M66: да | N66: 3 | O66: да
D67: 0 | K67: нет | M67: нет | O67: нет
A68: 2.13 | B68: 1.10 | C68: Температурный режим в подземном паркинге (только для I - III климатических поясов ) | D68: 0.2 | F68: 3 | G68: поддерживается от +15 | H68: 2 | I68: поддерживается от +15 | J68: 2 | K68: поддерживается от +15 | L68: 2 | M68: поддерживается от +15 | N68: 2 | O68: поддерживается от +15
D69: 0.05 | G69: поддерживается от +3 | I69: поддерживается от +3 | K69: поддерживается от +3 | M69: поддерживается от +3 | O69: поддерживается от +3
D70: 0 | G70: не поддерживается | I70: не поддерживается | K70: не поддерживается | M70: не поддерживается | O70: не поддерживается
A71: 2.14 | B71: 1.11 | C71: Автомойка в подземном паркинге | D71: 0.1 | F71: 3 | G71: все авто | H71: 3 | I71: все авто | J71: 3 | K71: все авто | L71: 3 | M71: все авто | N71: 3 | O71: все авто | Q71: не совсем понятно, о каком типе мойке идет речь: коммерческая или встроенная ф-ия
D72: 0.05 | G72: только колеса | I72: только колеса | K72: только колеса | M72: только колеса | O72: только колеса
D73: 0 | G73: нет | I73: нет | K73: нет | M73: нет | O73: нет
A74: 2.15 | B74: 1.12 | C74: Автосервис на подземном паркинге | D74: 0.05 | F74: 3 | G74: нет | H74: 3 | I74: нет | J74: 3 | K74: нет | L74: 3 | M74: нет | N74: 3 | O74: нет
D75: 0 | G75: да | I75: да | K75: да | M75: да | O75: да
A76: 2.16 | B76: 1.14 | C76: Выделенная зона разгрузки в подземном паркинге | D76: 0.1 | F76: 3 | G76: да | H76: 3 | I76: да | J76: 1 | K76: да | L76: 1 | M76: да | N76: 1 | O76: да | Q76: зона разгрузки - гигиенический минимум, который обеспечивает комфорт и сохранность общедомового имущество. В совокупности с наличием сервисного лифта в особенности
D77: 0 | G77: нет | I77: нет
A78: 2.17 | B78: 1.13 | C78: Шкаф за м/м | D78: 0.05 | F78: 3 | G78: да | H78: 3 | I78: да | J78: 3 | K78: да | L78: 3 | M78: да | N78: 3 | O78: да
D79: 0 | G79: нет | I79: нет | K79: нет | M79: нет | O79: нет
A80: 2.18 | B80: 1.16 | C80: Комната для водителей / личной охраны | D80: 0.05 | J80: 3 | K80: да | L80: 3 | M80: да | N80: 3 | O80: да
D81: 0 | K81: нет | M81: нет | O81: нет
A82: 2.19 | B82: 1.17 | C82: Valet-паркинг | D82: 0.05 | J82: 3 | K82: да | L82: 3 | M82: да | N82: 3 | O82: да
D83: 0 | K83: нет | M83: нет | O83: нет
A84: Раздел 3. Инфраструктура для велосипедистов
A85: 3.1 | C85: Уровень интеграции веломаршрута во внешнюю велосеть | D85: 0.2 | F85: 3 | G85: интегрированный + изолированный | H85: 3 | I85: интегрированный + изолированный | J85: 3 | K85: интегрированный + изолированный | L85: 3 | M85: интегрированный + изолированный | N85: 3 | O85: интегрированный + изолированный | Q85: интегрированный + изолированный | R85: Соединяется с городом, полностью отделен от пешеходов и машин
D86: 0.1 | G86: интегрированный | I86: интегрированный | K86: интегрированный | M86: интегрированный | O86: интегрированный | Q86: интегрированный | R86: беспрерывный маршрут, соединяется с городской велосетью
D87: 0.05 | G87: внутренний | I87: внутренний | K87: внутренний | M87: внутренний | O87: внутренний | Q87: внутренний | R87: дорожка без выхода в город
D88: 0 | G88: отсутствует | I88: отсутствует | K88: отсутствует | M88: отсутствует | O88: отсутствует | Q88: отсутствует | R88: велодорожек нет
A89: 3.2 | C89: Обеспеченность велопарковочными местами (шт. на 1 квартиру) | D89: 0.1 | F89: 3 | G89: > 0,3 | H89: 3 | I89: > 0,5 | J89: 3 | K89: > 0,6 | L89: 3 | M89: > 0,6 | N89: 3 | O89: > 0,6 | Q89: Обсудить данные значения
D90: 0.05 | G90: 0,2 - 0,3 | I90: 0,25 - 0,5 | K90: 0,3 - 0,6 | M90: 0,3 - 0,6 | O90: 0,3 - 0,6
D91: 0 | G91: < 0,2 | I91: < 0,25 | K91: < 0,3 | M91: < 0,3 | O91: < 0,3
A92: 3.3 | C92: Крытые/защищенные велопарковки | D92: 0.1 | F92: 3 | G92: выделенное отдельное помещение | H92: 3 | I92: выделенное отдельное помещение | J92: 3 | K92: выделенное отдельное помещение | L92: 3 | M92: выделенное отдельное помещение | N92: 3 | O92: выделенное отдельное помещение
D93: 0.05 | G93: зона на подземном либо первом этажах | I93: зона на подземном либо первом этажах | K93: зона на подземном либо первом этажах | M93: зона на подземном либо первом этажах | O93: зона на подземном либо первом этажах
D94: 0 | G94: отсутствует | I94: отсутствует | K94: отсутствует | M94: отсутствует | O94: отсутствует
A95: 3.4 | C95: Наличие сервисной зоны для обслуживания велосипедов (мойка, подкачка, мелкий ремонт) | D95: 0.05 | F95: 3 | G95: да | H95: 3 | I95: да | J95: 3 | K95: да | L95: 3 | M95: да | N95: 3 | O95: да
D96: 0 | G96: нет | I96: нет | K96: нет | M96: нет | O96: нет
A97: 3.5 | C97: Наличие велопарковок у жилых подъездов (не более 30–50 м от входа) | D97: 0.05 | F97: 3 | G97: да | H97: 3 | I97: да | J97: 3 | K97: да | L97: 3 | M97: да | N97: 3 | O97: да
D98: 0 | G98: нет | I98: нет | K98: нет | M98: нет | O98: нет
A99: 3.6 | C99: Наличие велопарковок у коммерческих помещений (не более 30–50 м от входа) | D99: 0.05 | F99: 3 | G99: да | H99: 3 | I99: да | J99: 3 | K99: да | L99: 3 | M99: да | N99: 3 | O99: да
D100: 0 | G100: нет | I100: нет | K100: нет | M100: нет | O100: нет
...

Sheet Лист1
A1: Высота потолков квартир (от плиты до плиты) | B1: Класс
B2: эконом | C2: комфорт | D2: бизнес | E2: элитный
A3: менее 2,6 м | B3: 0.050939664 | C3: 0.024708718 | D3: 0.0024875622 | E3: 0.0023310023
A4: от 2,6 до 2,8 м | B4: 0.82888229 | C4: 0.7306147 | D4: 0.33996683 | E4: 0.15850816
A5: от 2,8 до 3 м | B5: 0.087042532 | C5: 0.17215749 | D5: 0.37313433 | E5: 0.25174825
A6: более 3 м | B6: 0.033135509 | C6: 0.072519084 | D6: 0.28441128 | E6: 0.58741259
A7: Общий итог | B7: 1 | C7: 1 | D7: 1 | E7: 1
A10: Высота потолка в паркинге до коммуникаций (от плиты до плиты) | B10: Класс
B11: эконом | C11: комфорт | D11: бизнес | E11: элитный
A12: нет подземного паркинга | B12: 0.85509397 | C12: 0.66030534 | D12: 0.21393035 | E12: 0.14452214
A13: до 2,7 метров | B13: 0.12957468 | C13: 0.27601446 | D13: 0.64759536 | E13: 0.69230769
A14: от 2,71 до 3 метров | B14: 0.0079129575 | C14: 0.037163519 | D14: 0.078772803 | E14: 0.088578089
A15: более 3 метров | B15: 0.0074183976 | C15: 0.026516673 | D15: 0.059701493 | E15: 0.074592075
A16: Общий итог | B16: 1 | C16: 1 | D16: 1 | E16: 1
A19: Количество машиномест в доме, в отдельностоящем здании или на земельном участке на 1 квартиру | B19: Класс
B20: эконом | C20: комфорт | D20: бизнес | E20: элитный
A21: нет | B21: 0.043026706 | C21: 0.026315789 | D21: 0.0099502488 | E21: 0.0046620047
A22: менее 0,2 | B22: 0.2462908 | C22: 0.17316191 | D22: 0.099502488 | E22: 0.058275058
A23: от 0,2 до 0,5 | B23: 0.43422354 | C23: 0.43591804 | D23: 0.35655058 | E23: 0.2004662
A24: от 0,5 до 1 | B24: 0.2363996 | C24: 0.31116914 | D24: 0.4013267 | E24: 0.36130536
A25: более 1 | B25: 0.040059347 | C25: 0.053435115 | D25: 0.13266998 | E25: 0.37529138
A26: Общий итог | B26: 1 | C26: 1 | D26: 1 | E26: 1
